Workbook

Sheet OS
D1: Obra | E1: Bancos | G1: B.D.I. | J1: Encargos Sociais
D2: REVITALIZAÇÃO LAGOA DO SAPO (ETAPA 1) | E2: SINAPI - 01/2026 - Mato Grosso do Sul ORSE - 12/2025 - Sergipe SEINFRA - 028 - Ceará CPOS/CDHU - 01/2026 - São Paulo FDE - 10/2025 - São Paulo AGESUL - 06/2025 - Mato Grosso do Sul | G2: =BDI!D20 -> 0.2413 | J2: Não Desonerado: Horista: 113,34% Mensalista: 70,31%
A3: Orçamento Sintético
A4: Item | B4: Código | C4: Banco | D4: Descrição | E4: Und | F4: Quant. | G4: Valor Unit | H4: Valor Unit com BDI | I4: Total | J4: Total com BDI | K4: Peso (%)
A5: 1 | D5: ADMINISTRAÇÃO LOCAL | F5: =IF(B5="","",MC!D5) | H5: =IF(B5="","",TRUNC(G5+(G5*$G$2),2)) | I5: =SUM(I6:I7) -> 22293.6 | J5: =SUM(J6:J7) -> 27672 | K5: =J5/$H$161 -> 0.027406221
A6: 1.1 | B6: 90780 | C6: SINAPI | D6: MESTRE DE OBRAS COM ENCARGOS COMPLEMENTARES | E6: H | F6: =IF(B6="","",MC!D6) -> 120 | G6: 44.28 | H6: =IF(B6="","",TRUNC(G6+(G6*$G$2),2)) -> 54.96 | I6: =F6*G6 -> 5313.6 | J6: =F6*H6 -> 6595.2 | K6: =J6/$H$161 -> 0.0065318557
A7: 1.2 | B7: 90777 | C7: SINAPI | D7: ENGENHEIRO CIVIL DE OBRA JUNIOR COM ENCARGOS COMPLEMENTARES | E7: H | F7: =IF(B7="","",MC!D7) -> 120 | G7: 141.5 | H7: =IF(B7="","",TRUNC(G7+(G7*$G$2),2)) -> 175.64 | I7: =F7*G7 -> 16980 | J7: =F7*H7 -> 21076.8 | K7: =J7/$H$161 -> 0.020874365
A8: 2 | D8: SERVIÇOS PRELIMINARES | F8: =IF(B8="","",MC!D8) | H8: =IF(B8="","",TRUNC(G8+(G8*$G$2),2)) | I8: =SUM(I9:I15) -> 42892.943 | J8: =SUM(J9:J15) -> 53237.833 | K8: =J8/$H$161 -> 0.052726504
A9: 2.1 | B9: 0101001101 | C9: AGESUL | D9: PLACA DE OBRA EM CHAPA GALVANIZADA N. 22, ADESIVADA | E9: m² | F9: =IF(B9="","",MC!D9) -> 4,5 | G9: 508.06 | H9: =IF(B9="","",TRUNC(G9+(G9*$G$2),2)) -> 630.65 | I9: =F9*G9 -> 2286.27 | J9: =F9*H9 -> 2837.925 | K9: =J9/$H$161 -> 0.0028106678
A10: 2.2 | B10: 73672 | C10: SINAPI | D10: DESMATAMENTO E LIMPEZA MECANIZADA DE TERRENO COM ARVORES ATE Ø 15CM, UTILIZANDO TRATOR DE ESTEIRAS | E10: m² | F10: =IF(B10="","",MC!D10) -> 1.765,02 | G10: 0.55 | H10: =IF(B10="","",TRUNC(G10+(G10*$G$2),2)) -> 0.68 | I10: =F10*G10 -> 970.761 | J10: =F10*H10 -> 1200.2136 | K10: =J10/$H$161 -> 0.001188686
A11: 2.3 | B11: 93207 | C11: SINAPI | D11: EXECUÇÃO DE ESCRITÓRIO EM CANTEIRO DE OBRA EM CHAPA DE MADEIRA COMPENSADA, NÃO INCLUSO MOBILIÁRIO E EQUIPAMENTOS. AF_02/2016 | E11: m² | F11: =IF(B11="","",MC!D11) -> 5,0 | G11: 1068.42 | H11: =IF(B11="","",TRUNC(G11+(G11*$G$2),2)) -> 1326.22 | I11: =F11*G11 -> 5342.1 | J11: =F11*H11 -> 6631.1 | K11: =J11/$H$161 -> 0.0065674108
A12: 2.4 | B12: 98531 | C12: SINAPI | D12: CORTE RASO E RECORTE DE ÁRVORE COM DIÂMETRO DE TRONCO MAIOR OU IGUAL A 0,60 M. AF_03/2024 | E12: UN | F12: =IF(B12="","",MC!D12) -> 34,0 | G12: 408.85 | H12: =IF(B12="","",TRUNC(G12+(G12*$G$2),2)) -> 507.5 | I12: =F12*G12 -> 13900.9 | J12: =F12*H12 -> 17255 | K12: =J12/$H$161 -> 0.017089272
A13: 2.5 | B13: 93208 | C13: SINAPI | D13: EXECUÇÃO DE ALMOXARIFADO EM CANTEIRO DE OBRA EM CHAPA DE MADEIRA COMPENSADA, INCLUSO PRATELEIRAS. AF_02/2016 | E13: m² | F13: =IF(B13="","",MC!D13) -> 5,0 | G13: 860.93 | H13: =IF(B13="","",TRUNC(G13+(G13*$G$2),2)) -> 1068.67 | I13: =F13*G13 -> 4304.65 | J13: =F13*H13 -> 5343.35 | K13: =J13/$H$161 -> 0.0052920292
A14: 2.6 | B14: 93210 | C14: SINAPI | D14: EXECUÇÃO DE REFEITÓRIO EM CANTEIRO DE OBRA EM CHAPA DE MADEIRA COMPENSADA, NÃO INCLUSO MOBILIÁRIO E EQUIPAMENTOS. AF_02/2016 | E14: m² | F14: =IF(B14="","",MC!D14) -> 5,0 | G14: 624.27 | H14: =IF(B14="","",TRUNC(G14+(G14*$G$2),2)) -> 774.9 | I14: =F14*G14 -> 3121.35 | J14: =F14*H14 -> 3874.5 | K14: =J14/$H$161 -> 0.0038372869
A15: 2.7 | B15: 99059 | C15: SINAPI | D15: LOCAÇÃO CONVENCIONAL DE OBRA, UTILIZANDO GABARITO DE TÁBUAS CORRIDAS PONTALETADAS A CADA 2,00M - 2 UTILIZAÇÕES. AF_03/2024 | E15: M | F15: =IF(B15="","",MC!D15) -> 201,6 | G15: 64.32 | H15: =IF(B15="","",TRUNC(G15+(G15*$G$2),2)) -> 79.84 | I15: =F15*G15 -> 12966.912 | J15: =F15*H15 -> 16095.744 | K15: =J15/$H$161 -> 0.015941151
A16: 3 | D16: DEMOLIÇÃO E MOVIMENTAÇÃO DE TERRA | F16: =IF(B16="","",MC!D16) | H16: =IF(B16="","",TRUNC(G16+(G16*$G$2),2)) | I16: =I17+I22 -> 104566.13 | J16: =J17+J22 -> 129762.02 | K16: =J16/$H$161 -> 0.12851571
A17: 3.1 | D17: CALÇADAS | F17: =IF(B17="","",MC!D17) | H17: =IF(B17="","",TRUNC(G17+(G17*$G$2),2)) | I17: =SUM(I18:I21) -> 84168.788 | J17: =SUM(J18:J21) -> 104451.69 | K17: =J17/$H$161 -> 0.10344847
A18: 3.1.1 | B18: 104790 | C18: SINAPI | D18: DEMOLIÇÃO DE PISO DE CONCRETO SIMPLES, DE FORMA MECANIZADA COM MARTELETE, SEM REAPROVEITAMENTO. AF_09/2023 | E18: m³ | F18: =IF(B18="","",MC!D18) -> 154.7805 | G18: 112.67 | H18: =IF(B18="","",TRUNC(G18+(G18*$G$2),2)) -> 139.85 | I18: =F18*G18 -> 17439.119 | J18: =F18*H18 -> 21646.053 | K18: =J18/$H$161 -> 0.021438151
A19: 3.1.2 | B19: Composição Própria 017 | C19: Próprio | D19: RETIRADA DE GRADIL E ALAMBRADO | E19: M² | F19: =IF(B19="","",MC!D19) -> 624,4 | G19: 35.88 | H19: =IF(B19="","",TRUNC(G19+(G19*$G$2),2)) -> 44.53 | I19: =F19*G19 -> 22403.472 | J19: =F19*H19 -> 27804.532 | K19: =J19/$H$161 -> 0.02753748
A20: 3.1.3 | B20: 0401001126 | C20: AGESUL | D20: ATERRO MANUAL EM CAMADAS DE 20 CM, UMIDECIDAS E FORTEMENTE APILOADAS, COM AQUISICAO DE TERRA | E20: m³ | F20: =IF(B20="","",MC!D20) -> 311.01 | G20: 132.59 | H20: =IF(B20="","",TRUNC(G20+(G20*$G$2),2)) -> 164.58 | I20: =F20*G20 -> 41236.816 | J20: =F20*H20 -> 51186.026 | K20: =J20/$H$161 -> 0.050694404
A21: 3.1.4 | B21: 100577 | C21: SINAPI | D21: REGULARIZAÇÃO E COMPACTAÇÃO DE SUBLEITO DE SOLO PREDOMINANTEMENTE ARENOSO, PARA OBRAS DE CONSTRUÇÃO DE PAVIMENTOS. AF_09/2024 | E21: m² | F21: =IF(B21="","",MC!D21) -> 2073.41 | G21: 1.49 | H21: =IF(B21="","",TRUNC(G21+(G21*$G$2),2)) -> 1.84 | I21: =F21*G21 -> 3089.3809 | J21: =F21*H21 -> 3815.0744 | K21: =J21/$H$161 -> 0.0037784321
A22: 3.2 | D22: RUA | F22: =IF(B22="","",MC!D22) | H22: =IF(B22="","",TRUNC(G22+(G22*$G$2),2)) | I22: =SUM(I23:I25) -> 20397.345 | J22: =SUM(J23:J25) -> 25310.336 | K22: =J22/$H$161 -> 0.02506724
A23: 3.2.1 | B23: 97636 | C23: SINAPI | D23: DEMOLIÇÃO PARCIAL DE PAVIMENTO ASFÁLTICO, DE FORMA MECANIZADA, SEM REAPROVEITAMENTO. AF_09/2023 | E23: m² | F23: =IF(B23="","",MC!D23) -> 467,17 | G23: 22.54 | H23: =IF(B23="","",TRUNC(G23+(G23*$G$2),2)) -> 27.97 | I23: =F23*G23 -> 10530.012 | J23: =F23*H23 -> 13066.745 | K23: =J23/$H$161 -> 0.012941244
A24: 3.2.2 | B24: 0401001126 | C24: AGESUL | D24: ATERRO MANUAL EM CAMADAS DE 20 CM, UMIDECIDAS E FORTEMENTE APILOADAS, COM AQUISICAO DE TERRA | E24: m³ | F24: =IF(B24="","",MC!D24) -> 69,17 | G24: 132.59 | H24: =IF(B24="","",TRUNC(G24+(G24*$G$2),2)) -> 164.58 | I24: =F24*G24 -> 9171.2503 | J24: =F24*H24 -> 11383.999 | K24: =J24/$H$161 -> 0.01127466
A25: 3.2.3 | B25: 100577 | C25: SINAPI | D25: REGULARIZAÇÃO E COMPACTAÇÃO DE SUBLEITO DE SOLO PREDOMINANTEMENTE ARENOSO, PARA OBRAS DE CONSTRUÇÃO DE PAVIMENTOS. AF_09/2024 | E25: m² | F25: =IF(B25="","",MC!D25) -> 467,17 | G25: 1.49 | H25: =IF(B25="","",TRUNC(G25+(G25*$G$2),2)) -> 1.84 | I25: =F25*G25 -> 696.0833 | J25: =F25*H25 -> 859.5928 | K25: =J25/$H$161 -> 0.00085133674
A26: 4 | D26: INFRAESTRUTURA | F26: =IF(B26="","",MC!D26) | H26: =IF(B26="","",TRUNC(G26+(G26*$G$2),2)) | I26: =I27+I30 -> 0 | J26: =J27+J30 -> 0 | K26: =J26/$H$161 -> 0
A27: 4.1 | D27: ESTACA TRAVADA | F27: =IF(B27="","",MC!D27) | H27: =IF(B27="","",TRUNC(G27+(G27*$G$2),2)) | I27: =SUM(I28:I29) -> 0 | J27: =SUM(J28:J29) -> 0 | K27: =J27/$H$161 -> 0
A28: 4.1.1 | B28: 100657 | C28: SINAPI | D28: ESTACA PRÉ-MOLDADA DE CONCRETO SEÇÃO QUADRADA, CAPACIDADE DE 50 TONELADAS, INCLUSO EMENDA (EXCLUSIVE MOBILIZAÇÃO E DESMOBILIZAÇÃO). AF_12/2019 | E28: M | F28: =IF(B28="","",MC!D28) -> 0 | G28: 158.94 | H28: =IF(B28="","",TRUNC(G28+(G28*$G$2),2)) -> 197.29 | I28: =F28*G28 -> 0 | J28: =F28*H28 -> 0 | K28: =J28/$H$161 -> 0
A29: 4.1.2 | B29: 95601 | C29: SINAPI | D29: ARRASAMENTO MECANICO DE ESTACA DE CONCRETO ARMADO, DIAMETROS DE ATÉ 40 CM. AF_05/2021 | E29: UN | F29: =IF(B29="","",MC!D29) -> 0 | G29: 9.13 | H29: =IF(B29="","",TRUNC(G29+(G29*$G$2),2)) -> 11.33 | I29: =F29*G29 -> 0 | J29: =F29*H29 -> 0 | K29: =J29/$H$161 -> 0
A30: 4.2 | D30: BLOCO DE COROAMENTO | F30: =IF(B30="","",MC!D30) | H30: =IF(B30="","",TRUNC(G30+(G30*$G$2),2)) | I30: =SUM(I31:I39) -> 0 | J30: =SUM(J31:J39) -> 0 | K30: =J30/$H$161 -> 0
A31: 4.2.1 | B31: 96523 | C31: SINAPI | D31: ESCAVAÇÃO MANUAL PARA BLOCO DE COROAMENTO OU SAPATA (INCLUINDO ESCAVAÇÃO PARA COLOCAÇÃO DE FÔRMAS). AF_01/2024 | E31: m³ | F31: =IF(B31="","",MC!D31) -> 0 | G31: 98.67 | H31: =IF(B31="","",TRUNC(G31+(G31*$G$2),2)) -> 122.47 | I31: =F31*G31 -> 0 | J31: =F31*H31 -> 0 | K31: =J31/$H$161 -> 0
A32: 4.2.2 | B32: 96534 | C32: SINAPI | D32: FABRICAÇÃO, MONTAGEM E DESMONTAGEM DE FÔRMA PARA BLOCO DE COROAMENTO, EM MADEIRA SERRADA, E=25 MM, 4 UTILIZAÇÕES. AF_01/2024 | E32: m² | F32: =IF(B32="","",MC!D32) -> 0 | G32: 73.08 | H32: =IF(B32="","",TRUNC(G32+(G32*$G$2),2)) -> 90.71 | I32: =F32*G32 -> 0 | J32: =F32*H32 -> 0 | K32: =J32/$H$161 -> 0
A33: 4.2.3 | B33: 96617 | C33: SINAPI | D33: LASTRO DE CONCRETO MAGRO, APLICADO EM BLOCOS DE COROAMENTO OU SAPATAS, ESPESSURA DE 3 CM. AF_01/2024 | E33: m² | F33: =IF(B33="","",MC!D33) -> 0 | G33: 19.74 | H33: =IF(B33="","",TRUNC(G33+(G33*$G$2),2)) -> 24.5 | I33: =F33*G33 -> 0 | J33: =F33*H33 -> 0 | K33: =J33/$H$161 -> 0
A34: 4.2.4 | B34: 96555 | C34: SINAPI | D34: CONCRETAGEM DE BLOCO DE COROAMENTO OU VIGA BALDRAME, FCK 30 MPA, COM USO DE JERICA - LANÇAMENTO, ADENSAMENTO E ACABAMENTO. AF_01/2024 | E34: m³ | F34: =IF(B34="","",MC!D34) -> 0 | G34: 744.63 | H34: =IF(B34="","",TRUNC(G34+(G34*$G$2),2)) -> 924.3 | I34: =F34*G34 -> 0 | J34: =F34*H34 -> 0 | K34: =J34/$H$161 -> 0
A35: 4.2.5 | B35: 92805 | C35: SINAPI | D35: CORTE E DOBRA DE AÇO CA-50, DIÂMETRO DE 16,0 MM. AF_06/2022 | E35: KG | F35: =IF(B35="","",MC!D35) -> 0 | G35: 7.76 | H35: =IF(B35="","",TRUNC(G35+(G35*$G$2),2)) -> 9.63 | I35: =F35*G35 -> 0 | J35: =F35*H35 -> 0 | K35: =J35/$H$161 -> 0
A36: 4.2.6 | B36: 92804 | C36: SINAPI | D36: CORTE E DOBRA DE AÇO CA-50, DIÂMETRO DE 12,5 MM. AF_06/2022 | E36: KG | F36: =IF(B36="","",MC!D36) -> 0 | G36: 7.83 | H36: =IF(B36="","",TRUNC(G36+(G36*$G$2),2)) -> 9.71 | I36: =F36*G36 -> 0 | J36: =F36*H36 -> 0 | K36: =J36/$H$161 -> 0
A37: 4.2.7 | B37: 92803 | C37: SINAPI | D37: CORTE E DOBRA DE AÇO CA-50, DIÂMETRO DE 10,0 MM. AF_06/2022 | E37: KG | F37: =IF(B37="","",MC!D37) -> 0 | G37: 9.15 | H37: =IF(B37="","",TRUNC(G37+(G37*$G$2),2)) -> 11.35 | I37: =F37*G37 -> 0 | J37: =F37*H37 -> 0 | K37: =J37/$H$161 -> 0
A38: 4.2.8 | B38: 92800 | C38: SINAPI | D38: CORTE E DOBRA DE AÇO CA-60, DIÂMETRO DE 5,0 MM. AF_06/2022 | E38: KG | F38: =IF(B38="","",MC!D38) -> 0 | G38: 9.95 | H38: =IF(B38="","",TRUNC(G38+(G38*$G$2),2)) -> 12.35 | I38: =F38*G38 -> 0 | J38: =F38*H38 -> 0 | K38: =J38/$H$161 -> 0
A39: 4.2.9 | B39: 92799 | C39: SINAPI | D39: CORTE E DOBRA DE AÇO CA-60, DIÂMETRO DE 4,2 MM, UTILIZADO EM LAJE. AF_12/2015 | E39: KG | F39: =IF(B39="","",MC!D39) -> 0 | G39: 11.07 | H39: =IF(B39="","",TRUNC(G39+(G39*$G$2),2)) -> 13.74 | I39: =F39*G39 -> 0 | J39: =F39*H39 -> 0 | K39: =J39/$H$161 -> 0
A40: 5 | D40: SUPERESTRUTURA | F40: =IF(B40="","",MC!D40) | H40: =IF(B40="","",TRUNC(G40+(G40*$G$2),2)) | I40: =I41+I49+I56+I62 -> 0 | J40: =J41+J49+J56+J62 -> 0 | K40: =J40/$H$161 -> 0
A41: 5.1 | D41: PILARES | F41: =IF(B41="","",MC!D41) | H41: =IF(B41="","",TRUNC(G41+(G41*$G$2),2)) | I41: =SUM(I42:I48) -> 0 | J41: =SUM(J42:J48) -> 0 | K41: =J41/$H$161 -> 0
A42: 5.1.1 | B42: 92423 | C42: SINAPI | D42: MONTAGEM E DESMONTAGEM DE FÔRMA DE PILARES RETANGULARES E ESTRUTURAS SIMILARES, PÉ-DIREITO SIMPLES, EM CHAPA DE MADEIRA COMPENSADA RESINADA, 6 UTILIZAÇÕES. AF_09/2020 | E42: m² | F42: =IF(B42="","",MC!D42) -> 0 | G42: 80.8 | H42: =IF(B42="","",TRUNC(G42+(G42*$G$2),2)) -> 100.29 | I42: =F42*G42 -> 0 | J42: =F42*H42 -> 0 | K42: =J42/$H$161 -> 0
A43: 5.1.2 | B43: 103672 | C43: SINAPI | D43: CONCRETAGEM DE PILARES, FCK = 25 MPA, COM USO DE BOMBA - LANÇAMENTO, ADENSAMENTO E ACABAMENTO. AF_02/2022_PS | E43: m³ | F43: =IF(B43="","",MC!D43) -> 0 | G43: 755.99 | H43: =IF(B43="","",TRUNC(G43+(G43*$G$2),2)) -> 938.41 | I43: =F43*G43 -> 0 | J43: =F43*H43 -> 0 | K43: =J43/$H$161 -> 0
A44: 5.1.3 | B44: 92805 | C44: SINAPI | D44: CORTE E DOBRA DE AÇO CA-50, DIÂMETRO DE 16,0 MM. AF_06/2022 | E44: KG | F44: =IF(B44="","",MC!D44) -> 0 | G44: 7.76 | H44: =IF(B44="","",TRUNC(G44+(G44*$G$2),2)) -> 9.63 | I44: =F44*G44 -> 0 | J44: =F44*H44 -> 0 | K44: =J44/$H$161 -> 0
A45: 5.1.4 | B45: 92804 | C45: SINAPI | D45: CORTE E DOBRA DE AÇO CA-50, DIÂMETRO DE 12,5 MM. AF_06/2022 | E45: KG | F45: =IF(B45="","",MC!D45) -> 0 | G45: 7.83 | H45: =IF(B45="","",TRUNC(G45+(G45*$G$2),2)) -> 9.71 | I45: =F45*G45 -> 0 | J45: =F45*H45 -> 0 | K45: =J45/$H$161 -> 0
A46: 5.1.5 | B46: 92803 | C46: SINAPI | D46: CORTE E DOBRA DE AÇO CA-50, DIÂMETRO DE 10,0 MM. AF_06/2022 | E46: KG | F46: =IF(B46="","",MC!D46) -> 0 | G46: 9.15 | H46: =IF(B46="","",TRUNC(G46+(G46*$G$2),2)) -> 11.35 | I46: =F46*G46 -> 0 | J46: =F46*H46 -> 0 | K46: =J46/$H$161 -> 0
A47: 5.1.6 | B47: 92802 | C47: SINAPI | D47: CORTE E DOBRA DE AÇO CA-50, DIÂMETRO DE 8,0 MM. AF_06/2022 | E47: KG | F47: =IF(B47="","",MC!D47) -> 0 | G47: 9.93 | H47: =IF(B47="","",TRUNC(G47+(G47*$G$2),2)) -> 12.32 | I47: =F47*G47 -> 0 | J47: =F47*H47 -> 0 | K47: =J47/$H$161 -> 0
A48: 5.1.7 | B48: 92800 | C48: SINAPI | D48: CORTE E DOBRA DE AÇO CA-60, DIÂMETRO DE 5,0 MM. AF_06/2022 | E48: KG | F48: =IF(B48="","",MC!D48) -> 0 | G48: 9.95 | H48: =IF(B48="","",TRUNC(G48+(G48*$G$2),2)) -> 12.35 | I48: =F48*G48 -> 0 | J48: =F48*H48 -> 0 | K48: =J48/$H$161 -> 0
A49: 5.2 | D49: VIGAS NÍVEL 0,00M | F49: =IF(B49="","",MC!D49) | H49: =IF(B49="","",TRUNC(G49+(G49*$G$2),2)) | I49: =SUM(I50:I55) -> 0 | J49: =SUM(J50:J55) -> 0 | K49: =J49/$H$161 -> 0
A50: 5.2.1 | B50: 92448 | C50: SINAPI | D50: MONTAGEM E DESMONTAGEM DE FÔRMA DE VIGA, ESCORAMENTO COM PONTALETE DE MADEIRA, PÉ-DIREITO SIMPLES, EM MADEIRA SERRADA, 4 UTILIZAÇÕES. AF_09/2020 | E50: m² | F50: =IF(B50="","",MC!D50) -> 0 | G50: 162.79 | H50: =IF(B50="","",TRUNC(G50+(G50*$G$2),2)) -> 202.07 | I50: =F50*G50 -> 0 | J50: =F50*H50 -> 0 | K50: =J50/$H$161 -> 0
A51: 5.2.2 | B51: 94971 | C51: SINAPI | D51: CONCRETO FCK = 25MPA, TRAÇO 1:2,3:2,7 (CIMENTO/ AREIA MÉDIA/ BRITA 1) - PREPARO MECÂNICO COM BETONEIRA 600 L. AF_07/2016 | E51: m³ | F51: =IF(B51="","",MC!D51) -> 0 | G51: 505.48 | H51: =IF(B51="","",TRUNC(G51+(G51*$G$2),2)) -> 627.45 | I51: =F51*G51 -> 0 | J51: =F51*H51 -> 0 | K51: =J51/$H$161 -> 0
A52: 5.2.3 | B52: 92804 | C52: SINAPI | D52: CORTE E DOBRA DE AÇO CA-50, DIÂMETRO DE 12,5 MM. AF_06/2022 | E52: KG | F52: =IF(B52="","",MC!D52) -> 0 | G52: 7.83 | H52: =IF(B52="","",TRUNC(G52+(G52*$G$2),2)) -> 9.71 | I52: =F52*G52 -> 0 | J52: =F52*H52 -> 0 | K52: =J52/$H$161 -> 0
A53: 5.2.4 | B53: 92803 | C53: SINAPI | D53: CORTE E DOBRA DE AÇO CA-50, DIÂMETRO DE 10,0 MM. AF_06/2022 | E53: KG | F53: =IF(B53="","",MC!D53) -> 0 | G53: 9.15 | H53: =IF(B53="","",TRUNC(G53+(G53*$G$2),2)) -> 11.35 | I53: =F53*G53 -> 0 | J53: =F53*H53 -> 0 | K53: =J53/$H$161 -> 0
A54: 5.2.5 | B54: 92802 | C54: SINAPI | D54: CORTE E DOBRA DE AÇO CA-50, DIÂMETRO DE 8,0 MM. AF_06/2022 | E54: KG | F54: =IF(B54="","",MC!D54) -> 0 | G54: 9.93 | H54: =IF(B54="","",TRUNC(G54+(G54*$G$2),2)) -> 12.32 | I54: =F54*G54 -> 0 | J54: =F54*H54 -> 0 | K54: =J54/$H$161 -> 0
A55: 5.2.6 | B55: 92800 | C55: SINAPI | D55: CORTE E DOBRA DE AÇO CA-60, DIÂMETRO DE 5,0 MM. AF_06/2022 | E55: KG | F55: =IF(B55="","",MC!D55) -> 0 | G55: 9.95 | H55: =IF(B55="","",TRUNC(G55+(G55*$G$2),2)) -> 12.35 | I55: =F55*G55 -> 0 | J55: =F55*H55 -> 0 | K55: =J55/$H$161 -> 0
A56: 5.3 | D56: LAJE MACIÇA NÍVEL 0,00M | F56: =IF(B56="","",MC!D56) | H56: =IF(B56="","",TRUNC(G56+(G56*$G$2),2)) | I56: =SUM(I57:I61) -> 0 | J56: =SUM(J57:J61) -> 0 | K56: =J56/$H$161 -> 0
A57: 5.3.1 | B57: 101792 | C57: SINAPI | D57: ESCORAMENTO DE FÔRMAS DE LAJE EM MADEIRA NÃO APARELHADA, PÉ-DIREITO SIMPLES, INCLUSO TRAVAMENTO, 4 UTILIZAÇÕES. AF_09/2020 | E57: m³ | F57: =IF(B57="","",MC!D57) -> 0 | G57: 16.1 | H57: =IF(B57="","",TRUNC(G57+(G57*$G$2),2)) -> 19.98 | I57: =F57*G57 -> 0 | J57: =F57*H57 -> 0 | K57: =J57/$H$161 -> 0
A58: 5.3.2 | B58: 92267 | C58: SINAPI | D58: FABRICAÇÃO DE FÔRMA PARA LAJES, EM CHAPA DE MADEIRA COMPENSADA RESINADA, E = 17 MM. AF_09/2020 | E58: m² | F58: =IF(B58="","",MC!D58) -> 0 | G58: 54.82 | H58: =IF(B58="","",TRUNC(G58+(G58*$G$2),2)) -> 68.04 | I58: =F58*G58 -> 0 | J58: =F58*H58 -> 0 | K58: =J58/$H$161 -> 0
A59: 5.3.3 | B59: 103681 | C59: SINAPI | D59: CONCRETAGEM DE VIGAS E LAJES, FCK=25 MPA, PARA LAJES MACIÇAS OU NERVURADAS COM GRUA DE CAÇAMBA DE 500 L EM EDIFICAÇÃO DE MULTIPAVIMENTOS ATÉ 16 ANDARES - LANÇAMENTO, ADENSAMENTO E ACABAMENTO. AF_02/2022 | E59: m³ | F59: =IF(B59="","",MC!D59) -> 0 | G59: 833.13 | H59: =IF(B59="","",TRUNC(G59+(G59*$G$2),2)) -> 1034.16 | I59: =F59*G59 -> 0 | J59: =F59*H59 -> 0 | K59: =J59/$H$161 -> 0
A60: 5.3.4 | B60: 92801 | C60: SINAPI | D60: CORTE E DOBRA DE AÇO CA-50, DIÂMETRO DE 6,3 MM. AF_06/2022 | E60: KG | F60: =IF(B60="","",MC!D60) -> 0 | G60: 10.01 | H60: =IF(B60="","",TRUNC(G60+(G60*$G$2),2)) -> 12.42 | I60: =F60*G60 -> 0 | J60: =F60*H60 -> 0 | K60: =J60/$H$161 -> 0
A61: 5.3.5 | B61: 92800 | C61: SINAPI | D61: CORTE E DOBRA DE AÇO CA-60, DIÂMETRO DE 5,0 MM. AF_06/2022 | E61: KG | F61: =IF(B61="","",MC!D61) -> 0 | G61: 9.95 | H61: =IF(B61="","",TRUNC(G61+(G61*$G$2),2)) -> 12.35 | I61: =F61*G61 -> 0 | J61: =F61*H61 -> 0 | K61: =J61/$H$161 -> 0
A62: 6 | D62: IMPERMEABILIZAÇÃO | F62: =IF(B62="","",MC!D62) | H62: =IF(B62="","",TRUNC(G62+(G62*$G$2),2)) | I62: =SUM(I63:I64) -> 0 | J62: =SUM(J63:J64) -> 0 | K62: =J62/$H$161 -> 0
A63: 6.1 | B63: 98555 | C63: SINAPI | D63: IMPERMEABILIZAÇÃO DE SUPERFÍCIE COM ARGAMASSA POLIMÉRICA / MEMBRANA ACRÍLICA, 3 DEMÃOS. AF_09/2023 | E63: m² | F63: =IF(B63="","",MC!D63) -> 0 | G63: 29.73 | H63: =IF(B63="","",TRUNC(G63+(G63*$G$2),2)) -> 36.9 | I63: =F63*G63 -> 0 | J63: =F63*H63 -> 0 | K63: =J63/$H$161 -> 0
A64: 6.2 | B64: 98563 | C64: SINAPI | D64: PROTEÇÃO MECÂNICA DE SUPERFÍCIE HORIZONTAL COM ARGAMASSA DE CIMENTO E AREIA, TRAÇO 1:3, E=2CM. AF_09/2023 | E64: m² | F64: =IF(B64="","",MC!D64) -> 0 | G64: 38.41 | H64: =IF(B64="","",TRUNC(G64+(G64*$G$2),2)) -> 47.67 | I64: =F64*G64 -> 0 | J64: =F64*H64 -> 0 | K64: =J64/$H$161 -> 0
A65: 7 | D65: ALVENARIA | F65: =IF(B65="","",MC!D65) | H65: =IF(B65="","",TRUNC(G65+(G65*$G$2),2)) | I65: =I66+I68+I70 -> 17321.707 | J65: =J66+J68+J70 -> 21501.209 | K65: =J65/$H$161 -> 0.021294698
A66: 7.1 | D66: BANCOS | F66: =IF(B66="","",MC!D66) | H66: =IF(B66="","",TRUNC(G66+(G66*$G$2),2)) | I66: =SUM(I67) -> 5654.13 | J66: =SUM(J67) -> 7018.25 | K66: =J66/$H$161 -> 0.0069508424
A67: 7.1.1 | B67: 103324 | C67: SINAPI | D67: ALVENARIA DE VEDAÇÃO DE BLOCOS CERÂMICOS FURADOS NA VERTICAL DE 14X19X39 CM (ESPESSURA 14 CM) E ARGAMASSA DE ASSENTAMENTO COM PREPARO EM BETONEIRA. AF_12/2021 | E67: m² | F67: =IF(B67="","",MC!D67) -> 67,0 | G67: 84.39 | H67: =IF(B67="","",TRUNC(G67+(G67*$G$2),2)) -> 104.75 | I67: =F67*G67 -> 5654.13 | J67: =F67*H67 -> 7018.25 | K67: =J67/$H$161 -> 0.0069508424
A68: 7.2 | D68: CANTEIRO | F68: =IF(B68="","",MC!D68) | H68: =IF(B68="","",TRUNC(G68+(G68*$G$2),2)) | I68: =SUM(I69) -> 11667.577 | J68: =SUM(J69) -> 14482.959 | K68: =J68/$H$161 -> 0.014343856
A69: 7.2.1 | B69: 101159 | C69: SINAPI | D69: ALVENARIA DE VEDAÇÃO DE BLOCOS CERÂMICOS MACIÇOS DE 5X10X20CM (ESPESSURA 10CM) E ARGAMASSA DE ASSENTAMENTO COM PREPARO EM BETONEIRA. AF_05/2020 | E69: m² | F69: =IF(B69="","",MC!D69) -> 81,7 | G69: 142.81 | H69: =IF(B69="","",TRUNC(G69+(G69*$G$2),2)) -> 177.27 | I69: =F69*G69 -> 11667.577 | J69: =F69*H69 -> 14482.959 | K69: =J69/$H$161 -> 0.014343856
A70: 8 | D70: COBERTURA DO DECK | F70: =IF(B70="","",MC!D70) | H70: =IF(B70="","",TRUNC(G70+(G70*$G$2),2)) | I70: =SUM(I71:I75) -> 0 | J70: =SUM(J71:J75) -> 0 | K70: =J70/$H$161 -> 0
A71: 8.1 | B71: 94213 | C71: SINAPI | D71: TELHAMENTO COM TELHA DE AÇO/ALUMÍNIO E = 0,5 MM, COM ATÉ 2 ÁGUAS, INCLUSO IÇAMENTO. AF_07/2019 | E71: m² | F71: =IF(B71="","",MC!D71) -> 0 | G71: 65.76 | H71: =IF(B71="","",TRUNC(G71+(G71*$G$2),2)) -> 81.62 | I71: =F71*G71 -> 0 | J71: =F71*H71 -> 0 | K71: =J71/$H$161 -> 0
A72: 8.2 | B72: 92580 | C72: SINAPI | D72: TRAMA DE AÇO COMPOSTA POR TERÇAS PARA TELHADOS DE ATÉ 2 ÁGUAS PARA TELHA ONDULADA DE FIBROCIMENTO, METÁLICA, PLÁSTICA OU TERMOACÚSTICA, INCLUSO TRANSPORTE VERTICAL, EXCLUSIVE PINTURA. AF_10/2025_PS | E72: m² | F72: =IF(B72="","",MC!D72) -> 0 | G72: 50.37 | H72: =IF(B72="","",TRUNC(G72+(G72*$G$2),2)) -> 62.52 | I72: =F72*G72 -> 0 | J72: =F72*H72 -> 0 | K72: =J72/$H$161 -> 0
A73: 8.3 | B73: 100775 | C73: SINAPI | D73: ESTRUTURA TRELIÇADA DE COBERTURA, TIPO FINK, COM LIGAÇÕES SOLDADAS, INCLUSOS PERFIS METÁLICOS, CHAPAS METÁLICAS, MÃO DE OBRA E TRANSPORTE COM GUINDASTE - FORNECIMENTO E INSTALAÇÃO. AF_01/2020_PSA | E73: KG | F73: =IF(B73="","",MC!D73) -> 0 | G73: 12.67 | H73: =IF(B73="","",TRUNC(G73+(G73*$G$2),2)) -> 15.72 | I73: =F73*G73 -> 0 | J73: =F73*H73 -> 0 | K73: =J73/$H$161 -> 0
A74: 8.4 | B74: 100722 | C74: SINAPI | D74: PINTURA COM TINTA ALQUÍDICA DE FUNDO (TIPO ZARCÃO) APLICADA A ROLO OU PINCEL SOBRE SUPERFÍCIES METÁLICAS (EXCETO PERFIL) EXECUTADO EM OBRA (POR DEMÃO). AF_01/2020 | E74: m² | F74: =IF(B74="","",MC!D74) -> 0 | G74: 25.06 | H74: =IF(B74="","",TRUNC(G74+(G74*$G$2),2)) -> 31.1 | I74: =F74*G74 -> 0 | J74: =F74*H74 -> 0 | K74: =J74/$H$161 -> 0
A75: 8.5 | B75: CPU 020 | C75: Próprio | D75: CHUMBADOR PARA RECEBER OS PILARES METÁLICOS CONFORME DETALHE | E75: UNID | F75: =IF(B75="","",MC!D75) -> 0 | G75: 317.2 | H75: =IF(B75="","",TRUNC(G75+(G75*$G$2),2)) -> 393.74 | I75: =F75*G75 -> 0 | J75: =F75*H75 -> 0 | K75: =J75/$H$161 -> 0
A76: 9 | D76: REVESTIMENTO ALVENARIA | F76: =IF(B76="","",MC!D76) | H76: =IF(B76="","",TRUNC(G76+(G76*$G$2),2)) | I76: =SUM(I77:I78) -> 12107.52 | J76: =SUM(J77:J78) -> 15026.688 | K76: =J76/$H$161 -> 0.014882362
A77: 9.1 | B77: 87889 | C77: SINAPI | D77: CHAPISCO APLICADO EM ALVENARIA (SEM PRESENÇA DE VÃOS) E ESTRUTURAS DE CONCRETO DE FACHADA, COM ROLO PARA TEXTURA ACRÍLICA. ARGAMASSA TRAÇO 1:4 E EMULSÃO POLIMÉRICA (ADESIVO) COM PREPARO EM BETONEIRA 400L. AF_10/2022 | E77: m² | F77: =IF(B77="","",MC!D77) -> 230,4 | G77: 7.83 | H77: =IF(B77="","",TRUNC(G77+(G77*$G$2),2)) -> 9.71 | I77: =F77*G77 -> 1804.032 | J77: =F77*H77 -> 2237.184 | K77: =J77/$H$161 -> 0.0022156967
A78: 9.2 | B78: 87794 | C78: SINAPI | D78: EMBOÇO OU MASSA ÚNICA EM ARGAMASSA TRAÇO 1:2:8, PREPARO MANUAL, APLICADA MANUALMENTE EM PANOS CEGOS DE FACHADA (SEM PRESENÇA DE VÃOS), ESPESSURA DE 25 MM. AF_09/2022 | E78: m² | F78: =IF(B78="","",MC!D78) -> 230,4 | G78: 44.72 | H78: =IF(B78="","",TRUNC(G78+(G78*$G$2),2)) -> 55.51 | I78: =F78*G78 -> 10303.488 | J78: =F78*H78 -> 12789.504 | K78: =J78/$H$161 -> 0.012666666
A79: 10 | D79: PAVIMENTAÇÃO | F79: =IF(B79="","",MC!D79) | H79: =IF(B79="","",TRUNC(G79+(G79*$G$2),2)) | I79: =I80+I87+I93 -> 389141.7 | J79: =J80+J87+J93 -> 482984.6 | K79: =J79/$H$161 -> 0.47834572
A80: 10.1 | D80: CALÇADAS DE CONCRETO | F80: =IF(B80="","",MC!D80) | H80: =IF(B80="","",TRUNC(G80+(G80*$G$2),2)) | I80: =SUM(I81:I86) -> 262490.9 | J80: =SUM(J81:J86) -> 325786.98 | K80: =J80/$H$161 -> 0.32265792
A81: 10.1.1 | B81: 97083 | C81: SINAPI | D81: COMPACTAÇÃO MECÂNICA DE SOLO PARA EXECUÇÃO DE RADIER, PISO DE CONCRETO OU LAJE SOBRE SOLO, COM COMPACTADOR DE SOLOS A PERCUSSÃO. AF_09/2021 | E81: m² | F81: =IF(B81="","",MC!D81) -> 2482.67 | G81: 3.48 | H81: =IF(B81="","",TRUNC(G81+(G81*$G$2),2)) -> 4.31 | I81: =F81*G81 -> 8639.6916 | J81: =F81*H81 -> 10700.308 | K81: =J81/$H$161 -> 0.010597535
A82: 10.1.2 | B82: 95001 | C82: SINAPI | D82: EXECUÇÃO DE PASSEIO (CALÇADA) COM CONCRETO MOLDADO IN LOCO, FEITO EM OBRA, ACABAMENTO ESTAMPADO, ESPESSURA 6 CM, ARMADO. AF_08/2022 | E82: m² | F82: =IF(B82="","",MC!D82) -> 2482.67 | G82: 87.46 | H82: =IF(B82="","",TRUNC(G82+(G82*$G$2),2)) -> 108.56 | I82: =F82*G82 -> 217134.32 | J82: =F82*H82 -> 269518.66 | K82: =J82/$H$161 -> 0.26693003
A83: 10.1.3 | B83: 105002 | C83: SINAPI | D83: RAMPA DE ACESSIBILIDADE EM CONCRETO MOLDADO IN LOCO, EM CALÇADA NOVA COM LARGURA MAIOR OU IGUAL À 3,00 M, FCK 25MPA, COM PISO PODOTÁTIL. AF_03/2024 | E83: UN | F83: =IF(B83="","",MC!D83) -> 12 | G83: 721.46 | H83: =IF(B83="","",TRUNC(G83+(G83*$G$2),2)) -> 895.54 | I83: =F83*G83 -> 8657.52 | J83: =F83*H83 -> 10746.48 | K83: =J83/$H$161 -> 0.010643264
A84: 10.1.4 | B84: 94275 | C84: SINAPI | D84: ASSENTAMENTO DE GUIA (MEIO-FIO) EM TRECHO RETO, CONFECCIONADA EM CONCRETO PRÉ-FABRICADO, DIMENSÕES 100X15X13X20 CM (COMPRIMENTO X BASE INFERIOR X BASE SUPERIOR X ALTURA). AF_01/2024 | E84: M | F84: =IF(B84="","",MC!D84) -> 624.88 | G84: 40.26 | H84: =IF(B84="","",TRUNC(G84+(G84*$G$2),2)) -> 49.97 | I84: =F84*G84 -> 25157.669 | J84: =F84*H84 -> 31225.254 | K84: =J84/$H$161 -> 0.030925347
A85: 10.1.5 | B85: 94276 | C85: SINAPI | D85: ASSENTAMENTO DE GUIA (MEIO-FIO) EM TRECHO CURVO, CONFECCIONADA EM CONCRETO PRÉ-FABRICADO, DIMENSÕES 100X15X13X20 CM (COMPRIMENTO X BASE INFERIOR X BASE SUPERIOR X ALTURA). AF_01/2024 | E85: M | F85: =IF(B85="","",MC!D85) -> 41.17 | G85: 43.14 | H85: =IF(B85="","",TRUNC(G85+(G85*$G$2),2)) -> 53.54 | I85: =F85*G85 -> 1776.0738 | J85: =F85*H85 -> 2204.2418 | K85: =J85/$H$161 -> 0.0021830709
A86: 10.1.6 | B86: 102498 | C86: SINAPI | D86: PINTURA DE MEIO-FIO COM TINTA BRANCA A BASE DE CAL (CAIAÇÃO). AF_05/2021 | E86: M | F86: =IF(B86="","",MC!D86) -> 666.05 | G86: 1.69 | H86: =IF(B86="","",TRUNC(G86+(G86*$G$2),2)) -> 2.09 | I86: =F86*G86 -> 1125.6245 | J86: =F86*H86 -> 1392.0445 | K86: =J86/$H$161 -> 0.0013786745
A87: 10.2 | D87: CALÇADAS PISO PAVER | F87: =IF(B87="","",MC!D87) | H87: =IF(B87="","",TRUNC(G87+(G87*$G$2),2)) | I87: =SUM(I88:I92) -> 126650.8 | J87: =SUM(J88:J92) -> 157197.62 | K87: =J87/$H$161 -> 0.15568779
A88: 10.2.1 | B88: 97083 | C88: SINAPI | D88: COMPACTAÇÃO MECÂNICA DE SOLO PARA EXECUÇÃO DE RADIER, PISO DE CONCRETO OU LAJE SOBRE SOLO, COM COMPACTADOR DE SOLOS A PERCUSSÃO. AF_09/2021 | E88: m² | F88: =IF(B88="","",MC!D88) -> 1.000,81 | G88: 3.48 | H88: =IF(B88="","",TRUNC(G88+(G88*$G$2),2)) -> 4.31 | I88: =F88*G88 -> 3482.8188 | J88: =F88*H88 -> 4313.4911 | K88: =J88/$H$161 -> 0.0042720617
A89: 10.2.2 | B89: 93679 | C89: SINAPI | D89: EXECUÇÃO DE PASSEIO EM PISO INTERTRAVADO, COM BLOCO RETANGULAR COLORIDO DE 20 X 10 CM, ESPESSURA 6 CM. AF_10/2022 | E89: m² | F89: =IF(B89="","",MC!D89) -> 1.000,81 | G89: 113.93 | H89: =IF(B89="","",TRUNC(G89+(G89*$G$2),2)) -> 141.42 | I89: =F89*G89 -> 114022.28 | J89: =F89*H89 -> 141534.55 | K89: =J89/$H$161 -> 0.14017517
A90: 10.2.3 | B90: 94275 | C90: SINAPI | D90: ASSENTAMENTO DE GUIA (MEIO-FIO) EM TRECHO RETO, CONFECCIONADA EM CONCRETO PRÉ-FABRICADO, DIMENSÕES 100X15X13X20 CM (COMPRIMENTO X BASE INFERIOR X BASE SUPERIOR X ALTURA), PARA URBANIZAÇÃO INTERNA DE EMPREENDIMENTOS. AF_06/2016 | E90: M | F90: =IF(B90="","",MC!D90) -> 152,2 | G90: 40.26 | H90: =IF(B90="","",TRUNC(G90+(G90*$G$2),2)) -> 49.97 | I90: =F90*G90 -> 6127.572 | J90: =F90*H90 -> 7605.434 | K90: =J90/$H$161 -> 0.0075323867
A91: 10.2.4 | B91: 94276 | C91: SINAPI | D91: ASSENTAMENTO DE GUIA (MEIO-FIO) EM TRECHO CURVO, CONFECCIONADA EM CONCRETO PRÉ-FABRICADO, DIMENSÕES 100X15X13X20 CM (COMPRIMENTO X BASE INFERIOR X BASE SUPERIOR X ALTURA). AF_01/2024 | E91: M | F91: =IF(B91="","",MC!D91) -> 61,59 | G91: 43.14 | H91: =IF(B91="","",TRUNC(G91+(G91*$G$2),2)) -> 53.54 | I91: =F91*G91 -> 2656.9926 | J91: =F91*H91 -> 3297.5286 | K91: =J91/$H$161 -> 0.0032658571
A92: 10.2.5 | B92: 102498 | C92: SINAPI | D92: PINTURA DE MEIO-FIO COM TINTA BRANCA A BASE DE CAL (CAIAÇÃO). AF_05/2021 | E92: M | F92: =IF(B92="","",MC!D92) -> 213,69 | G92: 1.69 | H92: =IF(B92="","",TRUNC(G92+(G92*$G$2),2)) -> 2.09 | I92: =F92*G92 -> 361.1361 | J92: =F92*H92 -> 446.6121 | K92: =J92/$H$161 -> 0.00044232256
A93: 10.3 | D93: DECK | F93: =IF(B93="","",MC!D93) | H93: =IF(B93="","",TRUNC(G93+(G93*$G$2),2)) | I93: =SUM(I94:I95) -> 0 | J93: =SUM(J94:J95) -> 0 | K93: =J93/$H$161 -> 0
A94: 10.3.1 | B94: 0701000104 | C94: AGESUL | D94: REGULARIZACAO DE SUPERFICIE, COM ARGAMASSA DE CIMENTO E AREIA NO TRACO 1:3, ESPESSURA 3 CM | E94: m² | F94: =IF(B94="","",MC!D94) -> 0 | G94: 42.19 | H94: =IF(B94="","",TRUNC(G94+(G94*$G$2),2)) -> 52.37 | I94: =F94*G94 -> 0 | J94: =F94*H94 -> 0 | K94: =J94/$H$161 -> 0
A95: 10.3.2 | B95: 105090 | C95: SINAPI | D95: DECK DE MADEIRA, SOBRE VIGOTAS DE MADEIRA SEÇÃO 7,5 X 15 CM. AF_03/2024 | E95: m² | F95: =IF(B95="","",MC!D95) -> 0 | G95: 562.81 | H95: =IF(B95="","",TRUNC(G95+(G95*$G$2),2)) -> 698.61 | I95: =F95*G95 -> 0 | J95: =F95*H95 -> 0 | K95: =J95/$H$161 -> 0
A96: 11 | D96: PINTURA | F96: =IF(B96="","",MC!D96) | H96: =IF(B96="","",TRUNC(G96+(G96*$G$2),2)) | I96: =I97+I100+I103 -> 15849.984 | J96: =J97+J100+J103 -> 19668.96 | K96: =J96/$H$161 -> 0.019480047
A97: 11.1 | D97: CANTEIROS E BANCOS | F97: =IF(B97="","",MC!D97) | H97: =IF(B97="","",TRUNC(G97+(G97*$G$2),2)) | I97: =SUM(I98:I99) -> 7593.984 | J97: =SUM(J98:J99) -> 9423.36 | K97: =J97/$H$161 -> 0.0093328523
A98: 11.1.1 | B98: 88497 | C98: SINAPI | D98: EMASSAMENTO COM MASSA LÁTEX, APLICAÇÃO EM PAREDE, DUAS DEMÃOS, LIXAMENTO MANUAL. AF_04/2023 | E98: m² | F98: =IF(B98="","",MC!D98) -> 230,4 | G98: 19.63 | H98: =IF(B98="","",TRUNC(G98+(G98*$G$2),2)) -> 24.36 | I98: =F98*G98 -> 4522.752 | J98: =F98*H98 -> 5612.544 | K98: =J98/$H$161 -> 0.0055586377
A99: 11.1.2 | B99: 88489 | C99: SINAPI | D99: APLICAÇÃO MANUAL DE PINTURA COM TINTA LÁTEX ACRÍLICA EM PAREDES, DUAS DEMÃOS. AF_06/2014 | E99: m² | F99: =IF(B99="","",MC!D99) -> 230,4 | G99: 13.33 | H99: =IF(B99="","",TRUNC(G99+(G99*$G$2),2)) -> 16.54 | I99: =F99*G99 -> 3071.232 | J99: =F99*H99 -> 3810.816 | K99: =J99/$H$161 -> 0.0037742146
A100: 11.2 | D100: PERGOLADOS | F100: =IF(B100="","",MC!D100) | H100: =IF(B100="","",TRUNC(G100+(G100*$G$2),2)) | I100: =SUM(I101:I102) -> 8256 | J100: =SUM(J101:J102) -> 10245.6 | K100: =J100/$H$161 -> 0.010147195
...

Sheet OA
C1: Obra | E1: Bancos | G1: B.D.I. | I1: Encargos Sociais
C2: =OS!D2 -> REVITALIZAÇÃO LAGOA DO SAPO (ETAPA 1) | E2: SINAPI - 01/2026 - Mato Grosso do Sul ORSE - 12/2025 - Sergipe SEINFRA - 028 - Ceará CPOS/CDHU - 01/2026 - São Paulo FDE - 10/2025 - São Paulo AGESUL - 06/2025 - Mato Grosso do Sul | G2: 24,13% | I2: Não Desonerado: Horista: 113,34% Mensalista: 70,31%
A3: Planilha Orçamentária Analítica
A4: 1 | D4: ADMINISTRAÇÃO LOCAL | J4: 104092.8
A5: 1.1 | B5: Código | C5: Banco | D5: Descrição | E5: Tipo | G5: Und | H5: Quant. | I5: Valor Unit | J5: Total
A6: Composição | B6: 90780 | C6: SINAPI | D6: MESTRE DE OBRAS COM ENCARGOS COMPLEMENTARES | E6: Livro SINAPI: Cálculos e Parâmetros | G6: H | H6: 1 | I6: 44.28 | J6: 44.28
A7: Composição Auxiliar | B7: 95405 | C7: SINAPI | D7: CURSO DE CAPACITAÇÃO PARA MESTRE DE OBRAS (ENCARGOS COMPLEMENTARES) - HORISTA | E7: Livro SINAPI: Cálculos e Parâmetros | G7: H | H7: 1 | I7: 0.79 | J7: 0.79
A8: Insumo | B8: 00004069 | C8: SINAPI | D8: MESTRE DE OBRAS | E8: Mão de Obra | G8: H | H8: 1 | I8: 37.57 | J8: 37.57
A9: Insumo | B9: 00037370 | C9: SINAPI | D9: ALIMENTACAO - HORISTA (COLETADO CAIXA) | E9: Outros | G9: H | H9: 1 | I9: 1.73 | J9: 1.73
A10: Insumo | B10: 00037371 | C10: SINAPI | D10: TRANSPORTE - HORISTA (COLETADO CAIXA) | E10: Serviços | G10: H | H10: 1 | I10: 1.04 | J10: 1.04
A11: Insumo | B11: 00037372 | C11: SINAPI | D11: EXAMES - HORISTA (COLETADO CAIXA) | E11: Outros | G11: H | H11: 1 | I11: 1.67 | J11: 1.67
A12: Insumo | B12: 00037373 | C12: SINAPI | D12: SEGURO - HORISTA (COLETADO CAIXA) | E12: Taxas | G12: H | H12: 1 | I12: 0.11 | J12: 0.11
A13: Insumo | B13: 00043463 | C13: SINAPI | D13: FERRAMENTAS - FAMILIA ENCARREGADO GERAL - HORISTA (ENCARGOS COMPLEMENTARES - COLETADO CAIXA) | E13: Equipamento | G13: H | H13: 1 | I13: 0.13 | J13: 0.13
A14: Insumo | B14: 00043487 | C14: SINAPI | D14: EPI - FAMILIA ENCARREGADO GERAL - HORISTA (ENCARGOS COMPLEMENTARES - COLETADO CAIXA) | E14: Equipamento | G14: H | H14: 1 | I14: 1.24 | J14: 1.24
E15: MO sem LS => | F15: 17.98 | G15: LS => | H15: 20.38 | I15: MO com LS => | J15: 38.36
E16: Valor do BDI => | F16: 10.684764 | H16: Valor com BDI => | J16: 54.96
G17: Quant. => | H17: 360 | I17: Preço Total => | J17: 19785.6
A19: 1.2 | B19: Código | C19: Banco | D19: Descrição | E19: Tipo | G19: Und | H19: Quant. | I19: Valor Unit | J19: Total
A20: Composição | B20: 90777 | C20: SINAPI | D20: ENGENHEIRO CIVIL DE OBRA JUNIOR COM ENCARGOS COMPLEMENTARES | E20: Livro SINAPI: Cálculos e Parâmetros | G20: H | H20: 1 | I20: 141.5 | J20: 141.5
A21: Composição Auxiliar | B21: 95402 | C21: SINAPI | D21: CURSO DE CAPACITAÇÃO PARA ENGENHEIRO CIVIL DE OBRA JÚNIOR (ENCARGOS COMPLEMENTARES) - HORISTA | E21: Livro SINAPI: Cálculos e Parâmetros | G21: H | H21: 1 | I21: 1.99 | J21: 1.99
A22: Insumo | B22: 00002706 | C22: SINAPI | D22: ENGENHEIRO CIVIL DE OBRA JUNIOR | E22: Mão de Obra | G22: H | H22: 1 | I22: 135.09 | J22: 135.09
A23: Insumo | B23: 00037370 | C23: SINAPI | D23: ALIMENTACAO - HORISTA (COLETADO CAIXA) | E23: Outros | G23: H | H23: 1 | I23: 1.73 | J23: 1.73
A24: Insumo | B24: 00037372 | C24: SINAPI | D24: EXAMES - HORISTA (COLETADO CAIXA) | E24: Outros | G24: H | H24: 1 | I24: 1.67 | J24: 1.67
A25: Insumo | B25: 00037373 | C25: SINAPI | D25: SEGURO - HORISTA (COLETADO CAIXA) | E25: Taxas | G25: H | H25: 1 | I25: 0.11 | J25: 0.11
A26: Insumo | B26: 00043462 | C26: SINAPI | D26: FERRAMENTAS - FAMILIA ENGENHEIRO CIVIL - HORISTA (ENCARGOS COMPLEMENTARES - COLETADO CAIXA) | E26: Equipamento | G26: H | H26: 1 | I26: 0.02 | J26: 0.02
A27: Insumo | B27: 00043486 | C27: SINAPI | D27: EPI - FAMILIA ENGENHEIRO CIVIL - HORISTA (ENCARGOS COMPLEMENTARES - COLETADO CAIXA) | E27: Equipamento | G27: H | H27: 1 | I27: 0.89 | J27: 0.89
E28: MO sem LS => | F28: 64.25 | G28: LS => | H28: 72.83 | I28: MO com LS => | J28: 137.08
E29: Valor do BDI => | F29: 34.14395 | H29: Valor com BDI => | J29: 175.64
G30: Quant. => | H30: 480 | I30: Preço Total => | J30: 84307.2
A32: 2 | D32: SERVIÇOS PRELIMINARES | J32: 53238.27
A33: 2.1 | B33: Código | C33: Banco | D33: Descrição | E33: Tipo | G33: Und | H33: Quant. | I33: Valor Unit | J33: Total
A34: Composição | B34: 0101001101 | C34: AGESUL | D34: PLACA DE OBRA EM CHAPA GALVANIZADA N. 22, ADESIVADA | E34: CANTEIRO DE OBRAS | G34: m² | H34: 1 | I34: 508.06 | J34: 508.06
A35: Insumo | B35: 4003 | C35: AGESUL | D35: CARPINTEIRO DE FORMAS COM ENCARGOS COMPLEMENTARES - SINAPI -88262 | E35: Mão de Obra | G35: H | H35: 1 | I35: 25.35 | J35: 25.35
A36: Insumo | B36: 6409 | C36: AGESUL | D36: CONCRETO MAGRO PARA LASTRO, TRACO 1:4,5:4,5 (EM MASSA SECA DE CIMENTO/ AREIA MEDIA/ BRITA 1) - PREPARO MECANICO COM BETONEIRA 400 L. AF_05/2021 - SINAPI -94962 | E36: Material | G36: m³ | H36: 0.01 | I36: 384.78 | J36: 3.84
A37: Insumo | B37: 1136 | C37: AGESUL | D37: PLACA DE OBRA (PARA CONSTRUCAO CIVIL) EM CHAPA GALVANIZADA *N. 22*, ADESIVADA, DE *2,4 X 1,2* M (SEM POSTES PARA FIXACAO) - SINAPI -00004813 | E37: Material | G37: m² | H37: 1 | I37: 400 | J37: 400
A38: Insumo | B38: 7438 | C38: AGESUL | D38: PONTALETE *7,5 X 7,5* CM EM PINUS, MISTA OU EQUIVALENTE DA REGIAO - BRUTA - SINAPI -00004491 | E38: Material | G38: M | H38: 4 | I38: 6.93 | J38: 27.72
A39: Insumo | B39: 1045 | C39: AGESUL | D39: PREGO DE ACO POLIDO COM CABECA 18 X 30 (2 3/4 X 10) - SINAPI -00005075 | E39: Material | G39: KG | H39: 0.11 | I39: 20.24 | J39: 2.22
A40: Insumo | B40: 1197 | C40: AGESUL | D40: SARRAFO NAO APARELHADO *2,5 X 7* CM, EM MACARANDUBA/MASSARANDUBA, ANGELIM, PEROBA-ROSA OU EQUIVALENTE DA REGIAO - BRUTA - SINAPI -00004417 | E40: Material | G40: M | H40: 1 | I40: 7.45 | J40: 7.45
A41: Insumo | B41: 4014 | C41: AGESUL | D41: SERVENTE COM ENCARGOS COMPLEMENTARES - SINAPI -88316 | E41: Mão de Obra | G41: H | H41: 2 | I41: 20.74 | J41: 41.48
E42: MO sem LS => | F42: 31.33 | G42: LS => | H42: 35.5 | I42: MO com LS => | J42: 66.83
E43: Valor do BDI => | F43: 122.59488 | H43: Valor com BDI => | J43: 630.65
G44: Quant. => | H44: 4.5 | I44: Preço Total => | J44: 2837.93
A46: 2.2 | B46: Código | C46: Banco | D46: Descrição | E46: Tipo | G46: Und | H46: Quant. | I46: Valor Unit | J46: Total
A47: Composição | B47: 73672 | C47: SINAPI | D47: DESMATAMENTO E LIMPEZA MECANIZADA DE TERRENO COM ARVORES ATE Ø 15CM, UTILIZANDO TRATOR DE ESTEIRAS | E47: SERP - SERVIÇOS PRELIMINARES | G47: m² | H47: 1 | I47: 0.55 | J47: 0.55
A48: Composição Auxiliar | B48: 5851 | C48: SINAPI | D48: TRATOR DE ESTEIRAS, POTÊNCIA 150 HP, PESO OPERACIONAL 16,7 T, COM RODA MOTRIZ ELEVADA E LÂMINA 3,18 M3 - CHP DIURNO. AF_06/2014 | E48: Custos Horários Produtivo e Improdutivo dos Equipamentos | G48: CHP | H48: 0.002 | I48: 264.64 | J48: 0.52
A49: Composição Auxiliar | B49: 88316 | C49: SINAPI | D49: SERVENTE COM ENCARGOS COMPLEMENTARES | E49: Livro SINAPI: Cálculos e Parâmetros | G49: H | H49: 0.0017 | I49: 22.76 | J49: 0.03
E50: MO sem LS => | F50: 0.03 | G50: LS => | H50: 0.04 | I50: MO com LS => | J50: 0.07
E51: Valor do BDI => | F51: 0.132715 | H51: Valor com BDI => | J51: 0.68
G52: Quant. => | H52: 1765.02 | I52: Preço Total => | J52: 1200.21
A54: 2.3 | B54: Código | C54: Banco | D54: Descrição | E54: Tipo | G54: Und | H54: Quant. | I54: Valor Unit | J54: Total
A55: Composição | B55: 93207 | C55: SINAPI | D55: EXECUÇÃO DE ESCRITÓRIO EM CANTEIRO DE OBRA EM CHAPA DE MADEIRA COMPENSADA, NÃO INCLUSO MOBILIÁRIO E EQUIPAMENTOS. AF_02/2016 | E55: CANT - CANTEIRO DE OBRAS | G55: m² | H55: 1 | I55: 1068.42 | J55: 1068.42
A56: Composição Auxiliar | B56: 100556 | C56: SINAPI | D56: CAIXA DE PASSAGEM PARA TELEFONE 15X15X10CM (SOBREPOR), FORNECIMENTO E INSTALACAO. AF_11/2019 | E56: Redes de Lógica, Telefonia e Imagem | G56: UN | H56: 0.0193 | I56: 29.82 | J56: 0.57
A57: Composição Auxiliar | B57: 100665 | C57: SINAPI | D57: JANELA DE MADEIRA - CEDRINHO/ANGELIM OU EQUIVALENTE DA REGIÃO - DE ABRIR COM 4 FOLHAS (2 VENEZIANAS E 2 GUILHOTINAS PARA VIDRO), COM BATENTE, ALIZAR E FERRAGENS. EXCLUSIVE VIDROS, ACABAMENTO E CONTRAMARCO. FORNECIMENTO E INSTALAÇÃO. AF_12/2019 | E57: Esquadrias - Janelas | G57: m² | H57: 0.0964 | I57: 748.97 | J57: 72.2
A58: Composição Auxiliar | B58: 101165 | C58: SINAPI | D58: ALVENARIA DE EMBASAMENTO COM BLOCO ESTRUTURAL DE CONCRETO, DE 14X19X29CM E ARGAMASSA DE ASSENTAMENTO COM PREPARO EM BETONEIRA. AF_05/2020 | E58: Alvenarias Diversas | G58: m³ | H58: 0.0239 | I58: 1084.82 | J58: 25.92
A59: Composição Auxiliar | B59: 101875 | C59: SINAPI | D59: QUADRO DE DISTRIBUIÇÃO DE ENERGIA EM CHAPA DE AÇO GALVANIZADO, DE EMBUTIR, COM BARRAMENTO TRIFÁSICO, PARA 12 DISJUNTORES DIN 100A - FORNECIMENTO E INSTALAÇÃO. AF_10/2020 | E59: Instalações Elétricas - Quadros, Cabos, Disjuntores, Contatores e Barramentos Blindados | G59: UN | H59: 0.0193 | I59: 390.28 | J59: 7.53
A60: Composição Auxiliar | B60: 101891 | C60: SINAPI | D60: DISJUNTOR MONOPOLAR TIPO NEMA, CORRENTE NOMINAL DE 35 ATÉ 50A - FORNECIMENTO E INSTALAÇÃO. AF_10/2020 | E60: Instalações Elétricas - Quadros, Cabos, Disjuntores, Contatores e Barramentos Blindados | G60: UN | H60: 0.1734 | I60: 29.03 | J60: 5.03
A61: Composição Auxiliar | B61: 103328 | C61: SINAPI | D61: ALVENARIA DE VEDAÇÃO DE BLOCOS CERÂMICOS FURADOS NA HORIZONTAL DE 9X19X19 CM (ESPESSURA 9 CM) E ARGAMASSA DE ASSENTAMENTO COM PREPARO EM BETONEIRA. AF_12/2021 | E61: Alvenaria de Vedação | G61: m² | H61: 0.1023 | I61: 98.31 | J61: 10.05
A62: Composição Auxiliar | B62: 86888 | C62: SINAPI | D62: VASO SANITÁRIO SIFONADO COM CAIXA ACOPLADA LOUÇA BRANCA - FORNECIMENTO E INSTALAÇÃO. AF_12/2013 | E62: Louças e Metais | G62: UN | H62: 0.0385 | I62: 576.76 | J62: 22.2
A63: Composição Auxiliar | B63: 86934 | C63: SINAPI | D63: BANCADA DE MÁRMORE SINTÉTICO 120 X 60CM, COM CUBA INTEGRADA, INCLUSO SIFÃO TIPO FLEXÍVEL EM PVC, VÁLVULA EM PLÁSTICO CROMADO TIPO AMERICANA E TORNEIRA CROMADA LONGA, DE PAREDE, PADRÃO POPULAR - FORNECIMENTO E INSTALAÇÃO. AF_12/2013 | E63: Louças e Metais | G63: UN | H63: 0.0193 | I63: 589.68 | J63: 11.38
A64: Composição Auxiliar | B64: 86943 | C64: SINAPI | D64: LAVATÓRIO LOUÇA BRANCA SUSPENSO, 29,5 X 39CM OU EQUIVALENTE, PADRÃO POPULAR, INCLUSO SIFÃO FLEXÍVEL EM PVC, VÁLVULA E ENGATE FLEXÍVEL 30CM EM PLÁSTICO E TORNEIRA CROMADA DE MESA, PADRÃO POPULAR - FORNECIMENTO E INSTALAÇÃO. AF_12/2013 | E64: Louças e Metais | G64: UN | H64: 0.0385 | I64: 294.37 | J64: 11.33
A65: Composição Auxiliar | B65: 87548 | C65: SINAPI | D65: MASSA ÚNICA, EM ARGAMASSA TRAÇO 1:2:8, PREPARO MANUAL, APLICADA MANUALMENTE EM PAREDES INTERNAS DE AMBIENTES COM ÁREA ENTRE 5M² E 10M², E = 10MM, COM TALISCAS. AF_03/2024 | E65: Massa Única Interna | G65: m² | H65: 0.0385 | I65: 29.13 | J65: 1.12
A66: Composição Auxiliar | B66: 87885 | C66: SINAPI | D66: CHAPISCO APLICADO NO TETO OU EM ALVENARIA E ESTRUTURA, COM ROLO PARA TEXTURA ACRÍLICA. ARGAMASSA INDUSTRIALIZADA COM PREPARO EM MISTURADOR 300 KG. AF_10/2022 | E66: Chapisco | G66: m² | H66: 0.2047 | I66: 10.91 | J66: 2.23
... A129: Insumo | B129: 00011587 | C129: SINAPI | D129: FORRO DE PVC LISO, BRANCO, REGUA DE 10 CM, ESPESSURA DE 8 MM A 10 MM (COM COLOCACAO / SEM ESTRUTURA METALICA) | E129: Material | G129: m² | H129: 0.9938 | I129: 107.22 | J129: 106.55
E130: MO sem LS => | F130: 110.42 | G130: LS => | H130: 125.16 | I130: MO com LS => | J130: 235.58
E131: Valor do BDI => | F131: 257.80975 | H131: Valor com BDI => | J131: 1326.23
G132: Quant. => | H132: 5 | I132: Preço Total => | J132: 6631.15
A134: 2.4 | B134: Código | C134: Banco | D134: Descrição | E134: Tipo | G134: Und | H134: Quant. | I134: Valor Unit | J134: Total
A135: Composição | B135: 98531 | C135: SINAPI | D135: CORTE RASO E RECORTE DE ÁRVORE COM DIÂMETRO DE TRONCO MAIOR OU IGUAL A 0,60 M. AF_03/2024 | E135: Supressão Vegetal | G135: UN | H135: 1 | I135: 408.85 | J135: 408.85
A136: Composição Auxiliar | B136: 88316 | C136: SINAPI | D136: SERVENTE COM ENCARGOS COMPLEMENTARES | E136: Livro SINAPI: Cálculos e Parâmetros | G136: H | H136: 6.0596 | I136: 22.76 | J136: 137.91
A137: Composição Auxiliar | B137: 88441 | C137: SINAPI | D137: JARDINEIRO COM ENCARGOS COMPLEMENTARES | E137: Livro SINAPI: Cálculos e Parâmetros | G137: H | H137: 3.2232 | I137: 27.2 | J137: 87.67
A138: Composição Auxiliar | B138: 89272 | C138: SINAPI | D138: GUINDASTE HIDRÁULICO AUTOPROPELIDO, COM LANÇA TELESCÓPICA 28,80 M, CAPACIDADE MÁXIMA 30 T, POTÊNCIA 97 KW, TRAÇÃO 4 X 4 - CHP DIURNO. AF_11/2014 | E138: Custos Horários Produtivo e Improdutivo dos Equipamentos | G138: CHP | H138: 0.2112 | I138: 226.16 | J138: 47.76
A139: Composição Auxiliar | B139: 89273 | C139: SINAPI | D139: GUINDASTE HIDRÁULICO AUTOPROPELIDO, COM LANÇA TELESCÓPICA 28,80 M, CAPACIDADE MÁXIMA 30 T, POTÊNCIA 97 KW, TRAÇÃO 4 X 4 - CHI DIURNO. AF_11/2014 | E139: Custos Horários Produtivo e Improdutivo dos Equipamentos | G139: CHI | H139: 1.1953 | I139: 113.37 | J139: 135.51
E140: MO sem LS => | F140: 65.74 | G140: LS => | H140: 74.51 | I140: MO com LS => | J140: 140.25
E141: Valor do BDI => | F141: 98.655505 | H141: Valor com BDI => | J141: 507.51
G142: Quant. => | H142: 34 | I142: Preço Total => | J142: 17255.34
A144: 2.5 | B144: Código | C144: Banco | D144: Descrição | E144: Tipo | G144: Und | H144: Quant. | I144: Valor Unit | J144: Total
A145: Composição | B145: 93208 | C145: SINAPI | D145: EXECUÇÃO DE ALMOXARIFADO EM CANTEIRO DE OBRA EM CHAPA DE MADEIRA COMPENSADA, INCLUSO PRATELEIRAS. AF_02/2016 | E145: CANT - CANTEIRO DE OBRAS | G145: m² | H145: 1 | I145: 860.93 | J145: 860.93
A146: Composição Auxiliar | B146: 101165 | C146: SINAPI | D146: ALVENARIA DE EMBASAMENTO COM BLOCO ESTRUTURAL DE CONCRETO, DE 14X19X29CM E ARGAMASSA DE ASSENTAMENTO COM PREPARO EM BETONEIRA. AF_05/2020 | E146: Alvenarias Diversas | G146: m³ | H146: 0.0269 | I146: 1084.82 | J146: 29.18
A147: Composição Auxiliar | B147: 101876 | C147: SINAPI | D147: QUADRO DE DISTRIBUIÇÃO DE ENERGIA EM PVC, DE EMBUTIR, SEM BARRAMENTO, PARA 6 DISJUNTORES - FORNECIMENTO E INSTALAÇÃO. AF_07/2025 | E147: Instalações Elétricas - Quadros, Cabos, Disjuntores, Contatores e Barramentos Blindados | G147: UN | H147: 0.0252 | I147: 109.93 | J147: 2.77
A148: Composição Auxiliar | B148: 101891 | C148: SINAPI | D148: DISJUNTOR MONOPOLAR TIPO NEMA, CORRENTE NOMINAL DE 35 ATÉ 50A - FORNECIMENTO E INSTALAÇÃO. AF_10/2020 | E148: Instalações Elétricas - Quadros, Cabos, Disjuntores, Contatores e Barramentos Blindados | G148: UN | H148: 0.0504 | I148: 29.03 | J148: 1.46
A149: Composição Auxiliar | B149: 88262 | C149: SINAPI | D149: CARPINTEIRO DE FORMAS COM ENCARGOS COMPLEMENTARES | E149: Livro SINAPI: Cálculos e Parâmetros | G149: H | H149: 0.9794 | I149: 27.74 | J149: 27.16
A150: Composição Auxiliar | B150: 88489 | C150: SINAPI | D150: PINTURA LÁTEX ACRÍLICA PREMIUM, APLICAÇÃO MANUAL EM PAREDES, DUAS DEMÃOS. AF_04/2023 | E150: Pintura Interna | G150: m² | H150: 3.7457 | I150: 13.33 | J150: 49.93
A151: Composição Auxiliar | B151: 91170 | C151: SINAPI | D151: FIXAÇÃO DE TUBOS HORIZONTAIS DE PVC, CPVC OU COBRE DIÂMETROS MENORES OU IGUAIS A 40 MM OU ELETROCALHAS ATÉ 150MM DE LARGURA, COM ABRAÇADEIRA METÁLICA RÍGIDA TIPO D 1/2, FIXADA EM PERFILADO EM LAJE. AF_05/2015 | E151: Rasgos e Fixações | G151: M | H151: 0.2518 | I151: 12.81 | J151: 3.22
A152: Composição Auxiliar | B152: 91173 | C152: SINAPI | D152: FIXAÇÃO DE TUBOS VERTICAIS DE PPR DIÂMETROS MENORES OU IGUAIS A 40 MM COM ABRAÇADEIRA METÁLICA RÍGIDA TIPO D 1/2", FIXADA EM PERFILADO EM ALVENARIA. AF_05/2015 | E152: Rasgos e Fixações | G152: M | H152: 0.2266 | I152: 4.78 | J152: 1.08
A153: Composição Auxiliar | B153: 91341 | C153: SINAPI | D153: PORTA EM ALUMÍNIO DE ABRIR TIPO VENEZIANA COM GUARNIÇÃO, FIXAÇÃO COM PARAFUSOS - FORNECIMENTO E INSTALAÇÃO. AF_08/2015 | E153: Esquadrias - Portas | G153: m² | H153: 0.0634 | I153: 748.65 | J153: 47.46
A154: Composição Auxiliar | B154: 91862 | C154: SINAPI | D154: ELETRODUTO RÍGIDO ROSCÁVEL, PVC, DN 20 MM (1/2"), PARA CIRCUITOS TERMINAIS, INSTALADO EM FORRO - FORNECIMENTO E INSTALAÇÃO. AF_12/2015 | E154: Instalações Elétricas - Eletrodutos Embutidos, Cabos, Caixas, Tomadas e Interruptores | G154: M | H154: 0.2518 | I154: 10.03 | J154: 2.52
A155: Composição Auxiliar | B155: 91870 | C155: SINAPI | D155: ELETRODUTO RÍGIDO ROSCÁVEL, PVC, DN 20 MM (1/2"), PARA CIRCUITOS TERMINAIS, INSTALADO EM PAREDE - FORNECIMENTO E INSTALAÇÃO. AF_12/2015 | E155: Instalações Elétricas - Eletrodutos Embutidos, Cabos, Caixas, Tomadas e Interruptores | G155: M | H155: 0.2266 | I155: 13.22 | J155: 2.99
A156: Composição Auxiliar | B156: 91911 | C156: SINAPI | D156: CURVA 90 GRAUS PARA ELETRODUTO, PVC, ROSCÁVEL, DN 20 MM (1/2"), PARA CIRCUITOS TERMINAIS, INSTALADA EM PAREDE - FORNECIMENTO E INSTALAÇÃO. AF_12/2015 | E156: Instalações Elétricas - Eletrodutos Embutidos, Cabos, Caixas, Tomadas e Interruptores | G156: UN | H156: 0.0755 | I156: 16.95 | J156: 1.27
... A187: Insumo | B187: 00011587 | C187: SINAPI | D187: FORRO DE PVC LISO, BRANCO, REGUA DE 10 CM, ESPESSURA DE 8 MM A 10 MM (COM COLOCACAO / SEM ESTRUTURA METALICA) | E187: Material | G187: m² | H187: 1 | I187: 107.22 | J187: 107.22
E188: MO sem LS => | F188: 81.26 | G188: LS => | H188: 92.09 | I188: MO com LS => | J188: 173.35
E189: Valor do BDI => | F189: 207.74241 | H189: Valor com BDI => | J189: 1068.67
G190: Quant. => | H190: 5 | I190: Preço Total => | J190: 5343.35
A192: 2.6 | B192: Código | C192: Banco | D192: Descrição | E192: Tipo | G192: Und | H192: Quant. | I192: Valor Unit | J192: Total
A193: Composição | B193: 93210 | C193: SINAPI | D193: EXECUÇÃO DE REFEITÓRIO EM CANTEIRO DE OBRA EM CHAPA DE MADEIRA COMPENSADA, NÃO INCLUSO MOBILIÁRIO E EQUIPAMENTOS. AF_02/2016 | E193: CANT - CANTEIRO DE OBRAS | G193: m² | H193: 1 | I193: 624.27 | J193: 624.27
A194: Composição Auxiliar | B194: 101165 | C194: SINAPI | D194: ALVENARIA DE EMBASAMENTO COM BLOCO ESTRUTURAL DE CONCRETO, DE 14X19X29CM E ARGAMASSA DE ASSENTAMENTO COM PREPARO EM BETONEIRA. AF_05/2020 | E194: Alvenarias Diversas | G194: m³ | H194: 0.04 | I194: 1084.82 | J194: 43.39
A195: Composição Auxiliar | B195: 101876 | C195: SINAPI | D195: QUADRO DE DISTRIBUIÇÃO DE ENERGIA EM PVC, DE EMBUTIR, SEM BARRAMENTO, PARA 6 DISJUNTORES - FORNECIMENTO E INSTALAÇÃO. AF_07/2025 | E195: Instalações Elétricas - Quadros, Cabos, Disjuntores, Contatores e Barramentos Blindados | G195: UN | H195: 0.0268 | I195: 109.93 | J195: 2.94
A196: Composição Auxiliar | B196: 101891 | C196: SINAPI | D196: DISJUNTOR MONOPOLAR TIPO NEMA, CORRENTE NOMINAL DE 35 ATÉ 50A - FORNECIMENTO E INSTALAÇÃO. AF_10/2020 | E196: Instalações Elétricas - Quadros, Cabos, Disjuntores, Contatores e Barramentos Blindados | G196: UN | H196: 0.1074 | I196: 29.03 | J196: 3.11
A197: Composição Auxiliar | B197: 86934 | C197: SINAPI | D197: BANCADA DE MÁRMORE SINTÉTICO 120 X 60CM, COM CUBA INTEGRADA, INCLUSO SIFÃO TIPO FLEXÍVEL EM PVC, VÁLVULA EM PLÁSTICO CROMADO TIPO AMERICANA E TORNEIRA CROMADA LONGA, DE PAREDE, PADRÃO POPULAR - FORNECIMENTO E INSTALAÇÃO. AF_12/2013 | E197: Louças e Metais | G197: UN | H197: 0.0268 | I197: 589.68 | J197: 15.8
A198: Composição Auxiliar | B198: 86943 | C198: SINAPI | D198: LAVATÓRIO LOUÇA BRANCA SUSPENSO, 29,5 X 39CM OU EQUIVALENTE, PADRÃO POPULAR, INCLUSO SIFÃO FLEXÍVEL EM PVC, VÁLVULA E ENGATE FLEXÍVEL 30CM EM PLÁSTICO E TORNEIRA CROMADA DE MESA, PADRÃO POPULAR - FORNECIMENTO E INSTALAÇÃO. AF_12/2013 | E198: Louças e Metais | G198: UN | H198: 0.0268 | I198: 294.37 | J198: 7.88
A199: Composição Auxiliar | B199: 88262 | C199: SINAPI | D199: CARPINTEIRO DE FORMAS COM ENCARGOS COMPLEMENTARES | E199: Livro SINAPI: Cálculos e Parâmetros | G199: H | H199: 1.1155 | I199: 27.74 | J199: 30.94
...

Sheet OR
D1: Obra | E1: Bancos | F1: B.D.I. | I1: Encargos Sociais
D2: =OS!D2 -> REVITALIZAÇÃO LAGOA DO SAPO (ETAPA 1) | E2: SINAPI - 01/2026 - Mato Grosso do Sul ORSE - 12/2025 - Sergipe SEINFRA - 028 - Ceará CPOS/CDHU - 01/2026 - São Paulo FDE - 10/2025 - São Paulo AGESUL - 06/2025 - Mato Grosso do Sul | F2: 24,13% | I2: Não Desonerado: Horista: 113,34% Mensalista: 70,31%
A3: Planilha Orçamentária Resumida
A4: Item | D4: Descrição | I4: Total | J4: Total com BDI | K4: Peso (%)
A5: 1 | D5: ADMINISTRAÇÃO LOCAL | I5: =SUMIF(OS!$A$5:$A$157,OR!A5,OS!$I$5:$I$157) -> 22293.6 | J5: =SUMIF(OS!$A$5:$A$157,OR!A5,OS!$J$5:JI$157) -> 27672 | K5: =J5/$I$24 -> 0.027406221
A6: 2 | D6: SERVIÇOS PRELIMINARES | I6: =SUMIF(OS!$A$5:$A$157,OR!A6,OS!$I$5:$I$157) -> 42892.943 | J6: =SUMIF(OS!$A$5:$A$157,OR!A6,OS!$J$5:JI$157) -> 53237.833 | K6: =J6/$I$24 -> 0.052726504
A7: 3 | D7: DEMOLIÇÃO E MOVIMENTAÇÃO DE TERRA | I7: =SUMIF(OS!$A$5:$A$157,OR!A7,OS!$I$5:$I$157) -> 104566.13 | J7: =SUMIF(OS!$A$5:$A$157,OR!A7,OS!$J$5:JI$157) -> 129762.02 | K7: =J7/$I$24 -> 0.12851571
A8: 4 | D8: INFRAESTRUTURA | I8: =SUMIF(OS!$A$5:$A$157,OR!A8,OS!$I$5:$I$157) -> 0 | J8: =SUMIF(OS!$A$5:$A$157,OR!A8,OS!$J$5:JI$157) -> 0 | K8: =J8/$I$24 -> 0
A9: 5 | D9: SUPERESTRUTURA | I9: =SUMIF(OS!$A$5:$A$157,OR!A9,OS!$I$5:$I$157) -> 0 | J9: =SUMIF(OS!$A$5:$A$157,OR!A9,OS!$J$5:JI$157) -> 0 | K9: =J9/$I$24 -> 0
A10: 6 | D10: IMPERMEABILIZAÇÃO | I10: =SUMIF(OS!$A$5:$A$157,OR!A10,OS!$I$5:$I$157) -> 0 | J10: =SUMIF(OS!$A$5:$A$157,OR!A10,OS!$J$5:JI$157) -> 0 | K10: =J10/$I$24 -> 0
A11: 7 | D11: ALVENARIA | I11: =SUMIF(OS!$A$5:$A$157,OR!A11,OS!$I$5:$I$157) -> 17321.707 | J11: =SUMIF(OS!$A$5:$A$157,OR!A11,OS!$J$5:JI$157) -> 21501.209 | K11: =J11/$I$24 -> 0.021294698
A12: 8 | D12: COBERTURA DO DECK | I12: =SUMIF(OS!$A$5:$A$157,OR!A12,OS!$I$5:$I$157) -> 0 | J12: =SUMIF(OS!$A$5:$A$157,OR!A12,OS!$J$5:JI$157) -> 0 | K12: =J12/$I$24 -> 0
A13: 9 | D13: REVESTIMENTO ALVENARIA | I13: =SUMIF(OS!$A$5:$A$157,OR!A13,OS!$I$5:$I$157) -> 12107.52 | J13: =SUMIF(OS!$A$5:$A$157,OR!A13,OS!$J$5:JI$157) -> 15026.688 | K13: =J13/$I$24 -> 0.014882362
A14: 10 | D14: PAVIMENTAÇÃO | I14: =SUMIF(OS!$A$5:$A$157,OR!A14,OS!$I$5:$I$157) -> 389141.7 | J14: =SUMIF(OS!$A$5:$A$157,OR!A14,OS!$J$5:JI$157) -> 482984.6 | K14: =J14/$I$24 -> 0.47834572
A15: 11 | D15: PINTURA | I15: =SUMIF(OS!$A$5:$A$157,OR!A15,OS!$I$5:$I$157) -> 15849.984 | J15: =SUMIF(OS!$A$5:$A$157,OR!A15,OS!$J$5:JI$157) -> 19668.96 | K15: =J15/$I$24 -> 0.019480047
A16: 12 | D16: INSTALAÇÃO ELETRICA | I16: =SUMIF(OS!$A$5:$A$157,OR!A16,OS!$I$5:$I$157) -> 0 | J16: =SUMIF(OS!$A$5:$A$157,OR!A16,OS!$J$5:JI$157) -> 0 | K16: =J16/$I$24 -> 0
... A20: 16 | D20: SERVIÇOS FINAIS | I20: =SUMIF(OS!$A$5:$A$157,OR!A20,OS!$I$5:$I$157) -> 45593.928 | J20: =SUMIF(OS!$A$5:$A$157,OR!A20,OS!$J$5:JI$157) -> 56355.228 | K20: =J20/$I$24 -> 0.055813958
J21: =SUM(J5:J20) -> 1009697.8
G22: Total sem BDI | I22: =SUM(I5:I20) -> 813704.22
G23: Total do BDI | I23: =I24-I22 -> 195993.53
G24: Total Geral | I24: =SUM(J5:J20) -> 1009697.8
A26: _______________________________________________________________ GABRIEL JORGE DOS SANTOS BARBOSA ENGENHEIRO CIVIL CREA 8082/D-MS
A28: _______________________________________________________________ GERMINO DA ROZ SILVA PREFEITO MUNICIPAL

Sheet MC
B1: Obra
B2: =OS!D2 -> REVITALIZAÇÃO LAGOA DO SAPO (ETAPA 1) | K2: 2233245.6 | M2: 1100000 | N2: =M2/K2 -> 0.49255666
A3: Memória de Cálculo | G3: Revisão de quantitativo
A4: Item | B4: Descrição | C4: Und | D4: Quant. | E4: Memória de Cálculo | J4: 6
A5: 1 | B5: ADMINISTRAÇÃO LOCAL
A6: 1.1 | B6: MESTRE DE OBRAS COM ENCARGOS COMPLEMENTARES | C6: H | D6: 120 | E6: = Mestre de Obras - 1 hora ao dia x 20 dias ao mês x 6 meses de Obra | F6: ok | H6: =3*0.4 -> 1.2 | J6: =20*6 -> 120
A7: 1.2 | B7: ENGENHEIRO CIVIL DE OBRA JUNIOR COM ENCARGOS COMPLEMENTARES | C7: H | D7: 120 | E7: = Engenheiro Civil - 1 hora ao dia x 20 dias ao mês x 6 meses de Obra | F7: ok
A8: 2 | B8: SERVIÇOS PRELIMINARES
A9: 2.1 | B9: PLACA DE OBRA EM CHAPA GALVANIZADA N. 22, ADESIVADA | C9: m² | D9: 4,5 | E9: = Dimensões 4,50m² | F9: ok
A10: 2.2 | B10: DESMATAMENTO E LIMPEZA MECANIZADA DE TERRENO COM ARVORES ATE Ø 15CM, UTILIZANDO TRATOR DE ESTEIRAS | C10: m² | D10: 1.765,02 | E10: = Dimensões:  Área do terreno sem pavimentação: Grama Quadra Lagoa - 1.225,38m² Grama Quadra Prefeitura - 539,64m² Total = 1225,38m² + 539,64m² = 1.765,02m² | F10: ok
A11: 2.3 | B11: EXECUÇÃO DE ESCRITÓRIO EM CANTEIRO DE OBRA EM CHAPA DE MADEIRA COMPENSADA, NÃO INCLUSO MOBILIÁRIO E EQUIPAMENTOS. AF_02/2016 | C11: m² | D11: 5,0 | E11: = Dimensões Escritório: 5,00m² | F11: ok
A12: 2.4 | B12: CORTE RASO E RECORTE DE ÁRVORE COM DIÂMETRO DE TRONCO MAIOR OU IGUAL A 0,60 M. AF_03/2024 | C12: UN | D12: 34,0 | E12: = Árvores que serão retiradas - 34unidades | F12: ok
A13: 2.5 | B13: EXECUÇÃO DE ALMOXARIFADO EM CANTEIRO DE OBRA EM CHAPA DE MADEIRA COMPENSADA, INCLUSO PRATELEIRAS. AF_02/2016 | C13: m² | D13: 5,0 | E13: = Dimensões Almoxarifado: 5,00m² | F13: ok
A14: 2.6 | B14: EXECUÇÃO DE REFEITÓRIO EM CANTEIRO DE OBRA EM CHAPA DE MADEIRA COMPENSADA, NÃO INCLUSO MOBILIÁRIO E EQUIPAMENTOS. AF_02/2016 | C14: m² | D14: 5,0 | E14: = Dimensões Refeitório: 5,00m² | F14: ok
A15: 2.7 | B15: LOCAÇÃO CONVENCIONAL DE OBRA, UTILIZANDO GABARITO DE TÁBUAS CORRIDAS PONTALETADAS A CADA 2,00M - 2 UTILIZAÇÕES. AF_03/2024 | C15: M | D15: 201,6 | E15: =  Área intervenção reforma: PERGOLADO – 1,00m + 5,00m + 1,00m + 1,00m + 7,80m + 1,00m + 1,00m + 5,00m + 1,00m + 1,00m + 7,80m + 1,00m = 33,60m x 06 unidades = 201,60m | F15: ok
A16: 3 | B16: DEMOLIÇÃO E MOVIMENTAÇÃO DE TERRA
A17: 3.1 | B17: CALÇADAS
A18: 3.1.1 | B18: DEMOLIÇÃO DE PISO DE CONCRETO SIMPLES, DE FORMA MECANIZADA COM MARTELETE, SEM REAPROVEITAMENTO. AF_09/2023 | C18: m³ | D18: =1031.87*0.15 -> 154.7805 | E18: =  Área calçada a ser demolida - 1.031,87m² x 0,15cm de altura | F18: ok
A19: 3.1.2 | B19: RETIRADA DE GRADIL E ALAMBRADO | C19: M² | D19: 624,4 | E19: =  Dimensões alambrado cerca á remover: 416,40m x 1,50m de altura = 624,60m² (ETAPA 2) | F19: ok
A20: 3.1.3 | B20: ATERRO MANUAL EM CAMADAS DE 20 CM, UMIDECIDAS E FORTEMENTE APILOADAS, COM AQUISICAO DE TERRA | C20: m³ | D20: =154.78+156.23 -> 311.01 | E20: =  Área calçada a construir: Quadra prefeitura -1.031,87 m² x 0,15cm de altura = 154,78m³ Quadra Lagoa do sapo - 1.041,54m² x 0,15cm de altura = 156,23m³ TOTAL = 154,78m³ + 156,23m³ | F20: ok
A21: 3.1.4 | B21: REGULARIZAÇÃO E COMPACTAÇÃO DE SUBLEITO DE SOLO PREDOMINANTEMENTE ARENOSO, PARA OBRAS DE CONSTRUÇÃO DE PAVIMENTOS. AF_09/2024 | C21: m² | D21: =1031.87+1041.54 -> 2073.41 | E21: =  Área calçada a construir: Quadra prefeitura - 1.031,87m² Quadra Lagoa do sapo - 1.041,54m² TOTAL = 1.031,87m² + 1.041,54m² | F21: ok
A22: 3.2 | B22: RUA
A23: 3.2.1 | B23: DEMOLIÇÃO PARCIAL DE PAVIMENTO ASFÁLTICO, DE FORMA MECANIZADA, SEM REAPROVEITAMENTO. AF_09/2023 | C23: m² | D23: 467,17 | E23: =  Área asfalto á demolir - 461,17m² | F23: ok
A24: 3.2.2 | B24: ATERRO MANUAL EM CAMADAS DE 20 CM, UMIDECIDAS E FORTEMENTE APILOADAS, COM AQUISICAO DE TERRA | C24: m³ | D24: 69,17 | E24: =  Área asfalto á demolir - 461,17m² x 015m de altura = 69,17m³ | F24: ok
A25: 3.2.3 | B25: REGULARIZAÇÃO E COMPACTAÇÃO DE SUBLEITO DE SOLO PREDOMINANTEMENTE ARENOSO, PARA OBRAS DE CONSTRUÇÃO DE PAVIMENTOS. AF_09/2024 | C25: m² | D25: 467,17 | E25: =  Área asfalto á demolir - 461,17m² | F25: ok
A26: 4 | B26: INFRAESTRUTURA
A27: 4.1 | B27: ESTACA TRAVADA
A28: 4.1.1 | B28: ESTACA PRÉ-MOLDADA DE CONCRETO SEÇÃO QUADRADA, CAPACIDADE DE 50 TONELADAS, INCLUSO EMENDA (EXCLUSIVE MOBILIZAÇÃO E DESMOBILIZAÇÃO). AF_12/2019 | C28: M | D28: 0 | E28: = =  Comprimento total das estacas quadrada 16x16cm x 5,00m de comprimento (93 unidades) = 465,00m  Comprimento total escavado: 465,00m (ETAPA 2) | F28: ok
A29: 4.1.2 | B29: ARRASAMENTO MECANICO DE ESTACA DE CONCRETO ARMADO, DIAMETROS DE ATÉ 40 CM. AF_05/2021 | C29: UN | D29: 0 | E29: = =  Estacas quadrada 16x16cm x 5,00m de comprimento = 93 unidades (ETAPA 2) | F29: ok
A30: 4.2 | B30: BLOCO DE COROAMENTO
A31: 4.2.1 | B31: ESCAVAÇÃO MANUAL PARA BLOCO DE COROAMENTO OU SAPATA (INCLUINDO ESCAVAÇÃO PARA COLOCAÇÃO DE FÔRMAS). AF_01/2024 | C31: m³ | D31: 0 | E31: =  Bloco de Coroamento: Volume de Concreto = 10,34m³X1,1(10%)=11,37m³.  Volume de escavação total: 11,37m³.v (ETAPA 2) | F31: ok
A32: 4.2.2 | B32: FABRICAÇÃO, MONTAGEM E DESMONTAGEM DE FÔRMA PARA BLOCO DE COROAMENTO, EM MADEIRA SERRADA, E=25 MM, 4 UTILIZAÇÕES. AF_01/2024 | C32: m² | D32: 0 | E32: =  Bloco de Coroamento: Forma lateral = 100,19m²  Área total: 100,19m² (ETAPA 2) | F32: ok
A33: 4.2.3 | B33: LASTRO DE CONCRETO MAGRO, APLICADO EM BLOCOS DE COROAMENTO OU SAPATAS, ESPESSURA DE 3 CM. AF_01/2024 | C33: m² | D33: 0 | E33: =  Bloco de Coroamento: Lastro de concreto = 21,60m²  Área total: 21,60m² (ETAPA 2) | F33: ok
A34: 4.2.4 | B34: CONCRETAGEM DE BLOCO DE COROAMENTO OU VIGA BALDRAME, FCK 30 MPA, COM USO DE JERICA - LANÇAMENTO, ADENSAMENTO E ACABAMENTO. AF_01/2024 | C34: m³ | D34: 0 | E34: =  Bloco de Coroamento: Volume de Concreto = 10,34m³.  Volume de concreto total: 10,34m³. (ETAPA 2) | F34: ok
A35: 4.2.5 | B35: CORTE E DOBRA DE AÇO CA-50, DIÂMETRO DE 16,0 MM. AF_06/2022 | C35: KG | D35: 0 | E35: =  Aço CA 50 16,00mm: 323,10Kg  Total de aço CA 50 16,00mm: 323,10Kg (ETAPA 2) | F35: ok
A36: 4.2.6 | B36: CORTE E DOBRA DE AÇO CA-50, DIÂMETRO DE 12,5 MM. AF_06/2022 | C36: KG | D36: 0 | E36: =  Aço CA 50 12,50mm: 221,00Kg  Total de aço CA 50 12,50mm: 221,00Kg (ETAPA 2) | F36: ok
A37: 4.2.7 | B37: CORTE E DOBRA DE AÇO CA-50, DIÂMETRO DE 10,0 MM. AF_06/2022 | C37: KG | D37: 0 | E37: =  Aço CA 50 10,00mm: 1.170,30Kg  Total de aço CA 50 10,00mm: 1.170,30Kg (ETAPA 2) | F37: ok
A38: 4.2.8 | B38: CORTE E DOBRA DE AÇO CA-60, DIÂMETRO DE 5,0 MM. AF_06/2022 | C38: KG | D38: 0 | E38: =  Aço CA 60 5,00mm: 47,60Kg  Total de aço CA 60 5,00mm: 47,60Kg (ETAPA 2) | F38: ok
A39: 4.2.9 | B39: CORTE E DOBRA DE AÇO CA-60, DIÂMETRO DE 4,2 MM, UTILIZADO EM LAJE. AF_12/2015 | C39: KG | D39: 0 | E39: =  Aço CA 60 4,20mm: 32,20Kg  Total de aço CA 60 4,20mm: 32,20Kg (ETAPA 2) | F39: ok
A40: 5 | B40: SUPERESTRUTURA
A41: 5.1 | B41: PILARES
A42: 5.1.1 | B42: MONTAGEM E DESMONTAGEM DE FÔRMA DE PILARES RETANGULARES E ESTRUTURAS SIMILARES, PÉ-DIREITO SIMPLES, EM CHAPA DE MADEIRA COMPENSADA RESINADA, 6 UTILIZAÇÕES. AF_09/2020 | C42: m² | D42: 0 | E42: =  Pilares da edificação: Formas: 193,13m²  Área total forma (desforma): 193,13m². (ETAPA 2) | F42: ok
A43: 5.1.2 | B43: CONCRETAGEM DE PILARES, FCK = 25 MPA, COM USO DE BOMBA - LANÇAMENTO, ADENSAMENTO E ACABAMENTO. AF_02/2022_PS | C43: m³ | D43: 0 | E43: =  Pilares da edificação: Concreto: 9,92m³  Volume total concreto (concreto): 9,92m³. (ETAPA 2) | F43: ok
A44: 5.1.3 | B44: CORTE E DOBRA DE AÇO CA-50, DIÂMETRO DE 16,0 MM. AF_06/2022 | C44: KG | D44: 0 | E44: =  Aço CA 50 16,00mm: 450,30Kg  Total de aço CA 50 16,00mm: 450,30Kg (ETAPA 2) | F44: ok
A45: 5.1.4 | B45: CORTE E DOBRA DE AÇO CA-50, DIÂMETRO DE 12,5 MM. AF_06/2022 | C45: KG | D45: 0 | E45: =  Aço CA 50 12,50mm: 132,10Kg  Total de aço CA 50 12,50mm: 132,10Kg (ETAPA 2) | F45: ok
A46: 5.1.5 | B46: CORTE E DOBRA DE AÇO CA-50, DIÂMETRO DE 10,0 MM. AF_06/2022 | C46: KG | D46: 0 | E46: =  Aço CA 50 10,00mm: 1.091,00Kg  Aço CA 50: 1.091,00Kg (ETAPA 2) | F46: ok
A47: 5.1.6 | B47: CORTE E DOBRA DE AÇO CA-50, DIÂMETRO DE 8,0 MM. AF_06/2022 | C47: KG | D47: 0 | E47: =  Aço CA 50 8,00mm: 1,30Kg  Aço CA 50: 1,30Kg (ETAPA 2) | F47: ok
A48: 5.1.7 | B48: CORTE E DOBRA DE AÇO CA-60, DIÂMETRO DE 5,0 MM. AF_06/2022 | C48: KG | D48: 0 | E48: =  Aço CA 60 5,00mm: 293,60kg  Aço CA 60: 293,60Kg (ETAPA 2) | F48: ok
A49: 5.2 | B49: VIGAS NÍVEL 0,00M
A50: 5.2.1 | B50: MONTAGEM E DESMONTAGEM DE FÔRMA DE VIGA, ESCORAMENTO COM PONTALETE DE MADEIRA, PÉ-DIREITO SIMPLES, EM MADEIRA SERRADA, 4 UTILIZAÇÕES. AF_09/2020 | C50: m² | D50: 0 | E50: =  Viga Nível 0,00m: Formas: 204,04m²  Área total forma (desforma): 204,04m². (ETAPA 2) | F50: ok
A51: 5.2.2 | B51: CONCRETO FCK = 25MPA, TRAÇO 1:2,3:2,7 (CIMENTO/ AREIA MÉDIA/ BRITA 1) - PREPARO MECÂNICO COM BETONEIRA 600 L. AF_07/2016 | C51: m³ | D51: 0 | E51: =  Viga Baldrame: Volume de Concreto = 36,06m³  Volume total: 36,06m³. (ETAPA 2) | F51: ok
A52: 5.2.3 | B52: CORTE E DOBRA DE AÇO CA-50, DIÂMETRO DE 12,5 MM. AF_06/2022 | C52: KG | D52: 0 | E52: =  Aço CA 50 12,50mm: 2,80Kg  Total de aço CA 50 12,50mm: 2,80Kg (ETAPA 2) | F52: ok
A53: 5.2.4 | B53: CORTE E DOBRA DE AÇO CA-50, DIÂMETRO DE 10,0 MM. AF_06/2022 | C53: KG | D53: 0 | E53: =  Aço CA 50 10,00mm: 856,20Kg  Total de aço CA 50 10,00mm: 856,20Kg (ETAPA 2) | F53: ok
A54: 5.2.5 | B54: CORTE E DOBRA DE AÇO CA-50, DIÂMETRO DE 8,0 MM. AF_06/2022 | C54: KG | D54: 0 | E54: =  Aço CA 50 8,00mm: 689,60Kg  Aço CA 50: 689,60Kg (ETAPA 2) | F54: ok
A55: 5.2.6 | B55: CORTE E DOBRA DE AÇO CA-60, DIÂMETRO DE 5,0 MM. AF_06/2022 | C55: KG | D55: 0 | E55: =  Aço CA 60 5,00mm: 516,00Kg  Total de aço CA 60 5,00mm: 516,00Kg (ETAPA 2) | F55: ok
A56: 5.3 | B56: LAJE MACIÇA NÍVEL 0,00M
A57: 5.3.1 | B57: ESCORAMENTO DE FÔRMAS DE LAJE EM MADEIRA NÃO APARELHADA, PÉ-DIREITO SIMPLES, INCLUSO TRAVAMENTO, 4 UTILIZAÇÕES. AF_09/2020 | C57: m³ | D57: 0 | E57: =  Laje Maciça Nível 0,00m: Escoramento: 440,16m²  Área total de escoramento: 440,16m². (ETAPA 2) | F57: ok
A58: 5.3.2 | B58: FABRICAÇÃO DE FÔRMA PARA LAJES, EM CHAPA DE MADEIRA COMPENSADA RESINADA, E = 17 MM. AF_09/2020 | C58: m² | D58: 0 | E58: =  Laje Maciça Nível 0,00m: Formas: 440,16m²  Área total forma (desforma): 440,16m². (ETAPA 2) | F58: ok
A59: 5.3.3 | B59: CONCRETAGEM DE VIGAS E LAJES, FCK=25 MPA, PARA LAJES MACIÇAS OU NERVURADAS COM GRUA DE CAÇAMBA DE 500 L EM EDIFICAÇÃO DE MULTIPAVIMENTOS ATÉ 16 ANDARES - LANÇAMENTO, ADENSAMENTO E ACABAMENTO. AF_02/2022 | C59: m³ | D59: 0 | E59: =  Laje Maciça Nível 0,00m: Volume de Concreto = 66,02m³  Volume total: 66,02m³. (ETAPA 2) | F59: ok
A60: 5.3.4 | B60: CORTE E DOBRA DE AÇO CA-50, DIÂMETRO DE 6,3 MM. AF_06/2022 | C60: KG | D60: 0 | E60: =  Aço CA 50 6,30mm: 1.933,50Kg  Aço CA 50: 1.933,50Kg (ETAPA 2) | F60: ok
A61: 5.3.5 | B61: CORTE E DOBRA DE AÇO CA-60, DIÂMETRO DE 5,0 MM. AF_06/2022 | C61: KG | D61: 0 | E61: =  Aço CA 60 5,00mm: 928,00Kg  Total de aço CA 60 5,00mm: 928,00Kg (ETAPA 2) | F61: ok
A62: 6 | B62: IMPERMEABILIZAÇÃO
A63: 6.1 | B63: IMPERMEABILIZAÇÃO DE SUPERFÍCIE COM ARGAMASSA POLIMÉRICA / MEMBRANA ACRÍLICA, 3 DEMÃOS. AF_09/2023 | C63: m² | D63: 0 | E63: =  Viga Baldrame: Forma = 204,04m² (ETAPA 2) | F63: ok
A64: 6.2 | B64: PROTEÇÃO MECÂNICA DE SUPERFÍCIE HORIZONTAL COM ARGAMASSA DE CIMENTO E AREIA, TRAÇO 1:3, E=2CM. AF_09/2023 | C64: m² | D64: 0 | E64: =  Dimensões canteiros com bancos - 12,57m de extensão linear x 0,65m de altura = 8,17m² x 10 unidades = 81,70m² (ETAPA 2) | F64: ok
A65: 7 | B65: ALVENARIA
A66: 7.1 | B66: BANCOS
A67: 7.1.1 | B67: ALVENARIA DE VEDAÇÃO DE BLOCOS CERÂMICOS FURADOS NA VERTICAL DE 14X19X39 CM (ESPESSURA 14 CM) E ARGAMASSA DE ASSENTAMENTO COM PREPARO EM BETONEIRA. AF_12/2021 | C67: m² | D67: 67,0 | E67: =  Alvenaria bancos de concreto - 14,88m extensão linear x 0,45m de altura = 6,70m² x 10 unidades = 67,00m² | F67: ok
A68: 7.2 | B68: CANTEIRO
A69: 7.2.1 | B69: ALVENARIA DE VEDAÇÃO DE BLOCOS CERÂMICOS MACIÇOS DE 5X10X20CM (ESPESSURA 10CM) E ARGAMASSA DE ASSENTAMENTO COM PREPARO EM BETONEIRA. AF_05/2020 | C69: m² | D69: 81,7 | E69: =  Dimensões canteiros com bancos - 12,57m de extensão linear x 0,65m de altura = 8,17m² x 10 unidades = 81,70m² | F69: ok
A70: 8 | B70: COBERTURA DO DECK
A71: 8.1 | B71: TELHAMENTO COM TELHA DE AÇO/ALUMÍNIO E = 0,5 MM, COM ATÉ 2 ÁGUAS, INCLUSO IÇAMENTO. AF_07/2019 | C71: m² | D71: 0 | E71: =  Dimensões do telhamento á construir: Área de Telhamento = 20,59m² (ETAPA 2) | F71: ok
A72: 8.2 | B72: TRAMA DE AÇO COMPOSTA POR TERÇAS PARA TELHADOS DE ATÉ 2 ÁGUAS PARA TELHA ONDULADA DE FIBROCIMENTO, METÁLICA, PLÁSTICA OU TERMOACÚSTICA, INCLUSO TRANSPORTE VERTICAL, EXCLUSIVE PINTURA. AF_10/2025_PS | C72: m² | D72: 0 | E72: =  Dimensões da trama de aço á construir: Área de trama de aço = 20,59m² (ETAPA 2) | F72: ok
A73: 8.3 | B73: ESTRUTURA TRELIÇADA DE COBERTURA, TIPO FINK, COM LIGAÇÕES SOLDADAS, INCLUSOS PERFIS METÁLICOS, CHAPAS METÁLICAS, MÃO DE OBRA E TRANSPORTE COM GUINDASTE - FORNECIMENTO E INSTALAÇÃO. AF_01/2020_PSA | C73: KG | D73: 0 | E73: =  Peso da Estrutura metálica á construir: 2CR 75x40x17#2.25MM= 38,04metros linear x 3,01kg/m = 114,50KG Ferro redondo 3/8= 21,28metros linear x 0,56kg/m = 11,91KG TOTAL = 126,41kg (ETAPA 2) | F73: ok
A74: 8.4 | B74: PINTURA COM TINTA ALQUÍDICA DE FUNDO (TIPO ZARCÃO) APLICADA A ROLO OU PINCEL SOBRE SUPERFÍCIES METÁLICAS (EXCETO PERFIL) EXECUTADO EM OBRA (POR DEMÃO). AF_01/2020 | C74: m² | D74: 0 | E74: =  Dimensões da pintura da estrutura à construir: Área de estrutura de aço = 20,59m² (ETAPA 2) | F74: ok
A75: 8.5 | B75: CHUMBADOR PARA RECEBER OS PILARES METÁLICOS CONFORME DETALHE | C75: UNID | D75: 0 | E75: =  Chumbador metálico á construir: 4 unidades (ETAPA 2) | F75: ok
A76: 9 | B76: REVESTIMENTO ALVENARIA
A77: 9.1 | B77: CHAPISCO APLICADO EM ALVENARIA (SEM PRESENÇA DE VÃOS) E ESTRUTURAS DE CONCRETO DE FACHADA, COM ROLO PARA TEXTURA ACRÍLICA. ARGAMASSA TRAÇO 1:4 E EMULSÃO POLIMÉRICA (ADESIVO) COM PREPARO EM BETONEIRA 400L. AF_10/2022 | C77: m² | D77: 230,4 | E77: =  Alvenaria bancos de concreto - 14,88m extensão linear x 0,45m de altura = 6,70m² x 10 unidades = 67,00m²  Dimensões canteiros com bancos - 12,57m de extensão linear x 0,65m de altura = 8,17m² x 10 unidades = 81,70m² x 02 faces = 163,40m² TOTAL = 67,00m² + 163,40m² = 230,40m² | F77: ok
A78: 9.2 | B78: EMBOÇO OU MASSA ÚNICA EM ARGAMASSA TRAÇO 1:2:8, PREPARO MANUAL, APLICADA MANUALMENTE EM PANOS CEGOS DE FACHADA (SEM PRESENÇA DE VÃOS), ESPESSURA DE 25 MM. AF_09/2022 | C78: m² | D78: 230,4 | E78: =  Dimensões Muro existente - 101,83m de extensão linear x 2,00m de altura = 203,66m² x 02 faces = 407,32m² | F78: ok
A79: 10 | B79: PAVIMENTAÇÃO
A80: 10.1 | B80: CALÇADAS DE CONCRETO
A81: 10.1.1 | B81: COMPACTAÇÃO MECÂNICA DE SOLO PARA EXECUÇÃO DE RADIER, PISO DE CONCRETO OU LAJE SOBRE SOLO, COM COMPACTADOR DE SOLOS A PERCUSSÃO. AF_09/2021 | C81: m² | D81: =1031.87+1450.8 -> 2482.67 | E81: =  Dimensões calçadas: Lagoa do Sapo – 1.041,54m² Prefeitura – 1.031,87m² TOTAL: 1.031,87m² + 1450,80m² | F81: ok
A82: 10.1.2 | B82: EXECUÇÃO DE PASSEIO (CALÇADA) COM CONCRETO MOLDADO IN LOCO, FEITO EM OBRA, ACABAMENTO ESTAMPADO, ESPESSURA 6 CM, ARMADO. AF_08/2022 | C82: m² | D82: =1031.87+1450.8 -> 2482.67 | E82: =  Dimensões calçadas: Lagoa do Sapo – 1.041,54m² Prefeitura – 1.031,87m² TOTAL: 1.031,87m² + 1450,80m² | F82: ok
A83: 10.1.3 | B83: RAMPA DE ACESSIBILIDADE EM CONCRETO MOLDADO IN LOCO, EM CALÇADA NOVA COM LARGURA MAIOR OU IGUAL À 3,00 M, FCK 25MPA, COM PISO PODOTÁTIL. AF_03/2024 | C83: UN | D83: 12 | E83: =  16 unidades conforme projeto arquitetônico (4 unidades para ETAPA 2) | F83: ok
A84: 10.1.4 | B84: ASSENTAMENTO DE GUIA (MEIO-FIO) EM TRECHO RETO, CONFECCIONADA EM CONCRETO PRÉ-FABRICADO, DIMENSÕES 100X15X13X20 CM (COMPRIMENTO X BASE INFERIOR X BASE SUPERIOR X ALTURA). AF_01/2024 | C84: M | D84: 624.88 | E84: =  Extensão linear meio fio reto calçadas: Lagoa do Sapo – 41,77m + 88,75m + 138,52m + 88,75m + 41,75m = 399,54m Prefeitura – 164,54m + 30,40m + 30,40m = 225,34 m TOTAL: 399,54m + 225,34m = 624,88m | F84: ok
A85: 10.1.5 | B85: ASSENTAMENTO DE GUIA (MEIO-FIO) EM TRECHO CURVO, CONFECCIONADA EM CONCRETO PRÉ-FABRICADO, DIMENSÕES 100X15X13X20 CM (COMPRIMENTO X BASE INFERIOR X BASE SUPERIOR X ALTURA). AF_01/2024 | C85: M | D85: 41.17 | E85: =  Extensão linear meio fio curvo calçadas: Lagoa do Sapo – 6,28m + 6,29m + 6,29m + 6,28m = 25,14m Prefeitura – 8,02m + 8,01m = 16,03m TOTAL: 25,14m + 16,03m = 41,17 | F85: ok
A86: 10.1.6 | B86: PINTURA DE MEIO-FIO COM TINTA BRANCA A BASE DE CAL (CAIAÇÃO). AF_05/2021 | C86: M | D86: 666.05 | E86: =  Extensão linear meio fio reto calçadas - 624,88m  Extensão linear meio fio curvo calçadas - 41,17m TOTAL = 624,88m + 41,17m = 666,05m | F86: ok
A87: 10.2 | B87: CALÇADAS PISO PAVER
A88: 10.2.1 | B88: COMPACTAÇÃO MECÂNICA DE SOLO PARA EXECUÇÃO DE RADIER, PISO DE CONCRETO OU LAJE SOBRE SOLO, COM COMPACTADOR DE SOLOS A PERCUSSÃO. AF_09/2021 | C88: m² | D88: 1.000,81 | E88: =  Área calçadas em piso PAVER: Calçadão - 461,17m² Calçada acesso prefeitura - 539,64m² TOTAL = 461,17m² + 539,64m² = 1.000,81m² | F88: ok
A89: 10.2.2 | B89: EXECUÇÃO DE PASSEIO EM PISO INTERTRAVADO, COM BLOCO RETANGULAR COLORIDO DE 20 X 10 CM, ESPESSURA 6 CM. AF_10/2022 | C89: m² | D89: 1.000,81 | E89: =  Área calçadas em piso PAVER: Calçadão - 461,17m² Calçada acesso prefeitura - 539,64m² TOTAL = 461,17m² + 539,64m² = 1.000,81m² | F89: ok
A90: 10.2.3 | B90: ASSENTAMENTO DE GUIA (MEIO-FIO) EM TRECHO RETO, CONFECCIONADA EM CONCRETO PRÉ-FABRICADO, DIMENSÕES 100X15X13X20 CM (COMPRIMENTO X BASE INFERIOR X BASE SUPERIOR X ALTURA), PARA URBANIZAÇÃO INTERNA DE EMPREENDIMENTOS. AF_06/2016 | C90: M | D90: 152,2 | E90: =  Extensão linear meio fio reto: Calçadão - 10,34m + 55,00m + 10,34m = 75,68m Calçada acesso prefeitura - 12,62m + 31,95m + 31,95m = 76,52m TOTAL = 75,68m + 76,52m = 152,20m | F90: ok
A91: 10.2.4 | B91: ASSENTAMENTO DE GUIA (MEIO-FIO) EM TRECHO CURVO, CONFECCIONADA EM CONCRETO PRÉ-FABRICADO, DIMENSÕES 100X15X13X20 CM (COMPRIMENTO X BASE INFERIOR X BASE SUPERIOR X ALTURA). AF_01/2024 | C91: M | D91: 61,59 | E91: =  Extensão linear meio fio curvo: Calçada acesso prefeitura - 7,76m + 15,71m + 7,44m + 7,54m + 15,71m + 7,43m = 61,59m | F91: ok
A92: 10.2.5 | B92: PINTURA DE MEIO-FIO COM TINTA BRANCA A BASE DE CAL (CAIAÇÃO). AF_05/2021 | C92: M | D92: 213,69 | E92: =  Extensão linear meio fio reto -152,20m  Extensão linear meio fio curvo - 61,59m TOTAL = 152,20m + 61,59m = 213,79m | F92: ok
A93: 10.3 | B93: DECK
A94: 10.3.1 | B94: REGULARIZACAO DE SUPERFICIE, COM ARGAMASSA DE CIMENTO E AREIA NO TRACO 1:3, ESPESSURA 3 CM | C94: m² | D94: 0 | E94: =  Área de regularização para o piso deck - 536,65m² (ETAPA 2) | F94: ok
A95: 10.3.2 | B95: DECK DE MADEIRA, SOBRE VIGOTAS DE MADEIRA SEÇÃO 7,5 X 15 CM. AF_03/2024 | C95: m² | D95: 0 | E95: =  Área de piso deck - 536,65m² (ETAPA 2) | F95: ok
A96: 11 | B96: PINTURA
A97: 11.1 | B97: CANTEIROS E BANCOS
A98: 11.1.1 | B98: EMASSAMENTO COM MASSA LÁTEX, APLICAÇÃO EM PAREDE, DUAS DEMÃOS, LIXAMENTO MANUAL. AF_04/2023 | C98: m² | D98: 230,4 | E98: =  Alvenaria bancos de concreto - 14,88m extensão linear x 0,45m de altura = 6,70m² x 10 unidades = 67,00m²  Dimensões canteiros com bancos - 12,57m de extensão linear x 0,65m de altura = 8,17m² x 10 unidades = 81,70m² x 02 faces = 163,40m² TOTAL = 67,00m² + 163,40m² = 230,40m² | F98: ok
A99: 11.1.2 | B99: APLICAÇÃO MANUAL DE PINTURA COM TINTA LÁTEX ACRÍLICA EM PAREDES, DUAS DEMÃOS. AF_06/2014 | C99: m² | D99: 230,4 | E99: =  Alvenaria bancos de concreto - 14,88m extensão linear x 0,45m de altura = 6,70m² x 10 unidades = 67,00m²  Dimensões canteiros com bancos - 12,57m de extensão linear x 0,65m de altura = 8,17m² x 10 unidades = 81,70m² x 02 faces = 163,40m² TOTAL = 67,00m² + 163,40m² = 230,40m² | F99: ok
A100: 11.2 | B100: PERGOLADOS
...

Sheet CF
B1: Obra | D1: Bancos | E1: B.D.I. | G1: Encargos Sociais
B2: =OS!D2 -> REVITALIZAÇÃO LAGOA DO SAPO (ETAPA 1) | D2: SINAPI - 01/2026 - Mato Grosso do Sul ORSE - 12/2025 - Sergipe SEINFRA - 028 - Ceará CPOS/CDHU - 01/2026 - São Paulo FDE - 10/2025 - São Paulo AGESUL - 06/2025 - Mato Grosso do Sul | E2: 24,13% | G2: Não Desonerado: Horista: 113,34% Mensalista: 70,31%
A3: Cronograma Físico e Financeiro
A4: Item | B4: Descrição | D4: Total Por Etapa | E4: 30 DIAS | F4: 60 DIAS | G4: 90 DIAS | H4: 120 DIAS | I4: 150 DIAS | J4: 180 DIAS
A5: 1 | B5: ADMINISTRAÇÃO LOCAL | C5: % | D5: =IF(C5="%",VLOOKUP(A5,OR!$A$5:$K$20,11,FALSE)*100,VLOOKUP(A4,OR!$A$5:$K$20,10,FALSE)) -> 2.7406221 | E5: 1
C6: R$ | D6: =IF(C6="%",VLOOKUP(A6,OR!$A$5:$K$20,11,FALSE)*100,VLOOKUP(A5,OR!$A$5:$K$20,10,FALSE)) -> 27672 | E6: =IF(E5="","",$D6*E5) -> 27672 | F6: =IF(F5="","",$D6*F5) | G6: =IF(G5="","",$D6*G5) | H6: =IF(H5="","",$D6*H5) | I6: =IF(I5="","",$D6*I5) | J6: =IF(J5="","",$D6*J5)
A7: 2 | B7: SERVIÇOS PRELIMINARES | C7: % | D7: =IF(C7="%",VLOOKUP(A7,OR!$A$5:$K$20,11,FALSE)*100,VLOOKUP(A6,OR!$A$5:$K$20,10,FALSE)) -> 5.2726504 | E7: 1
C8: R$ | D8: =IF(C8="%",VLOOKUP(A8,OR!$A$5:$K$20,11,FALSE)*100,VLOOKUP(A7,OR!$A$5:$K$20,10,FALSE)) -> 53237.833 | E8: =IF(E7="","",$D8*E7) -> 53237.833 | F8: =IF(F7="","",$D8*F7) | G8: =IF(G7="","",$D8*G7) | H8: =IF(H7="","",$D8*H7) | I8: =IF(I7="","",$D8*I7) | J8: =IF(J7="","",$D8*J7)
A9: 3 | B9: DEMOLIÇÃO E MOVIMENTAÇÃO DE TERRA | C9: % | D9: =IF(C9="%",VLOOKUP(A9,OR!$A$5:$K$20,11,FALSE)*100,VLOOKUP(A8,OR!$A$5:$K$20,10,FALSE)) -> 12.851571 | E9: 0.5 | F9: 0.5
C10: R$ | D10: =IF(C10="%",VLOOKUP(A10,OR!$A$5:$K$20,11,FALSE)*100,VLOOKUP(A9,OR!$A$5:$K$20,10,FALSE)) -> 129762.02 | E10: =IF(E9="","",$D10*E9) -> 64881.011 | F10: =IF(F9="","",$D10*F9) -> 64881.011 | G10: =IF(G9="","",$D10*G9) | H10: =IF(H9="","",$D10*H9) | I10: =IF(I9="","",$D10*I9) | J10: =IF(J9="","",$D10*J9)
A11: 4 | B11: INFRAESTRUTURA | C11: % | D11: =IF(C11="%",VLOOKUP(A11,OR!$A$5:$K$20,11,FALSE)*100,VLOOKUP(A10,OR!$A$5:$K$20,10,FALSE)) -> 0
C12: R$ | D12: =IF(C12="%",VLOOKUP(A12,OR!$A$5:$K$20,11,FALSE)*100,VLOOKUP(A11,OR!$A$5:$K$20,10,FALSE)) -> 0 | E12: =IF(E11="","",$D12*E11) | F12: =IF(F11="","",$D12*F11) | G12: =IF(G11="","",$D12*G11) | H12: =IF(H11="","",$D12*H11) | I12: =IF(I11="","",$D12*I11) | J12: =IF(J11="","",$D12*J11)
A13: 5 | B13: SUPERESTRUTURA | C13: % | D13: =IF(C13="%",VLOOKUP(A13,OR!$A$5:$K$20,11,FALSE)*100,VLOOKUP(A12,OR!$A$5:$K$20,10,FALSE)) -> 0
C14: R$ | D14: =IF(C14="%",VLOOKUP(A14,OR!$A$5:$K$20,11,FALSE)*100,VLOOKUP(A13,OR!$A$5:$K$20,10,FALSE)) -> 0 | E14: =IF(E13="","",$D14*E13) | F14: =IF(F13="","",$D14*F13) | G14: =IF(G13="","",$D14*G13) | H14: =IF(H13="","",$D14*H13) | I14: =IF(I13="","",$D14*I13) | J14: =IF(J13="","",$D14*J13)
A15: 6 | B15: IMPERMEABILIZAÇÃO | C15: % | D15: =IF(C15="%",VLOOKUP(A15,OR!$A$5:$K$20,11,FALSE)*100,VLOOKUP(A14,OR!$A$5:$K$20,10,FALSE)) -> 0
C16: R$ | D16: =IF(C16="%",VLOOKUP(A16,OR!$A$5:$K$20,11,FALSE)*100,VLOOKUP(A15,OR!$A$5:$K$20,10,FALSE)) -> 0 | E16: =IF(E15="","",$D16*E15) | F16: =IF(F15="","",$D16*F15) | G16: =IF(G15="","",$D16*G15) | H16: =IF(H15="","",$D16*H15) | I16: =IF(I15="","",$D16*I15) | J16: =IF(J15="","",$D16*J15)
A17: 7 | B17: ALVENARIA | C17: % | D17: =IF(C17="%",VLOOKUP(A17,OR!$A$5:$K$20,11,FALSE)*100,VLOOKUP(A16,OR!$A$5:$K$20,10,FALSE)) -> 2.1294698 | F17: 1
C18: R$ | D18: =IF(C18="%",VLOOKUP(A18,OR!$A$5:$K$20,11,FALSE)*100,VLOOKUP(A17,OR!$A$5:$K$20,10,FALSE)) -> 21501.209 | E18: =IF(E17="","",$D18*E17) | F18: =IF(F17="","",$D18*F17) -> 21501.209 | G18: =IF(G17="","",$D18*G17) | H18: =IF(H17="","",$D18*H17) | I18: =IF(I17="","",$D18*I17) | J18: =IF(J17="","",$D18*J17)
A19: 8 | B19: COBERTURA DO DECK | C19: % | D19: =IF(C19="%",VLOOKUP(A19,OR!$A$5:$K$20,11,FALSE)*100,VLOOKUP(A18,OR!$A$5:$K$20,10,FALSE)) -> 0
C20: R$ | D20: =IF(C20="%",VLOOKUP(A20,OR!$A$5:$K$20,11,FALSE)*100,VLOOKUP(A19,OR!$A$5:$K$20,10,FALSE)) -> 0 | E20: =IF(E19="","",$D20*E19) | F20: =IF(F19="","",$D20*F19) | G20: =IF(G19="","",$D20*G19) | H20: =IF(H19="","",$D20*H19) | I20: =IF(I19="","",$D20*I19) | J20: =IF(J19="","",$D20*J19)
A21: 9 | B21: REVESTIMENTO ALVENARIA | C21: % | D21: =IF(C21="%",VLOOKUP(A21,OR!$A$5:$K$20,11,FALSE)*100,VLOOKUP(A20,OR!$A$5:$K$20,10,FALSE)) -> 1.4882362 | G21: 1
C22: R$ | D22: =IF(C22="%",VLOOKUP(A22,OR!$A$5:$K$20,11,FALSE)*100,VLOOKUP(A21,OR!$A$5:$K$20,10,FALSE)) -> 15026.688 | E22: =IF(E21="","",$D22*E21) | F22: =IF(F21="","",$D22*F21) | G22: =IF(G21="","",$D22*G21) -> 15026.688 | H22: =IF(H21="","",$D22*H21) | I22: =IF(I21="","",$D22*I21) | J22: =IF(J21="","",$D22*J21)
A23: 10 | B23: PAVIMENTAÇÃO | C23: % | D23: =IF(C23="%",VLOOKUP(A23,OR!$A$5:$K$20,11,FALSE)*100,VLOOKUP(A22,OR!$A$5:$K$20,10,FALSE)) -> 47.834572 | H23: 0.5 | I23: 0.5
C24: R$ | D24: =IF(C24="%",VLOOKUP(A24,OR!$A$5:$K$20,11,FALSE)*100,VLOOKUP(A23,OR!$A$5:$K$20,10,FALSE)) -> 482984.6 | E24: =IF(E23="","",$D24*E23) | F24: =IF(F23="","",$D24*F23) | G24: =IF(G23="","",$D24*G23) | H24: =IF(H23="","",$D24*H23) -> 241492.3 | I24: =IF(I23="","",$D24*I23) -> 241492.3 | J24: =IF(J23="","",$D24*J23)
A25: 11 | B25: PINTURA | C25: % | D25: =IF(C25="%",VLOOKUP(A25,OR!$A$5:$K$20,11,FALSE)*100,VLOOKUP(A24,OR!$A$5:$K$20,10,FALSE)) -> 1.9480047 | J25: 1
C26: R$ | D26: =IF(C26="%",VLOOKUP(A26,OR!$A$5:$K$20,11,FALSE)*100,VLOOKUP(A25,OR!$A$5:$K$20,10,FALSE)) -> 19668.96 | E26: =IF(E25="","",$D26*E25) | F26: =IF(F25="","",$D26*F25) | G26: =IF(G25="","",$D26*G25) | H26: =IF(H25="","",$D26*H25) | I26: =IF(I25="","",$D26*I25) | J26: =IF(J25="","",$D26*J25) -> 19668.96
A27: 12 | B27: INSTALAÇÃO ELETRICA | C27: % | D27: =IF(C27="%",VLOOKUP(A27,OR!$A$5:$K$20,11,FALSE)*100,VLOOKUP(A26,OR!$A$5:$K$20,10,FALSE)) -> 0
C28: R$ | D28: =IF(C28="%",VLOOKUP(A28,OR!$A$5:$K$20,11,FALSE)*100,VLOOKUP(A27,OR!$A$5:$K$20,10,FALSE)) -> 0 | E28: =IF(E27="","",$D28*E27) | F28: =IF(F27="","",$D28*F27) | G28: =IF(G27="","",$D28*G27) | H28: =IF(H27="","",$D28*H27) | I28: =IF(I27="","",$D28*I27) | J28: =IF(J27="","",$D28*J27)
A29: 13 | B29: INSTALAÇÃO HIDRAULICA | C29: % | D29: =IF(C29="%",VLOOKUP(A29,OR!$A$5:$K$20,11,FALSE)*100,VLOOKUP(A28,OR!$A$5:$K$20,10,FALSE)) -> 0.85980513 | G29: 1
C30: R$ | D30: =IF(C30="%",VLOOKUP(A30,OR!$A$5:$K$20,11,FALSE)*100,VLOOKUP(A29,OR!$A$5:$K$20,10,FALSE)) -> 8681.4331 | E30: =IF(E29="","",$D30*E29) | F30: =IF(F29="","",$D30*F29) | G30: =IF(G29="","",$D30*G29) -> 8681.4331 | H30: =IF(H29="","",$D30*H29) | I30: =IF(I29="","",$D30*I29) | J30: =IF(J29="","",$D30*J29)
A31: 14 | B31: EQUIPAMENTOS | C31: % | D31: =IF(C31="%",VLOOKUP(A31,OR!$A$5:$K$20,11,FALSE)*100,VLOOKUP(A30,OR!$A$5:$K$20,10,FALSE)) -> 16.982719 | J31: 1
C32: R$ | D32: =IF(C32="%",VLOOKUP(A32,OR!$A$5:$K$20,11,FALSE)*100,VLOOKUP(A31,OR!$A$5:$K$20,10,FALSE)) -> 171474.13 | E32: =IF(E31="","",$D32*E31) | F32: =IF(F31="","",$D32*F31) | G32: =IF(G31="","",$D32*G31) | H32: =IF(H31="","",$D32*H31) | I32: =IF(I31="","",$D32*I31) | J32: =IF(J31="","",$D32*J31) -> 171474.13
A33: 15 | B33: PAISAGISMO | C33: % | D33: =IF(C33="%",VLOOKUP(A33,OR!$A$5:$K$20,11,FALSE)*100,VLOOKUP(A32,OR!$A$5:$K$20,10,FALSE)) -> 2.3109546 | J33: 1
C34: R$ | D34: =IF(C34="%",VLOOKUP(A34,OR!$A$5:$K$20,11,FALSE)*100,VLOOKUP(A33,OR!$A$5:$K$20,10,FALSE)) -> 23333.656 | E34: =IF(E33="","",$D34*E33) | F34: =IF(F33="","",$D34*F33) | G34: =IF(G33="","",$D34*G33) | H34: =IF(H33="","",$D34*H33) | I34: =IF(I33="","",$D34*I33) | J34: =IF(J33="","",$D34*J33) -> 23333.656
A35: 16 | B35: SERVIÇOS FINAIS | C35: % | D35: =IF(C35="%",VLOOKUP(A35,OR!$A$5:$K$20,11,FALSE)*100,VLOOKUP(A34,OR!$A$5:$K$20,10,FALSE)) -> 5.5813958 | J35: 1
C36: R$ | D36: =IF(C36="%",VLOOKUP(A36,OR!$A$5:$K$20,11,FALSE)*100,VLOOKUP(A35,OR!$A$5:$K$20,10,FALSE)) -> 56355.228 | E36: =IF(E35="","",$D36*E35) | F36: =IF(F35="","",$D36*F35) | G36: =IF(G35="","",$D36*G35) | H36: =IF(H35="","",$D36*H35) | I36: =IF(I35="","",$D36*I35) | J36: =IF(J35="","",$D36*J35) -> 56355.228
A37: Porcentagem | E37: =E38/OR!$I$24 -> 0.14439058 | F37: =F38/OR!$I$24 -> 0.085552552 | G37: =G38/OR!$I$24 -> 0.023480414 | H37: =H38/OR!$I$24 -> 0.23917286 | I37: =I38/OR!$I$24 -> 0.23917286 | J37: =J38/OR!$I$24 -> 0.26823074
A38: Custo | E38: =SUMIF($C$5:$C$36,"R$",E$5:E$36) -> 145790.84 | F38: =SUMIF($C$5:$C$36,"R$",F$5:F$36) -> 86382.22 | G38: =SUMIF($C$5:$C$36,"R$",G$5:G$36) -> 23708.121 | H38: =SUMIF($C$5:$C$36,"R$",H$5:H$36) -> 241492.3 | I38: =SUMIF($C$5:$C$36,"R$",I$5:I$36) -> 241492.3 | J38: =SUMIF($C$5:$C$36,"R$",J$5:J$36) -> 270831.97
A39: Porcentagem Acumulado | E39: =E37 -> 0.14439058 | F39: =E39+F37 -> 0.22994313 | G39: =F39+G37 -> 0.25342354 | H39: =G39+H37 -> 0.4925964 | I39: =H39+I37 -> 0.73176926 | J39: =I39+J37 -> 1
A40: Custo Acumulado | E40: =E38 -> 145790.84 | F40: =E40+F38 -> 232173.06 | G40: =F40+G38 -> 255881.18 | H40: =G40+H38 -> 497373.48 | I40: =H40+I38 -> 738865.78 | J40: =I40+J38 -> 1009697.8
A43: _______________________________________________________________ GABRIEL JORGE DOS SANTOS BARBOSA ENGENHEIRO CIVIL CREA 8082/D-MS
A45: _______________________________________________________________ GERMINO DA ROZ SILVA PREFEITO MUNICIPAL

Sheet SR
D1: Obra | E1: Bancos | G1: B.D.I. | J1: Encargos Sociais
D2: REVITALIZAÇÃO LAGOA DO SAPO (ETAPA 1) | E2: SINAPI - 01/2026 - Mato Grosso do Sul ORSE - 12/2025 - Sergipe SEINFRA - 028 - Ceará CPOS/CDHU - 01/2026 - São Paulo FDE - 10/2025 - São Paulo AGESUL - 06/2025 - Mato Grosso do Sul | G2: =BDI!D20 -> 0.2413 | J2: Não Desonerado: Horista: 113,34% Mensalista: 70,31%
A3: Serviços Relevantes
A4: Item | B4: Código | C4: Banco | D4: Descrição | E4: Und | F4: Quant. | G4: Valor Unit | H4: Valor Unit com BDI | I4: Total | J4: Total com BDI | K4: Peso (%)
A5: 1 | D5: ADMINISTRAÇÃO LOCAL | F5: =IF(B5="","",MC!D5) | H5: =IF(B5="","",TRUNC(G5+(G5*$G$2),2)) | I5: =SUM(I6:I7) -> 22293.6 | J5: =SUM(J6:J7) -> 27672 | K5: =J5/$H$161 -> 0.027406221
A6: 1.1 | B6: 90780 | C6: SINAPI | D6: MESTRE DE OBRAS COM ENCARGOS COMPLEMENTARES | E6: H | F6: =IF(B6="","",MC!D6) -> 120 | G6: 44.28 | H6: =IF(B6="","",TRUNC(G6+(G6*$G$2),2)) -> 54.96 | I6: =F6*G6 -> 5313.6 | J6: =F6*H6 -> 6595.2 | K6: =J6/$H$161 -> 0.0065318557
A7: 1.2 | B7: 90777 | C7: SINAPI | D7: ENGENHEIRO CIVIL DE OBRA JUNIOR COM ENCARGOS COMPLEMENTARES | E7: H | F7: =IF(B7="","",MC!D7) -> 120 | G7: 141.5 | H7: =IF(B7="","",TRUNC(G7+(G7*$G$2),2)) -> 175.64 | I7: =F7*G7 -> 16980 | J7: =F7*H7 -> 21076.8 | K7: =J7/$H$161 -> 0.020874365
A8: 2 | D8: SERVIÇOS PRELIMINARES | F8: =IF(B8="","",MC!D8) | H8: =IF(B8="","",TRUNC(G8+(G8*$G$2),2)) | I8: =SUM(I9:I15) -> 42892.943 | J8: =SUM(J9:J15) -> 53237.833 | K8: =J8/$H$161 -> 0.052726504
A9: 2.1 | B9: 0101001101 | C9: AGESUL | D9: PLACA DE OBRA EM CHAPA GALVANIZADA N. 22, ADESIVADA | E9: m² | F9: =IF(B9="","",MC!D9) -> 4,5 | G9: 508.06 | H9: =IF(B9="","",TRUNC(G9+(G9*$G$2),2)) -> 630.65 | I9: =F9*G9 -> 2286.27 | J9: =F9*H9 -> 2837.925 | K9: =J9/$H$161 -> 0.0028106678
A10: 2.2 | B10: 73672 | C10: SINAPI | D10: DESMATAMENTO E LIMPEZA MECANIZADA DE TERRENO COM ARVORES ATE Ø 15CM, UTILIZANDO TRATOR DE ESTEIRAS | E10: m² | F10: =IF(B10="","",MC!D10) -> 1.765,02 | G10: 0.55 | H10: =IF(B10="","",TRUNC(G10+(G10*$G$2),2)) -> 0.68 | I10: =F10*G10 -> 970.761 | J10: =F10*H10 -> 1200.2136 | K10: =J10/$H$161 -> 0.001188686
A11: 2.3 | B11: 93207 | C11: SINAPI | D11: EXECUÇÃO DE ESCRITÓRIO EM CANTEIRO DE OBRA EM CHAPA DE MADEIRA COMPENSADA, NÃO INCLUSO MOBILIÁRIO E EQUIPAMENTOS. AF_02/2016 | E11: m² | F11: =IF(B11="","",MC!D11) -> 5,0 | G11: 1068.42 | H11: =IF(B11="","",TRUNC(G11+(G11*$G$2),2)) -> 1326.22 | I11: =F11*G11 -> 5342.1 | J11: =F11*H11 -> 6631.1 | K11: =J11/$H$161 -> 0.0065674108
A12: 2.4 | B12: 98531 | C12: SINAPI | D12: CORTE RASO E RECORTE DE ÁRVORE COM DIÂMETRO DE TRONCO MAIOR OU IGUAL A 0,60 M. AF_03/2024 | E12: UN | F12: =IF(B12="","",MC!D12) -> 34,0 | G12: 408.85 | H12: =IF(B12="","",TRUNC(G12+(G12*$G$2),2)) -> 507.5 | I12: =F12*G12 -> 13900.9 | J12: =F12*H12 -> 17255 | K12: =J12/$H$161 -> 0.017089272
A13: 2.5 | B13: 93208 | C13: SINAPI | D13: EXECUÇÃO DE ALMOXARIFADO EM CANTEIRO DE OBRA EM CHAPA DE MADEIRA COMPENSADA, INCLUSO PRATELEIRAS. AF_02/2016 | E13: m² | F13: =IF(B13="","",MC!D13) -> 5,0 | G13: 860.93 | H13: =IF(B13="","",TRUNC(G13+(G13*$G$2),2)) -> 1068.67 | I13: =F13*G13 -> 4304.65 | J13: =F13*H13 -> 5343.35 | K13: =J13/$H$161 -> 0.0052920292
A14: 2.6 | B14: 93210 | C14: SINAPI | D14: EXECUÇÃO DE REFEITÓRIO EM CANTEIRO DE OBRA EM CHAPA DE MADEIRA COMPENSADA, NÃO INCLUSO MOBILIÁRIO E EQUIPAMENTOS. AF_02/2016 | E14: m² | F14: =IF(B14="","",MC!D14) -> 5,0 | G14: 624.27 | H14: =IF(B14="","",TRUNC(G14+(G14*$G$2),2)) -> 774.9 | I14: =F14*G14 -> 3121.35 | J14: =F14*H14 -> 3874.5 | K14: =J14/$H$161 -> 0.0038372869
A15: 2.7 | B15: 99059 | C15: SINAPI | D15: LOCAÇÃO CONVENCIONAL DE OBRA, UTILIZANDO GABARITO DE TÁBUAS CORRIDAS PONTALETADAS A CADA 2,00M - 2 UTILIZAÇÕES. AF_03/2024 | E15: M | F15: =IF(B15="","",MC!D15) -> 201,6 | G15: 64.32 | H15: =IF(B15="","",TRUNC(G15+(G15*$G$2),2)) -> 79.84 | I15: =F15*G15 -> 12966.912 | J15: =F15*H15 -> 16095.744 | K15: =J15/$H$161 -> 0.015941151
A16: 3 | D16: DEMOLIÇÃO E MOVIMENTAÇÃO DE TERRA | F16: =IF(B16="","",MC!D16) | H16: =IF(B16="","",TRUNC(G16+(G16*$G$2),2)) | I16: =I17+I22 -> 104566.13 | J16: =J17+J22 -> 129762.02 | K16: =J16/$H$161 -> 0.12851571
A17: 3.1 | D17: CALÇADAS | F17: =IF(B17="","",MC!D17) | H17: =IF(B17="","",TRUNC(G17+(G17*$G$2),2)) | I17: =SUM(I18:I21) -> 84168.788 | J17: =SUM(J18:J21) -> 104451.69 | K17: =J17/$H$161 -> 0.10344847
A18: 3.1.1 | B18: 104790 | C18: SINAPI | D18: DEMOLIÇÃO DE PISO DE CONCRETO SIMPLES, DE FORMA MECANIZADA COM MARTELETE, SEM REAPROVEITAMENTO. AF_09/2023 | E18: m³ | F18: =IF(B18="","",MC!D18) -> 154.7805 | G18: 112.67 | H18: =IF(B18="","",TRUNC(G18+(G18*$G$2),2)) -> 139.85 | I18: =F18*G18 -> 17439.119 | J18: =F18*H18 -> 21646.053 | K18: =J18/$H$161 -> 0.021438151
A19: 3.1.2 | B19: Composição Própria 017 | C19: Próprio | D19: RETIRADA DE GRADIL E ALAMBRADO | E19: M² | F19: =IF(B19="","",MC!D19) -> 624,4 | G19: 35.88 | H19: =IF(B19="","",TRUNC(G19+(G19*$G$2),2)) -> 44.53 | I19: =F19*G19 -> 22403.472 | J19: =F19*H19 -> 27804.532 | K19: =J19/$H$161 -> 0.02753748
A20: 3.1.3 | B20: 0401001126 | C20: AGESUL | D20: ATERRO MANUAL EM CAMADAS DE 20 CM, UMIDECIDAS E FORTEMENTE APILOADAS, COM AQUISICAO DE TERRA | E20: m³ | F20: =IF(B20="","",MC!D20) -> 311.01 | G20: 132.59 | H20: =IF(B20="","",TRUNC(G20+(G20*$G$2),2)) -> 164.58 | I20: =F20*G20 -> 41236.816 | J20: =F20*H20 -> 51186.026 | K20: =J20/$H$161 -> 0.050694404
A21: 3.1.4 | B21: 100577 | C21: SINAPI | D21: REGULARIZAÇÃO E COMPACTAÇÃO DE SUBLEITO DE SOLO PREDOMINANTEMENTE ARENOSO, PARA OBRAS DE CONSTRUÇÃO DE PAVIMENTOS. AF_09/2024 | E21: m² | F21: =IF(B21="","",MC!D21) -> 2073.41 | G21: 1.49 | H21: =IF(B21="","",TRUNC(G21+(G21*$G$2),2)) -> 1.84 | I21: =F21*G21 -> 3089.3809 | J21: =F21*H21 -> 3815.0744 | K21: =J21/$H$161 -> 0.0037784321
A22: 3.2 | D22: RUA | F22: =IF(B22="","",MC!D22) | H22: =IF(B22="","",TRUNC(G22+(G22*$G$2),2)) | I22: =SUM(I23:I25) -> 20397.345 | J22: =SUM(J23:J25) -> 25310.336 | K22: =J22/$H$161 -> 0.02506724
A23: 3.2.1 | B23: 97636 | C23: SINAPI | D23: DEMOLIÇÃO PARCIAL DE PAVIMENTO ASFÁLTICO, DE FORMA MECANIZADA, SEM REAPROVEITAMENTO. AF_09/2023 | E23: m² | F23: =IF(B23="","",MC!D23) -> 467,17 | G23: 22.54 | H23: =IF(B23="","",TRUNC(G23+(G23*$G$2),2)) -> 27.97 | I23: =F23*G23 -> 10530.012 | J23: =F23*H23 -> 13066.745 | K23: =J23/$H$161 -> 0.012941244
A24: 3.2.2 | B24: 0401001126 | C24: AGESUL | D24: ATERRO MANUAL EM CAMADAS DE 20 CM, UMIDECIDAS E FORTEMENTE APILOADAS, COM AQUISICAO DE TERRA | E24: m³ | F24: =IF(B24="","",MC!D24) -> 69,17 | G24: 132.59 | H24: =IF(B24="","",TRUNC(G24+(G24*$G$2),2)) -> 164.58 | I24: =F24*G24 -> 9171.2503 | J24: =F24*H24 -> 11383.999 | K24: =J24/$H$161 -> 0.01127466
A25: 3.2.3 | B25: 100577 | C25: SINAPI | D25: REGULARIZAÇÃO E COMPACTAÇÃO DE SUBLEITO DE SOLO PREDOMINANTEMENTE ARENOSO, PARA OBRAS DE CONSTRUÇÃO DE PAVIMENTOS. AF_09/2024 | E25: m² | F25: =IF(B25="","",MC!D25) -> 467,17 | G25: 1.49 | H25: =IF(B25="","",TRUNC(G25+(G25*$G$2),2)) -> 1.84 | I25: =F25*G25 -> 696.0833 | J25: =F25*H25 -> 859.5928 | K25: =J25/$H$161 -> 0.00085133674
A26: 4 | D26: INFRAESTRUTURA | F26: =IF(B26="","",MC!D26) | H26: =IF(B26="","",TRUNC(G26+(G26*$G$2),2)) | I26: =I27+I30 -> 0 | J26: =J27+J30 -> 0 | K26: =J26/$H$161 -> 0
A27: 4.1 | D27: ESTACA TRAVADA | F27: =IF(B27="","",MC!D27) | H27: =IF(B27="","",TRUNC(G27+(G27*$G$2),2)) | I27: =SUM(I28:I29) -> 0 | J27: =SUM(J28:J29) -> 0 | K27: =J27/$H$161 -> 0
A28: 4.1.1 | B28: 100657 | C28: SINAPI | D28: ESTACA PRÉ-MOLDADA DE CONCRETO SEÇÃO QUADRADA, CAPACIDADE DE 50 TONELADAS, INCLUSO EMENDA (EXCLUSIVE MOBILIZAÇÃO E DESMOBILIZAÇÃO). AF_12/2019 | E28: M | F28: =IF(B28="","",MC!D28) -> 0 | G28: 158.94 | H28: =IF(B28="","",TRUNC(G28+(G28*$G$2),2)) -> 197.29 | I28: =F28*G28 -> 0 | J28: =F28*H28 -> 0 | K28: =J28/$H$161 -> 0
A29: 4.1.2 | B29: 95601 | C29: SINAPI | D29: ARRASAMENTO MECANICO DE ESTACA DE CONCRETO ARMADO, DIAMETROS DE ATÉ 40 CM. AF_05/2021 | E29: UN | F29: =IF(B29="","",MC!D29) -> 0 | G29: 9.13 | H29: =IF(B29="","",TRUNC(G29+(G29*$G$2),2)) -> 11.33 | I29: =F29*G29 -> 0 | J29: =F29*H29 -> 0 | K29: =J29/$H$161 -> 0
A30: 4.2 | D30: BLOCO DE COROAMENTO | F30: =IF(B30="","",MC!D30) | H30: =IF(B30="","",TRUNC(G30+(G30*$G$2),2)) | I30: =SUM(I31:I39) -> 0 | J30: =SUM(J31:J39) -> 0 | K30: =J30/$H$161 -> 0
A31: 4.2.1 | B31: 96523 | C31: SINAPI | D31: ESCAVAÇÃO MANUAL PARA BLOCO DE COROAMENTO OU SAPATA (INCLUINDO ESCAVAÇÃO PARA COLOCAÇÃO DE FÔRMAS). AF_01/2024 | E31: m³ | F31: =IF(B31="","",MC!D31) -> 0 | G31: 98.67 | H31: =IF(B31="","",TRUNC(G31+(G31*$G$2),2)) -> 122.47 | I31: =F31*G31 -> 0 | J31: =F31*H31 -> 0 | K31: =J31/$H$161 -> 0
A32: 4.2.2 | B32: 96534 | C32: SINAPI | D32: FABRICAÇÃO, MONTAGEM E DESMONTAGEM DE FÔRMA PARA BLOCO DE COROAMENTO, EM MADEIRA SERRADA, E=25 MM, 4 UTILIZAÇÕES. AF_01/2024 | E32: m² | F32: =IF(B32="","",MC!D32) -> 0 | G32: 73.08 | H32: =IF(B32="","",TRUNC(G32+(G32*$G$2),2)) -> 90.71 | I32: =F32*G32 -> 0 | J32: =F32*H32 -> 0 | K32: =J32/$H$161 -> 0
A33: 4.2.3 | B33: 96617 | C33: SINAPI | D33: LASTRO DE CONCRETO MAGRO, APLICADO EM BLOCOS DE COROAMENTO OU SAPATAS, ESPESSURA DE 3 CM. AF_01/2024 | E33: m² | F33: =IF(B33="","",MC!D33) -> 0 | G33: 19.74 | H33: =IF(B33="","",TRUNC(G33+(G33*$G$2),2)) -> 24.5 | I33: =F33*G33 -> 0 | J33: =F33*H33 -> 0 | K33: =J33/$H$161 -> 0
A34: 4.2.4 | B34: 96555 | C34: SINAPI | D34: CONCRETAGEM DE BLOCO DE COROAMENTO OU VIGA BALDRAME, FCK 30 MPA, COM USO DE JERICA - LANÇAMENTO, ADENSAMENTO E ACABAMENTO. AF_01/2024 | E34: m³ | F34: =IF(B34="","",MC!D34) -> 0 | G34: 744.63 | H34: =IF(B34="","",TRUNC(G34+(G34*$G$2),2)) -> 924.3 | I34: =F34*G34 -> 0 | J34: =F34*H34 -> 0 | K34: =J34/$H$161 -> 0
A35: 4.2.5 | B35: 92805 | C35: SINAPI | D35: CORTE E DOBRA DE AÇO CA-50, DIÂMETRO DE 16,0 MM. AF_06/2022 | E35: KG | F35: =IF(B35="","",MC!D35) -> 0 | G35: 7.76 | H35: =IF(B35="","",TRUNC(G35+(G35*$G$2),2)) -> 9.63 | I35: =F35*G35 -> 0 | J35: =F35*H35 -> 0 | K35: =J35/$H$161 -> 0
A36: 4.2.6 | B36: 92804 | C36: SINAPI | D36: CORTE E DOBRA DE AÇO CA-50, DIÂMETRO DE 12,5 MM. AF_06/2022 | E36: KG | F36: =IF(B36="","",MC!D36) -> 0 | G36: 7.83 | H36: =IF(B36="","",TRUNC(G36+(G36*$G$2),2)) -> 9.71 | I36: =F36*G36 -> 0 | J36: =F36*H36 -> 0 | K36: =J36/$H$161 -> 0
A37: 4.2.7 | B37: 92803 | C37: SINAPI | D37: CORTE E DOBRA DE AÇO CA-50, DIÂMETRO DE 10,0 MM. AF_06/2022 | E37: KG | F37: =IF(B37="","",MC!D37) -> 0 | G37: 9.15 | H37: =IF(B37="","",TRUNC(G37+(G37*$G$2),2)) -> 11.35 | I37: =F37*G37 -> 0 | J37: =F37*H37 -> 0 | K37: =J37/$H$161 -> 0
A38: 4.2.8 | B38: 92800 | C38: SINAPI | D38: CORTE E DOBRA DE AÇO CA-60, DIÂMETRO DE 5,0 MM. AF_06/2022 | E38: KG | F38: =IF(B38="","",MC!D38) -> 0 | G38: 9.95 | H38: =IF(B38="","",TRUNC(G38+(G38*$G$2),2)) -> 12.35 | I38: =F38*G38 -> 0 | J38: =F38*H38 -> 0 | K38: =J38/$H$161 -> 0
A39: 4.2.9 | B39: 92799 | C39: SINAPI | D39: CORTE E DOBRA DE AÇO CA-60, DIÂMETRO DE 4,2 MM, UTILIZADO EM LAJE. AF_12/2015 | E39: KG | F39: =IF(B39="","",MC!D39) -> 0 | G39: 11.07 | H39: =IF(B39="","",TRUNC(G39+(G39*$G$2),2)) -> 13.74 | I39: =F39*G39 -> 0 | J39: =F39*H39 -> 0 | K39: =J39/$H$161 -> 0
A40: 5 | D40: SUPERESTRUTURA | F40: =IF(B40="","",MC!D40) | H40: =IF(B40="","",TRUNC(G40+(G40*$G$2),2)) | I40: =I41+I49+I56+I62 -> 0 | J40: =J41+J49+J56+J62 -> 0 | K40: =J40/$H$161 -> 0
A41: 5.1 | D41: PILARES | F41: =IF(B41="","",MC!D41) | H41: =IF(B41="","",TRUNC(G41+(G41*$G$2),2)) | I41: =SUM(I42:I48) -> 0 | J41: =SUM(J42:J48) -> 0 | K41: =J41/$H$161 -> 0
A42: 5.1.1 | B42: 92423 | C42: SINAPI | D42: MONTAGEM E DESMONTAGEM DE FÔRMA DE PILARES RETANGULARES E ESTRUTURAS SIMILARES, PÉ-DIREITO SIMPLES, EM CHAPA DE MADEIRA COMPENSADA RESINADA, 6 UTILIZAÇÕES. AF_09/2020 | E42: m² | F42: =IF(B42="","",MC!D42) -> 0 | G42: 80.8 | H42: =IF(B42="","",TRUNC(G42+(G42*$G$2),2)) -> 100.29 | I42: =F42*G42 -> 0 | J42: =F42*H42 -> 0 | K42: =J42/$H$161 -> 0
A43: 5.1.2 | B43: 103672 | C43: SINAPI | D43: CONCRETAGEM DE PILARES, FCK = 25 MPA, COM USO DE BOMBA - LANÇAMENTO, ADENSAMENTO E ACABAMENTO. AF_02/2022_PS | E43: m³ | F43: =IF(B43="","",MC!D43) -> 0 | G43: 755.99 | H43: =IF(B43="","",TRUNC(G43+(G43*$G$2),2)) -> 938.41 | I43: =F43*G43 -> 0 | J43: =F43*H43 -> 0 | K43: =J43/$H$161 -> 0
A44: 5.1.3 | B44: 92805 | C44: SINAPI | D44: CORTE E DOBRA DE AÇO CA-50, DIÂMETRO DE 16,0 MM. AF_06/2022 | E44: KG | F44: =IF(B44="","",MC!D44) -> 0 | G44: 7.76 | H44: =IF(B44="","",TRUNC(G44+(G44*$G$2),2)) -> 9.63 | I44: =F44*G44 -> 0 | J44: =F44*H44 -> 0 | K44: =J44/$H$161 -> 0
A45: 5.1.4 | B45: 92804 | C45: SINAPI | D45: CORTE E DOBRA DE AÇO CA-50, DIÂMETRO DE 12,5 MM. AF_06/2022 | E45: KG | F45: =IF(B45="","",MC!D45) -> 0 | G45: 7.83 | H45: =IF(B45="","",TRUNC(G45+(G45*$G$2),2)) -> 9.71 | I45: =F45*G45 -> 0 | J45: =F45*H45 -> 0 | K45: =J45/$H$161 -> 0
A46: 5.1.5 | B46: 92803 | C46: SINAPI | D46: CORTE E DOBRA DE AÇO CA-50, DIÂMETRO DE 10,0 MM. AF_06/2022 | E46: KG | F46: =IF(B46="","",MC!D46) -> 0 | G46: 9.15 | H46: =IF(B46="","",TRUNC(G46+(G46*$G$2),2)) -> 11.35 | I46: =F46*G46 -> 0 | J46: =F46*H46 -> 0 | K46: =J46/$H$161 -> 0
A47: 5.1.6 | B47: 92802 | C47: SINAPI | D47: CORTE E DOBRA DE AÇO CA-50, DIÂMETRO DE 8,0 MM. AF_06/2022 | E47: KG | F47: =IF(B47="","",MC!D47) -> 0 | G47: 9.93 | H47: =IF(B47="","",TRUNC(G47+(G47*$G$2),2)) -> 12.32 | I47: =F47*G47 -> 0 | J47: =F47*H47 -> 0 | K47: =J47/$H$161 -> 0
A48: 5.1.7 | B48: 92800 | C48: SINAPI | D48: CORTE E DOBRA DE AÇO CA-60, DIÂMETRO DE 5,0 MM. AF_06/2022 | E48: KG | F48: =IF(B48="","",MC!D48) -> 0 | G48: 9.95 | H48: =IF(B48="","",TRUNC(G48+(G48*$G$2),2)) -> 12.35 | I48: =F48*G48 -> 0 | J48: =F48*H48 -> 0 | K48: =J48/$H$161 -> 0
A49: 5.2 | D49: VIGAS NÍVEL 0,00M | F49: =IF(B49="","",MC!D49) | H49: =IF(B49="","",TRUNC(G49+(G49*$G$2),2)) | I49: =SUM(I50:I55) -> 0 | J49: =SUM(J50:J55) -> 0 | K49: =J49/$H$161 -> 0
A50: 5.2.1 | B50: 92448 | C50: SINAPI | D50: MONTAGEM E DESMONTAGEM DE FÔRMA DE VIGA, ESCORAMENTO COM PONTALETE DE MADEIRA, PÉ-DIREITO SIMPLES, EM MADEIRA SERRADA, 4 UTILIZAÇÕES. AF_09/2020 | E50: m² | F50: =IF(B50="","",MC!D50) -> 0 | G50: 162.79 | H50: =IF(B50="","",TRUNC(G50+(G50*$G$2),2)) -> 202.07 | I50: =F50*G50 -> 0 | J50: =F50*H50 -> 0 | K50: =J50/$H$161 -> 0
A51: 5.2.2 | B51: 94971 | C51: SINAPI | D51: CONCRETO FCK = 25MPA, TRAÇO 1:2,3:2,7 (CIMENTO/ AREIA MÉDIA/ BRITA 1) - PREPARO MECÂNICO COM BETONEIRA 600 L. AF_07/2016 | E51: m³ | F51: =IF(B51="","",MC!D51) -> 0 | G51: 505.48 | H51: =IF(B51="","",TRUNC(G51+(G51*$G$2),2)) -> 627.45 | I51: =F51*G51 -> 0 | J51: =F51*H51 -> 0 | K51: =J51/$H$161 -> 0
A52: 5.2.3 | B52: 92804 | C52: SINAPI | D52: CORTE E DOBRA DE AÇO CA-50, DIÂMETRO DE 12,5 MM. AF_06/2022 | E52: KG | F52: =IF(B52="","",MC!D52) -> 0 | G52: 7.83 | H52: =IF(B52="","",TRUNC(G52+(G52*$G$2),2)) -> 9.71 | I52: =F52*G52 -> 0 | J52: =F52*H52 -> 0 | K52: =J52/$H$161 -> 0
A53: 5.2.4 | B53: 92803 | C53: SINAPI | D53: CORTE E DOBRA DE AÇO CA-50, DIÂMETRO DE 10,0 MM. AF_06/2022 | E53: KG | F53: =IF(B53="","",MC!D53) -> 0 | G53: 9.15 | H53: =IF(B53="","",TRUNC(G53+(G53*$G$2),2)) -> 11.35 | I53: =F53*G53 -> 0 | J53: =F53*H53 -> 0 | K53: =J53/$H$161 -> 0
A54: 5.2.5 | B54: 92802 | C54: SINAPI | D54: CORTE E DOBRA DE AÇO CA-50, DIÂMETRO DE 8,0 MM. AF_06/2022 | E54: KG | F54: =IF(B54="","",MC!D54) -> 0 | G54: 9.93 | H54: =IF(B54="","",TRUNC(G54+(G54*$G$2),2)) -> 12.32 | I54: =F54*G54 -> 0 | J54: =F54*H54 -> 0 | K54: =J54/$H$161 -> 0
A55: 5.2.6 | B55: 92800 | C55: SINAPI | D55: CORTE E DOBRA DE AÇO CA-60, DIÂMETRO DE 5,0 MM. AF_06/2022 | E55: KG | F55: =IF(B55="","",MC!D55) -> 0 | G55: 9.95 | H55: =IF(B55="","",TRUNC(G55+(G55*$G$2),2)) -> 12.35 | I55: =F55*G55 -> 0 | J55: =F55*H55 -> 0 | K55: =J55/$H$161 -> 0
A56: 5.3 | D56: LAJE MACIÇA NÍVEL 0,00M | F56: =IF(B56="","",MC!D56) | H56: =IF(B56="","",TRUNC(G56+(G56*$G$2),2)) | I56: =SUM(I57:I61) -> 0 | J56: =SUM(J57:J61) -> 0 | K56: =J56/$H$161 -> 0
A57: 5.3.1 | B57: 101792 | C57: SINAPI | D57: ESCORAMENTO DE FÔRMAS DE LAJE EM MADEIRA NÃO APARELHADA, PÉ-DIREITO SIMPLES, INCLUSO TRAVAMENTO, 4 UTILIZAÇÕES. AF_09/2020 | E57: m³ | F57: =IF(B57="","",MC!D57) -> 0 | G57: 16.1 | H57: =IF(B57="","",TRUNC(G57+(G57*$G$2),2)) -> 19.98 | I57: =F57*G57 -> 0 | J57: =F57*H57 -> 0 | K57: =J57/$H$161 -> 0
A58: 5.3.2 | B58: 92267 | C58: SINAPI | D58: FABRICAÇÃO DE FÔRMA PARA LAJES, EM CHAPA DE MADEIRA COMPENSADA RESINADA, E = 17 MM. AF_09/2020 | E58: m² | F58: =IF(B58="","",MC!D58) -> 0 | G58: 54.82 | H58: =IF(B58="","",TRUNC(G58+(G58*$G$2),2)) -> 68.04 | I58: =F58*G58 -> 0 | J58: =F58*H58 -> 0 | K58: =J58/$H$161 -> 0
A59: 5.3.3 | B59: 103681 | C59: SINAPI | D59: CONCRETAGEM DE VIGAS E LAJES, FCK=25 MPA, PARA LAJES MACIÇAS OU NERVURADAS COM GRUA DE CAÇAMBA DE 500 L EM EDIFICAÇÃO DE MULTIPAVIMENTOS ATÉ 16 ANDARES - LANÇAMENTO, ADENSAMENTO E ACABAMENTO. AF_02/2022 | E59: m³ | F59: =IF(B59="","",MC!D59) -> 0 | G59: 833.13 | H59: =IF(B59="","",TRUNC(G59+(G59*$G$2),2)) -> 1034.16 | I59: =F59*G59 -> 0 | J59: =F59*H59 -> 0 | K59: =J59/$H$161 -> 0
A60: 5.3.4 | B60: 92801 | C60: SINAPI | D60: CORTE E DOBRA DE AÇO CA-50, DIÂMETRO DE 6,3 MM. AF_06/2022 | E60: KG | F60: =IF(B60="","",MC!D60) -> 0 | G60: 10.01 | H60: =IF(B60="","",TRUNC(G60+(G60*$G$2),2)) -> 12.42 | I60: =F60*G60 -> 0 | J60: =F60*H60 -> 0 | K60: =J60/$H$161 -> 0
A61: 5.3.5 | B61: 92800 | C61: SINAPI | D61: CORTE E DOBRA DE AÇO CA-60, DIÂMETRO DE 5,0 MM. AF_06/2022 | E61: KG | F61: =IF(B61="","",MC!D61) -> 0 | G61: 9.95 | H61: =IF(B61="","",TRUNC(G61+(G61*$G$2),2)) -> 12.35 | I61: =F61*G61 -> 0 | J61: =F61*H61 -> 0 | K61: =J61/$H$161 -> 0
A62: 6 | D62: IMPERMEABILIZAÇÃO | F62: =IF(B62="","",MC!D62) | H62: =IF(B62="","",TRUNC(G62+(G62*$G$2),2)) | I62: =SUM(I63:I64) -> 0 | J62: =SUM(J63:J64) -> 0 | K62: =J62/$H$161 -> 0
A63: 6.1 | B63: 98555 | C63: SINAPI | D63: IMPERMEABILIZAÇÃO DE SUPERFÍCIE COM ARGAMASSA POLIMÉRICA / MEMBRANA ACRÍLICA, 3 DEMÃOS. AF_09/2023 | E63: m² | F63: =IF(B63="","",MC!D63) -> 0 | G63: 29.73 | H63: =IF(B63="","",TRUNC(G63+(G63*$G$2),2)) -> 36.9 | I63: =F63*G63 -> 0 | J63: =F63*H63 -> 0 | K63: =J63/$H$161 -> 0
A64: 6.2 | B64: 98563 | C64: SINAPI | D64: PROTEÇÃO MECÂNICA DE SUPERFÍCIE HORIZONTAL COM ARGAMASSA DE CIMENTO E AREIA, TRAÇO 1:3, E=2CM. AF_09/2023 | E64: m² | F64: =IF(B64="","",MC!D64) -> 0 | G64: 38.41 | H64: =IF(B64="","",TRUNC(G64+(G64*$G$2),2)) -> 47.67 | I64: =F64*G64 -> 0 | J64: =F64*H64 -> 0 | K64: =J64/$H$161 -> 0
A65: 7 | D65: ALVENARIA | F65: =IF(B65="","",MC!D65) | H65: =IF(B65="","",TRUNC(G65+(G65*$G$2),2)) | I65: =I66+I68+I70 -> 17321.707 | J65: =J66+J68+J70 -> 21501.209 | K65: =J65/$H$161 -> 0.021294698
A66: 7.1 | D66: BANCOS | F66: =IF(B66="","",MC!D66) | H66: =IF(B66="","",TRUNC(G66+(G66*$G$2),2)) | I66: =SUM(I67) -> 5654.13 | J66: =SUM(J67) -> 7018.25 | K66: =J66/$H$161 -> 0.0069508424
A67: 7.1.1 | B67: 103324 | C67: SINAPI | D67: ALVENARIA DE VEDAÇÃO DE BLOCOS CERÂMICOS FURADOS NA VERTICAL DE 14X19X39 CM (ESPESSURA 14 CM) E ARGAMASSA DE ASSENTAMENTO COM PREPARO EM BETONEIRA. AF_12/2021 | E67: m² | F67: =IF(B67="","",MC!D67) -> 67,0 | G67: 84.39 | H67: =IF(B67="","",TRUNC(G67+(G67*$G$2),2)) -> 104.75 | I67: =F67*G67 -> 5654.13 | J67: =F67*H67 -> 7018.25 | K67: =J67/$H$161 -> 0.0069508424
A68: 7.2 | D68: CANTEIRO | F68: =IF(B68="","",MC!D68) | H68: =IF(B68="","",TRUNC(G68+(G68*$G$2),2)) | I68: =SUM(I69) -> 11667.577 | J68: =SUM(J69) -> 14482.959 | K68: =J68/$H$161 -> 0.014343856
A69: 7.2.1 | B69: 101159 | C69: SINAPI | D69: ALVENARIA DE VEDAÇÃO DE BLOCOS CERÂMICOS MACIÇOS DE 5X10X20CM (ESPESSURA 10CM) E ARGAMASSA DE ASSENTAMENTO COM PREPARO EM BETONEIRA. AF_05/2020 | E69: m² | F69: =IF(B69="","",MC!D69) -> 81,7 | G69: 142.81 | H69: =IF(B69="","",TRUNC(G69+(G69*$G$2),2)) -> 177.27 | I69: =F69*G69 -> 11667.577 | J69: =F69*H69 -> 14482.959 | K69: =J69/$H$161 -> 0.014343856
A70: 8 | D70: COBERTURA DO DECK | F70: =IF(B70="","",MC!D70) | H70: =IF(B70="","",TRUNC(G70+(G70*$G$2),2)) | I70: =SUM(I71:I75) -> 0 | J70: =SUM(J71:J75) -> 0 | K70: =J70/$H$161 -> 0
A71: 8.1 | B71: 94213 | C71: SINAPI | D71: TELHAMENTO COM TELHA DE AÇO/ALUMÍNIO E = 0,5 MM, COM ATÉ 2 ÁGUAS, INCLUSO IÇAMENTO. AF_07/2019 | E71: m² | F71: =IF(B71="","",MC!D71) -> 0 | G71: 65.76 | H71: =IF(B71="","",TRUNC(G71+(G71*$G$2),2)) -> 81.62 | I71: =F71*G71 -> 0 | J71: =F71*H71 -> 0 | K71: =J71/$H$161 -> 0
A72: 8.2 | B72: 92580 | C72: SINAPI | D72: TRAMA DE AÇO COMPOSTA POR TERÇAS PARA TELHADOS DE ATÉ 2 ÁGUAS PARA TELHA ONDULADA DE FIBROCIMENTO, METÁLICA, PLÁSTICA OU TERMOACÚSTICA, INCLUSO TRANSPORTE VERTICAL, EXCLUSIVE PINTURA. AF_10/2025_PS | E72: m² | F72: =IF(B72="","",MC!D72) -> 0 | G72: 50.37 | H72: =IF(B72="","",TRUNC(G72+(G72*$G$2),2)) -> 62.52 | I72: =F72*G72 -> 0 | J72: =F72*H72 -> 0 | K72: =J72/$H$161 -> 0
A73: 8.3 | B73: 100775 | C73: SINAPI | D73: ESTRUTURA TRELIÇADA DE COBERTURA, TIPO FINK, COM LIGAÇÕES SOLDADAS, INCLUSOS PERFIS METÁLICOS, CHAPAS METÁLICAS, MÃO DE OBRA E TRANSPORTE COM GUINDASTE - FORNECIMENTO E INSTALAÇÃO. AF_01/2020_PSA | E73: KG | F73: =IF(B73="","",MC!D73) -> 0 | G73: 12.67 | H73: =IF(B73="","",TRUNC(G73+(G73*$G$2),2)) -> 15.72 | I73: =F73*G73 -> 0 | J73: =F73*H73 -> 0 | K73: =J73/$H$161 -> 0
A74: 8.4 | B74: 100722 | C74: SINAPI | D74: PINTURA COM TINTA ALQUÍDICA DE FUNDO (TIPO ZARCÃO) APLICADA A ROLO OU PINCEL SOBRE SUPERFÍCIES METÁLICAS (EXCETO PERFIL) EXECUTADO EM OBRA (POR DEMÃO). AF_01/2020 | E74: m² | F74: =IF(B74="","",MC!D74) -> 0 | G74: 25.06 | H74: =IF(B74="","",TRUNC(G74+(G74*$G$2),2)) -> 31.1 | I74: =F74*G74 -> 0 | J74: =F74*H74 -> 0 | K74: =J74/$H$161 -> 0
A75: 8.5 | B75: CPU 020 | C75: Próprio | D75: CHUMBADOR PARA RECEBER OS PILARES METÁLICOS CONFORME DETALHE | E75: UNID | F75: =IF(B75="","",MC!D75) -> 0 | G75: 317.2 | H75: =IF(B75="","",TRUNC(G75+(G75*$G$2),2)) -> 393.74 | I75: =F75*G75 -> 0 | J75: =F75*H75 -> 0 | K75: =J75/$H$161 -> 0
A76: 9 | D76: REVESTIMENTO ALVENARIA | F76: =IF(B76="","",MC!D76) | H76: =IF(B76="","",TRUNC(G76+(G76*$G$2),2)) | I76: =SUM(I77:I78) -> 12107.52 | J76: =SUM(J77:J78) -> 15026.688 | K76: =J76/$H$161 -> 0.014882362
A77: 9.1 | B77: 87889 | C77: SINAPI | D77: CHAPISCO APLICADO EM ALVENARIA (SEM PRESENÇA DE VÃOS) E ESTRUTURAS DE CONCRETO DE FACHADA, COM ROLO PARA TEXTURA ACRÍLICA. ARGAMASSA TRAÇO 1:4 E EMULSÃO POLIMÉRICA (ADESIVO) COM PREPARO EM BETONEIRA 400L. AF_10/2022 | E77: m² | F77: =IF(B77="","",MC!D77) -> 230,4 | G77: 7.83 | H77: =IF(B77="","",TRUNC(G77+(G77*$G$2),2)) -> 9.71 | I77: =F77*G77 -> 1804.032 | J77: =F77*H77 -> 2237.184 | K77: =J77/$H$161 -> 0.0022156967
A78: 9.2 | B78: 87794 | C78: SINAPI | D78: EMBOÇO OU MASSA ÚNICA EM ARGAMASSA TRAÇO 1:2:8, PREPARO MANUAL, APLICADA MANUALMENTE EM PANOS CEGOS DE FACHADA (SEM PRESENÇA DE VÃOS), ESPESSURA DE 25 MM. AF_09/2022 | E78: m² | F78: =IF(B78="","",MC!D78) -> 230,4 | G78: 44.72 | H78: =IF(B78="","",TRUNC(G78+(G78*$G$2),2)) -> 55.51 | I78: =F78*G78 -> 10303.488 | J78: =F78*H78 -> 12789.504 | K78: =J78/$H$161 -> 0.012666666
A79: 10 | D79: PAVIMENTAÇÃO | F79: =IF(B79="","",MC!D79) | H79: =IF(B79="","",TRUNC(G79+(G79*$G$2),2)) | I79: =I80+I87+I93 -> 389141.7 | J79: =J80+J87+J93 -> 482984.6 | K79: =J79/$H$161 -> 0.47834572
A80: 10.1 | D80: CALÇADAS DE CONCRETO | F80: =IF(B80="","",MC!D80) | H80: =IF(B80="","",TRUNC(G80+(G80*$G$2),2)) | I80: =SUM(I81:I86) -> 262490.9 | J80: =SUM(J81:J86) -> 325786.98 | K80: =J80/$H$161 -> 0.32265792
A81: 10.1.1 | B81: 97083 | C81: SINAPI | D81: COMPACTAÇÃO MECÂNICA DE SOLO PARA EXECUÇÃO DE RADIER, PISO DE CONCRETO OU LAJE SOBRE SOLO, COM COMPACTADOR DE SOLOS A PERCUSSÃO. AF_09/2021 | E81: m² | F81: =IF(B81="","",MC!D81) -> 2482.67 | G81: 3.48 | H81: =IF(B81="","",TRUNC(G81+(G81*$G$2),2)) -> 4.31 | I81: =F81*G81 -> 8639.6916 | J81: =F81*H81 -> 10700.308 | K81: =J81/$H$161 -> 0.010597535
A82: 10.1.2 | B82: 95001 | C82: SINAPI | D82: EXECUÇÃO DE PASSEIO (CALÇADA) COM CONCRETO MOLDADO IN LOCO, FEITO EM OBRA, ACABAMENTO ESTAMPADO, ESPESSURA 6 CM, ARMADO. AF_08/2022 | E82: m² | F82: =IF(B82="","",MC!D82) -> 2482.67 | G82: 87.46 | H82: =IF(B82="","",TRUNC(G82+(G82*$G$2),2)) -> 108.56 | I82: =F82*G82 -> 217134.32 | J82: =F82*H82 -> 269518.66 | K82: =J82/$H$161 -> 0.26693003
A83: 10.1.3 | B83: 105002 | C83: SINAPI | D83: RAMPA DE ACESSIBILIDADE EM CONCRETO MOLDADO IN LOCO, EM CALÇADA NOVA COM LARGURA MAIOR OU IGUAL À 3,00 M, FCK 25MPA, COM PISO PODOTÁTIL. AF_03/2024 | E83: UN | F83: =IF(B83="","",MC!D83) -> 12 | G83: 721.46 | H83: =IF(B83="","",TRUNC(G83+(G83*$G$2),2)) -> 895.54 | I83: =F83*G83 -> 8657.52 | J83: =F83*H83 -> 10746.48 | K83: =J83/$H$161 -> 0.010643264
A84: 10.1.4 | B84: 94275 | C84: SINAPI | D84: ASSENTAMENTO DE GUIA (MEIO-FIO) EM TRECHO RETO, CONFECCIONADA EM CONCRETO PRÉ-FABRICADO, DIMENSÕES 100X15X13X20 CM (COMPRIMENTO X BASE INFERIOR X BASE SUPERIOR X ALTURA). AF_01/2024 | E84: M | F84: =IF(B84="","",MC!D84) -> 624.88 | G84: 40.26 | H84: =IF(B84="","",TRUNC(G84+(G84*$G$2),2)) -> 49.97 | I84: =F84*G84 -> 25157.669 | J84: =F84*H84 -> 31225.254 | K84: =J84/$H$161 -> 0.030925347
A85: 10.1.5 | B85: 94276 | C85: SINAPI | D85: ASSENTAMENTO DE GUIA (MEIO-FIO) EM TRECHO CURVO, CONFECCIONADA EM CONCRETO PRÉ-FABRICADO, DIMENSÕES 100X15X13X20 CM (COMPRIMENTO X BASE INFERIOR X BASE SUPERIOR X ALTURA). AF_01/2024 | E85: M | F85: =IF(B85="","",MC!D85) -> 41.17 | G85: 43.14 | H85: =IF(B85="","",TRUNC(G85+(G85*$G$2),2)) -> 53.54 | I85: =F85*G85 -> 1776.0738 | J85: =F85*H85 -> 2204.2418 | K85: =J85/$H$161 -> 0.0021830709
A86: 10.1.6 | B86: 102498 | C86: SINAPI | D86: PINTURA DE MEIO-FIO COM TINTA BRANCA A BASE DE CAL (CAIAÇÃO). AF_05/2021 | E86: M | F86: =IF(B86="","",MC!D86) -> 666.05 | G86: 1.69 | H86: =IF(B86="","",TRUNC(G86+(G86*$G$2),2)) -> 2.09 | I86: =F86*G86 -> 1125.6245 | J86: =F86*H86 -> 1392.0445 | K86: =J86/$H$161 -> 0.0013786745
A87: 10.2 | D87: CALÇADAS PISO PAVER | F87: =IF(B87="","",MC!D87) | H87: =IF(B87="","",TRUNC(G87+(G87*$G$2),2)) | I87: =SUM(I88:I92) -> 126650.8 | J87: =SUM(J88:J92) -> 157197.62 | K87: =J87/$H$161 -> 0.15568779
A88: 10.2.1 | B88: 97083 | C88: SINAPI | D88: COMPACTAÇÃO MECÂNICA DE SOLO PARA EXECUÇÃO DE RADIER, PISO DE CONCRETO OU LAJE SOBRE SOLO, COM COMPACTADOR DE SOLOS A PERCUSSÃO. AF_09/2021 | E88: m² | F88: =IF(B88="","",MC!D88) -> 1.000,81 | G88: 3.48 | H88: =IF(B88="","",TRUNC(G88+(G88*$G$2),2)) -> 4.31 | I88: =F88*G88 -> 3482.8188 | J88: =F88*H88 -> 4313.4911 | K88: =J88/$H$161 -> 0.0042720617
A89: 10.2.2 | B89: 93679 | C89: SINAPI | D89: EXECUÇÃO DE PASSEIO EM PISO INTERTRAVADO, COM BLOCO RETANGULAR COLORIDO DE 20 X 10 CM, ESPESSURA 6 CM. AF_10/2022 | E89: m² | F89: =IF(B89="","",MC!D89) -> 1.000,81 | G89: 113.93 | H89: =IF(B89="","",TRUNC(G89+(G89*$G$2),2)) -> 141.42 | I89: =F89*G89 -> 114022.28 | J89: =F89*H89 -> 141534.55 | K89: =J89/$H$161 -> 0.14017517
A90: 10.2.3 | B90: 94275 | C90: SINAPI | D90: ASSENTAMENTO DE GUIA (MEIO-FIO) EM TRECHO RETO, CONFECCIONADA EM CONCRETO PRÉ-FABRICADO, DIMENSÕES 100X15X13X20 CM (COMPRIMENTO X BASE INFERIOR X BASE SUPERIOR X ALTURA), PARA URBANIZAÇÃO INTERNA DE EMPREENDIMENTOS. AF_06/2016 | E90: M | F90: =IF(B90="","",MC!D90) -> 152,2 | G90: 40.26 | H90: =IF(B90="","",TRUNC(G90+(G90*$G$2),2)) -> 49.97 | I90: =F90*G90 -> 6127.572 | J90: =F90*H90 -> 7605.434 | K90: =J90/$H$161 -> 0.0075323867
A91: 10.2.4 | B91: 94276 | C91: SINAPI | D91: ASSENTAMENTO DE GUIA (MEIO-FIO) EM TRECHO CURVO, CONFECCIONADA EM CONCRETO PRÉ-FABRICADO, DIMENSÕES 100X15X13X20 CM (COMPRIMENTO X BASE INFERIOR X BASE SUPERIOR X ALTURA). AF_01/2024 | E91: M | F91: =IF(B91="","",MC!D91) -> 61,59 | G91: 43.14 | H91: =IF(B91="","",TRUNC(G91+(G91*$G$2),2)) -> 53.54 | I91: =F91*G91 -> 2656.9926 | J91: =F91*H91 -> 3297.5286 | K91: =J91/$H$161 -> 0.0032658571
A92: 10.2.5 | B92: 102498 | C92: SINAPI | D92: PINTURA DE MEIO-FIO COM TINTA BRANCA A BASE DE CAL (CAIAÇÃO). AF_05/2021 | E92: M | F92: =IF(B92="","",MC!D92) -> 213,69 | G92: 1.69 | H92: =IF(B92="","",TRUNC(G92+(G92*$G$2),2)) -> 2.09 | I92: =F92*G92 -> 361.1361 | J92: =F92*H92 -> 446.6121 | K92: =J92/$H$161 -> 0.00044232256
A93: 10.3 | D93: DECK | F93: =IF(B93="","",MC!D93) | H93: =IF(B93="","",TRUNC(G93+(G93*$G$2),2)) | I93: =SUM(I94:I95) -> 0 | J93: =SUM(J94:J95) -> 0 | K93: =J93/$H$161 -> 0
A94: 10.3.1 | B94: 0701000104 | C94: AGESUL | D94: REGULARIZACAO DE SUPERFICIE, COM ARGAMASSA DE CIMENTO E AREIA NO TRACO 1:3, ESPESSURA 3 CM | E94: m² | F94: =IF(B94="","",MC!D94) -> 0 | G94: 42.19 | H94: =IF(B94="","",TRUNC(G94+(G94*$G$2),2)) -> 52.37 | I94: =F94*G94 -> 0 | J94: =F94*H94 -> 0 | K94: =J94/$H$161 -> 0
A95: 10.3.2 | B95: 105090 | C95: SINAPI | D95: DECK DE MADEIRA, SOBRE VIGOTAS DE MADEIRA SEÇÃO 7,5 X 15 CM. AF_03/2024 | E95: m² | F95: =IF(B95="","",MC!D95) -> 0 | G95: 562.81 | H95: =IF(B95="","",TRUNC(G95+(G95*$G$2),2)) -> 698.61 | I95: =F95*G95 -> 0 | J95: =F95*H95 -> 0 | K95: =J95/$H$161 -> 0
A96: 11 | D96: PINTURA | F96: =IF(B96="","",MC!D96) | H96: =IF(B96="","",TRUNC(G96+(G96*$G$2),2)) | I96: =I97+I100+I103 -> 15849.984 | J96: =J97+J100+J103 -> 19668.96 | K96: =J96/$H$161 -> 0.019480047
A97: 11.1 | D97: CANTEIROS E BANCOS | F97: =IF(B97="","",MC!D97) | H97: =IF(B97="","",TRUNC(G97+(G97*$G$2),2)) | I97: =SUM(I98:I99) -> 7593.984 | J97: =SUM(J98:J99) -> 9423.36 | K97: =J97/$H$161 -> 0.0093328523
A98: 11.1.1 | B98: 88497 | C98: SINAPI | D98: EMASSAMENTO COM MASSA LÁTEX, APLICAÇÃO EM PAREDE, DUAS DEMÃOS, LIXAMENTO MANUAL. AF_04/2023 | E98: m² | F98: =IF(B98="","",MC!D98) -> 230,4 | G98: 19.63 | H98: =IF(B98="","",TRUNC(G98+(G98*$G$2),2)) -> 24.36 | I98: =F98*G98 -> 4522.752 | J98: =F98*H98 -> 5612.544 | K98: =J98/$H$161 -> 0.0055586377
A99: 11.1.2 | B99: 88489 | C99: SINAPI | D99: APLICAÇÃO MANUAL DE PINTURA COM TINTA LÁTEX ACRÍLICA EM PAREDES, DUAS DEMÃOS. AF_06/2014 | E99: m² | F99: =IF(B99="","",MC!D99) -> 230,4 | G99: 13.33 | H99: =IF(B99="","",TRUNC(G99+(G99*$G$2),2)) -> 16.54 | I99: =F99*G99 -> 3071.232 | J99: =F99*H99 -> 3810.816 | K99: =J99/$H$161 -> 0.0037742146
A100: 11.2 | D100: PERGOLADOS | F100: =IF(B100="","",MC!D100) | H100: =IF(B100="","",TRUNC(G100+(G100*$G$2),2)) | I100: =SUM(I101:I102) -> 8256 | J100: =SUM(J101:J102) -> 10245.6 | K100: =J100/$H$161 -> 0.010147195
...

Sheet BDI
A1: PREFEITURA MUNICIPAL DE BATAYPORÃ | R1: MIN | S1: MED | T1: MAX
A2: SECRETARIA MUNICIPAL DE OBRAS E INFRAESTRUTURA | N2: Construção e Reforma de Edifícios | O2: AC | P2: =CONCATENATE(N2,"-",O2) -> Construção e Reforma de Edifícios-AC | R2: 0.03 | S2: 0.04 | T2: 0.055
A3: QUADRO DE COMPOSIÇÃO DE BDI 1 | N3: =N2 -> Construção e Reforma de Edifícios | O3: SG | P3: =CONCATENATE(N3,"-",O3) -> Construção e Reforma de Edifícios-SG | R3: 0.008 | S3: 0.008 | T3: 0.01
A4: OBRA | B4: =OS!D2 -> REVITALIZAÇÃO LAGOA DO SAPO (ETAPA 1) | N4: =N3 -> Construção e Reforma de Edifícios | O4: R | P4: =CONCATENATE(N4,"-",O4) -> Construção e Reforma de Edifícios-R | R4: 0.0097 | S4: 0.0127 | T4: 0.0127
A5: ENDEREÇO | B5: ='[1]PO D-ND'!B5 -> Rua Iguassu | E5: BAIRRO | F5: VILA MARIA GONÇALVES | G5: MUNICIPIO | H5: BATAYPORÃ/MS | N5: =N4 -> Construção e Reforma de Edifícios | O5: DF | P5: =CONCATENATE(N5,"-",O5) -> Construção e Reforma de Edifícios-DF | R5: 0.0059 | S5: 0.0123 | T5: 0.0139
N6: =N5 -> Construção e Reforma de Edifícios | O6: L | P6: =CONCATENATE(N6,"-",O6) -> Construção e Reforma de Edifícios-L | R6: 0.0616 | S6: 0.074 | T6: 0.0896
A7: TIPO DE OBRA | B7: Construção de Praças Urbanas, Rodovias, Ferrovias e recapeamento e pavimentação de vias urbanas | G7: DESONERAÇÃO | H7: Não | N7: =N6 -> Construção e Reforma de Edifícios | O7: BDI PAD | P7: =CONCATENATE(N7,"-",O7) -> Construção e Reforma de Edifícios-BDI PAD | R7: 0.2034 | S7: 0.2212 | T7: 0.25
A8: Conforme legislação tributária municipal, definir estimativa de percentual da base de cálculo para o ISS: | H8: 1 | N8: Construção de Praças Urbanas, Rodovias, Ferrovias e recapeamento e pavimentação de vias urbanas | O8: AC | P8: =CONCATENATE(N8,"-",O8) -> Construção de Praças Urbanas, Rodovias, Ferrovias e recapeamento e pavimentação de vias urbanas-AC | R8: 0.038 | S8: 0.0401 | T8: 0.0467
A9: Sobre a base de cálculo, definir a respectiva alíquota do ISS (entre 2% e 5%): | H9: 0.03 | N9: Construção de Praças Urbanas, Rodovias, Ferrovias e recapeamento e pavimentação de vias urbanas | O9: SG | P9: =CONCATENATE(N9,"-",O9) -> Construção de Praças Urbanas, Rodovias, Ferrovias e recapeamento e pavimentação de vias urbanas-SG | R9: 0.0032 | S9: 0.004 | T9: 0.0074
N10: Construção de Praças Urbanas, Rodovias, Ferrovias e recapeamento e pavimentação de vias urbanas | O10: R | P10: =CONCATENATE(N10,"-",O10) -> Construção de Praças Urbanas, Rodovias, Ferrovias e recapeamento e pavimentação de vias urbanas-R | R10: 0.005 | S10: 0.0056 | T10: 0.0097
A11: ITENS | C11: SIGLAS | D11: % ADOTADO | E11: Situação | F11: 1º Quartil | G11: Médio | H11: 3º Quartil | J11: =IF(L21,"Para BDI fora do intervalo estatístico, deve ser apresentado Relatório Técnico Circunstanciado justificando a adoção do percentual de cada parcela do BDI.","") | N11: Construção de Praças Urbanas, Rodovias, Ferrovias e recapeamento e pavimentação de vias urbanas | O11: DF | P11: =CONCATENATE(N11,"-",O11) -> Construção de Praças Urbanas, Rodovias, Ferrovias e recapeamento e pavimentação de vias urbanas-DF | R11: 0.0102 | S11: 0.0111 | T11: 0.0121
A12: =IF($B$7=$N$59,"Encargos Sociais incidentes sobre a mão de obra","Administração Central") -> Administração Central | C12: =IF($B$7=$N$59,"K1","AC") -> AC | D12: 0.04 | E12: =IF(AND(D12>=F12, D12<=H12), "OK", "Não OK") -> OK | F12: =VLOOKUP(CONCATENATE(B$7,"-",C12),$P$2:$T$49,3,FALSE) -> 0.038 | G12: =VLOOKUP(CONCATENATE(B$7,"-",C12),$P$2:$T$49,4,FALSE) -> 0.0401 | H12: =VLOOKUP(CONCATENATE(B$7,"-",C12),$P$2:$T$49,5,FALSE) -> 0.0467 | N12: Construção de Praças Urbanas, Rodovias, Ferrovias e recapeamento e pavimentação de vias urbanas | O12: L | P12: =CONCATENATE(N12,"-",O12) -> Construção de Praças Urbanas, Rodovias, Ferrovias e recapeamento e pavimentação de vias urbanas-L | R12: 0.0664 | S12: 0.073 | T12: 0.0869
A13: =IF($B$7=$N$59,"Administração Central da empresa ou consultoria - overhead","Seguro e Garantia") -> Seguro e Garantia | C13: =IF($B$7=$A$55,"K2","SG") -> SG | D13: 0.004 | E13: =IF(AND(D13>=F13, D13<=H13), "OK", "Não OK") -> OK | F13: =VLOOKUP(CONCATENATE(B$7,"-",C13),$P$2:$T$49,3,FALSE) -> 0.0032 | G13: =VLOOKUP(CONCATENATE(B$7,"-",C13),$P$2:$T$49,4,FALSE) -> 0.004 | H13: =VLOOKUP(CONCATENATE(B$7,"-",C13),$P$2:$T$49,5,FALSE) -> 0.0074 | N13: Construção de Praças Urbanas, Rodovias, Ferrovias e recapeamento e pavimentação de vias urbanas | O13: BDI PAD | P13: =CONCATENATE(N13,"-",O13) -> Construção de Praças Urbanas, Rodovias, Ferrovias e recapeamento e pavimentação de vias urbanas-BDI PAD | R13: 0.196 | S13: 0.2097 | T13: 0.2423
A14: =IF($B$7=$N$59,"","Risco") -> Risco | C14: =IF($B$7=$N$59,"","R") -> R | D14: 0.0094 | E14: =IF(AND(D14>=F14, D14<=H14), "OK", "Não OK") -> OK | F14: =VLOOKUP(CONCATENATE(B$7,"-",C14),$P$2:$T$49,3,FALSE) -> 0.005 | G14: =VLOOKUP(CONCATENATE(B$7,"-",C14),$P$2:$T$49,4,FALSE) -> 0.0056 | H14: =VLOOKUP(CONCATENATE(B$7,"-",C14),$P$2:$T$49,5,FALSE) -> 0.0097 | N14: Construção de Redes de Abastecimento de Água, Coleta de Esgoto | O14: AC | P14: =CONCATENATE(N14,"-",O14) -> Construção de Redes de Abastecimento de Água, Coleta de Esgoto-AC | R14: 0.0343 | S14: 0.0493 | T14: 0.0671
A15: =IF($B$7=$N$59,"","Despesas Financeiras") -> Despesas Financeiras | C15: =IF($B$7=$N$59,"","DF") -> DF | D15: 0.0121 | E15: =IF(AND(D15>=F15, D15<=H15), "OK", "Não OK") -> OK | F15: =VLOOKUP(CONCATENATE(B$7,"-",C15),$P$2:$T$49,3,FALSE) -> 0.0102 | G15: =VLOOKUP(CONCATENATE(B$7,"-",C15),$P$2:$T$49,4,FALSE) -> 0.0111 | H15: =VLOOKUP(CONCATENATE(B$7,"-",C15),$P$2:$T$49,5,FALSE) -> 0.0121 | N15: =N14 -> Construção de Redes de Abastecimento de Água, Coleta de Esgoto | O15: SG | P15: =CONCATENATE(N15,"-",O15) -> Construção de Redes de Abastecimento de Água, Coleta de Esgoto-SG | R15: 0.0028 | S15: 0.0049 | T15: 0.0075
A16: =IF($B$7=$N$59,"Margem bruta da empresa de consultoria","Lucro") -> Lucro | C16: =IF($B$7=$N$59,"K3","L") -> L | D16: 0.0869 | E16: =IF(AND(D16>=F16, D16<=H16), "OK", "Não OK") -> OK | F16: =VLOOKUP(CONCATENATE(B$7,"-",C16),$P$2:$T$49,3,FALSE) -> 0.0664 | G16: =VLOOKUP(CONCATENATE(B$7,"-",C16),$P$2:$T$49,4,FALSE) -> 0.073 | H16: =VLOOKUP(CONCATENATE(B$7,"-",C16),$P$2:$T$49,5,FALSE) -> 0.0869
A17: Tributos (impostos COFINS 3% e PIS 0,65%) | C17: CP | D17: 0.0365 | E17: =IF(AND(D17>=F17, D17<=H17), "OK", "Não OK") -> OK | F17: 0.0365 | G17: 0.0365 | H17: 0.0365 | N17: =N15 -> Construção de Redes de Abastecimento de Água, Coleta de Esgoto | O17: R | P17: =CONCATENATE(N17,"-",O17) -> Construção de Redes de Abastecimento de Água, Coleta de Esgoto-R | R17: 0.01 | S17: 0.0139 | T17: 0.0174
A18: Tributos (ISS) | C18: ISS | D18: 0.03 | E18: =IF(AND(D18>=F18, D18<=H18), "OK", "Não OK") -> OK | F18: 0 | G18: 0.025 | H18: 0.05 | N18: =N17 -> Construção de Redes de Abastecimento de Água, Coleta de Esgoto | O18: DF | P18: =CONCATENATE(N18,"-",O18) -> Construção de Redes de Abastecimento de Água, Coleta de Esgoto-DF | R18: 0.0094 | S18: 0.0099 | T18: 0.0117
A19: Tributos (Contribuição Previdenciaria sobre Receita Bruta -0% ou 4,5% - Desoneração) | C19: CPRB | D19: 0.045 | E19: =IF(AND(D19>=F19, D19<=H19), "OK", "Não OK") -> OK | F19: 0 | G19: 0.045 | H19: 0.045 | N19: =N18 -> Construção de Redes de Abastecimento de Água, Coleta de Esgoto | O19: L | P19: =CONCATENATE(N19,"-",O19) -> Construção de Redes de Abastecimento de Água, Coleta de Esgoto-L | R19: 0.0674 | S19: 0.0804 | T19: 0.094
A20: BDI SEM desoneração (Formula Acordão TCU) | C20: BDI PAD | D20: =IF($B$7=$A$54,0,ROUND((((1+D12+D13+D14)*(1+D15)*(1+D16)/(1-(D17+D18)))-1),4)) -> 0.2413 | E20: =IF(OR($I$11=$A$59,$I$11=$A$58,AND(D20>=F20, D20<=H20)), "OK", "FORA DO INTERVALO") -> OK | F20: =IF($B$7=$N$58,0,VLOOKUP(CONCATENATE($B$7,"-",$C20),$P$2:$T$49,3,FALSE)) -> 0.196 | G20: =IF($B$7=$N$58,0,VLOOKUP(CONCATENATE($B$7,"-",$C20),$P$2:$T$49,4,FALSE)) -> 0.2097 | H20: =IF($B$7=$N$58,0,VLOOKUP(CONCATENATE($B$7,"-",$C20),$P$2:$T$49,5,FALSE)) -> 0.2423 | N20: =N19 -> Construção de Redes de Abastecimento de Água, Coleta de Esgoto | O20: BDI PAD | P20: =CONCATENATE(N20,"-",O20) -> Construção de Redes de Abastecimento de Água, Coleta de Esgoto-BDI PAD | R20: 0.2076 | S20: 0.2418 | T20: 0.2644
A21: BDI COM desoneração | C21: BDI DES | D21: =IF($B$7=$A$54,0,ROUND((((1+D12+D13+D14)*(1+D15)*(1+D16)/(1-(D17+D18+D19)))-1),4)) -> 0.3042 | E21: =IF(H7<>"Sim","",E20) | L21: =AND(COUNTA(D12:D17)=6,E20<>"ok",NOT(L23)) -> FALSE | M21: pedir anexo | N21: Construção e Manutenção de Estações e Redes de Distribuição de Energia Elétrica | O21: AC | P21: =CONCATENATE(N21,"-",O21) -> Construção e Manutenção de Estações e Redes de Distribuição de Energia Elétrica-AC | R21: 0.0529 | S21: 0.0592 | T21: 0.0793
N22: =N21 -> Construção e Manutenção de Estações e Redes de Distribuição de Energia Elétrica | O22: SG | P22: =CONCATENATE(N22,"-",O22) -> Construção e Manutenção de Estações e Redes de Distribuição de Energia Elétrica-SG | R22: 0.0025 | S22: 0.0051 | T22: 0.0056
A23: =IF(L23,"X","") | C23: Anexo: Relatório Técnico Circunstanciado justificando a adoção do percentual de cada parcela do BDI. | L23: FALSE | M23: anexo apresentado | N23: =N22 -> Construção e Manutenção de Estações e Redes de Distribuição de Energia Elétrica | O23: R | P23: =CONCATENATE(N23,"-",O23) -> Construção e Manutenção de Estações e Redes de Distribuição de Energia Elétrica-R | R23: 0.01 | S23: 0.0148 | T23: 0.0197
N24: =N23 -> Construção e Manutenção de Estações e Redes de Distribuição de Energia Elétrica | O24: DF | P24: =CONCATENATE(N24,"-",O24) -> Construção e Manutenção de Estações e Redes de Distribuição de Energia Elétrica-DF | R24: 0.0101 | S24: 0.0107 | T24: 0.0111
A25: Os valores de BDI foram calculados com o emprego da fórmula: | N25: =N24 -> Construção e Manutenção de Estações e Redes de Distribuição de Energia Elétrica | O25: L | P25: =CONCATENATE(N25,"-",O25) -> Construção e Manutenção de Estações e Redes de Distribuição de Energia Elétrica-L | R25: 0.08 | S25: 0.0831 | T25: 0.0951
B26: =IF(H7="Sim","BDI.DES =","BDI.PAD =") -> BDI.PAD = | C26: =IF($B$7=$N$59,"(1+K1+K2)*(1+K3)","(1+AC + S + R + G)*(1 + DF)*(1+L)") -> (1+AC + S + R + G)*(1 + DF)*(1+L) | G26: - 1 | N26: =N25 -> Construção e Manutenção de Estações e Redes de Distribuição de Energia Elétrica | O26: BDI PAD | P26: =CONCATENATE(N26,"-",O26) -> Construção e Manutenção de Estações e Redes de Distribuição de Energia Elétrica-BDI PAD | R26: 0.24 | S26: 0.2584 | T26: 0.2786
C27: =IF(H7="Sim","(1-CP-ISS-CRPB)","(1-CP-ISS)") -> (1-CP-ISS) | N27: Obras Portuárias, Marítimas e Fluviais | O27: AC | P27: =CONCATENATE(N27,"-",O27) -> Obras Portuárias, Marítimas e Fluviais-AC | R27: 0.04 | S27: 0.0552 | T27: 0.0785
N28: =N27 -> Obras Portuárias, Marítimas e Fluviais | O28: SG | P28: =CONCATENATE(N28,"-",O28) -> Obras Portuárias, Marítimas e Fluviais-SG | R28: 0.0081 | S28: 0.0122 | T28: 0.0199
A29: =CONCATENATE("Declaro para os devidos fins que, conforme legislação tributária municipal, a base de cálculo para ",B7,", é de ",H8*100,"%, com a respectiva alíquota de ",H9*100,"%.") -> Declaro para os devidos fins que, conforme legislação tributária municipal, a base de cálculo para Construção de Praças Urbanas, Rodovias, Ferrovias e recapeamento e pavimentação de vias urbanas, é de 100%, com a respectiva alíquota de 3%. | N29: =N28 -> Obras Portuárias, Marítimas e Fluviais | O29: R | P29: =CONCATENATE(N29,"-",O29) -> Obras Portuárias, Marítimas e Fluviais-R | R29: 0.0146 | S29: 0.0232 | T29: 0.0316
A31: =CONCATENATE("Declaro para os devidos fins que o regime de Contribuição Previdenciária sobre a Receita Bruta adotado para elaboração do orçamento foi ",IF(H7="Sim","COM","SEM")," Desoneração, e que esta é a alternativa mais adequada para a Administração Pública.") -> Declaro para os devidos fins que o regime de Contribuição Previdenciária sobre a Receita Bruta adotado para elaboração do orçamento foi SEM Desoneração, e que esta é a alternativa mais adequada para a Administração Pública.
N32: =N29 -> Obras Portuárias, Marítimas e Fluviais | O32: DF | P32: =CONCATENATE(N32,"-",O32) -> Obras Portuárias, Marítimas e Fluviais-DF | R32: 0.0094 | S32: 0.0102 | T32: 0.0133
A33: Batayporã/MS, 05 de março de 2026 | N33: =N32 -> Obras Portuárias, Marítimas e Fluviais | O33: L | P33: =CONCATENATE(N33,"-",O33) -> Obras Portuárias, Marítimas e Fluviais-L | R33: 0.0714 | S33: 0.084 | T33: 0.1043
N34: =N33 -> Obras Portuárias, Marítimas e Fluviais | O34: BDI PAD | P34: =CONCATENATE(N34,"-",O34) -> Obras Portuárias, Marítimas e Fluviais-BDI PAD | R34: 0.228 | S34: 0.2748 | T34: 0.3095
E38: GABRIEL JORGE S. BARBOSA | N38: Fornecimento de Materiais e Equipamentos (aquisição indireta - em conjunto com licitação de obras) | O38: AC | P38: =CONCATENATE(N38,"-",O38) -> Fornecimento de Materiais e Equipamentos (aquisição indireta - em conjunto com licitação de obras)-AC | R38: 0.015 | S38: 0.0345 | T38: 0.0449
E39: ENGENHEIRO CIVIL | N39: =N38 -> Fornecimento de Materiais e Equipamentos (aquisição indireta - em conjunto com licitação de obras) | O39: SG | P39: =CONCATENATE(N39,"-",O39) -> Fornecimento de Materiais e Equipamentos (aquisição indireta - em conjunto com licitação de obras)-SG | R39: 0.003 | S39: 0.0048 | T39: 0.0082
E40: CREA: 18082/D - MS | N40: =N39 -> Fornecimento de Materiais e Equipamentos (aquisição indireta - em conjunto com licitação de obras) | O40: R | P40: =CONCATENATE(N40,"-",O40) -> Fornecimento de Materiais e Equipamentos (aquisição indireta - em conjunto com licitação de obras)-R | R40: 0.0056 | S40: 0.0085 | T40: 0.0089
N41: =N40 -> Fornecimento de Materiais e Equipamentos (aquisição indireta - em conjunto com licitação de obras) | O41: DF | P41: =CONCATENATE(N41,"-",O41) -> Fornecimento de Materiais e Equipamentos (aquisição indireta - em conjunto com licitação de obras)-DF | R41: 0.0085 | S41: 0.0085 | T41: 0.0111
N42: =N41 -> Fornecimento de Materiais e Equipamentos (aquisição indireta - em conjunto com licitação de obras) | O42: L | P42: =CONCATENATE(N42,"-",O42) -> Fornecimento de Materiais e Equipamentos (aquisição indireta - em conjunto com licitação de obras)-L | R42: 0.035 | S42: 0.0511 | T42: 0.0622
N43: =N42 -> Fornecimento de Materiais e Equipamentos (aquisição indireta - em conjunto com licitação de obras) | O43: BDI PAD | P43: =CONCATENATE(N43,"-",O43) -> Fornecimento de Materiais e Equipamentos (aquisição indireta - em conjunto com licitação de obras)-BDI PAD | R43: 0.111 | S43: 0.1402 | T43: 0.168
N44: Estudos e Projetos, Planos e Gerenciamento e outros correlatos | O44: K1 | P44: =CONCATENATE(N44,"-",O44) -> Estudos e Projetos, Planos e Gerenciamento e outros correlatos-K1 | R44: - | S44: - | T44: -
N45: =N44 -> Estudos e Projetos, Planos e Gerenciamento e outros correlatos | O45: K2 | P45: =CONCATENATE(N45,"-",O45) -> Estudos e Projetos, Planos e Gerenciamento e outros correlatos-K2 | R45: - | S45: 0.2 | T45: -
N46: =N45 -> Estudos e Projetos, Planos e Gerenciamento e outros correlatos | P46: =CONCATENATE(N46,"-",O46) -> Estudos e Projetos, Planos e Gerenciamento e outros correlatos- | R46: - | S46: - | T46: -
A47: BDI COM desoneração | N47: =N46 -> Estudos e Projetos, Planos e Gerenciamento e outros correlatos | P47: =CONCATENATE(N47,"-",O47) -> Estudos e Projetos, Planos e Gerenciamento e outros correlatos- | R47: - | S47: - | T47: -
N48: =N47 -> Estudos e Projetos, Planos e Gerenciamento e outros correlatos | O48: K3 | P48: =CONCATENATE(N48,"-",O48) -> Estudos e Projetos, Planos e Gerenciamento e outros correlatos-K3 | R48: - | S48: 0.12 | T48: -
A49: BDI PAD | B49: =IF($I$11=$A$59,0,ROUND((((1+B41+B42+B43)*(1+B44)*(1+B45)/(1-(B46+B47)))-1),4)) -> 0 | N49: =N48 -> Estudos e Projetos, Planos e Gerenciamento e outros correlatos | O49: BDI PAD | P49: =CONCATENATE(N49,"-",O49) -> Estudos e Projetos, Planos e Gerenciamento e outros correlatos-BDI PAD | R49: - | S49: - | T49: -
N52: Construção e Reforma de Edifícios
N53: Construção de Praças Urbanas, Rodovias, Ferrovias e recapeamento e pavimentação de vias urbanas
A54: =IF(C39<>"Sim","",A53) | N54: Construção de Redes de Abastecimento de Água, Coleta de Esgoto
N55: Construção e Manutenção de Estações e Redes de Distribuição de Energia Elétrica
N56: Obras Portuárias, Marítimas e Fluviais
N57: Fornecimento de Materiais e Equipamentos (aquisição indireta - em conjunto com licitação de obras)
N58: Fornecimento de Materiais e Equipamentos (aquisição direta)
N59: Estudos e Projetos, Planos e Gerenciamento e outros correlatos
